Workbook
Name page2: '2026 - 5311'!$A$140
Name page3: '2026 - 5311'!$A$204
Name page4: '2026 - 5311'!$A$238
Name page5: '2026 - 5311'!$A$269

Sheet INSTRUCTIONS
B2: INSTRUCTIONS
A4: 1 | B4: Prior to completing this spreadsheet, complete the SURVEY identifing your agency needs for the next 5 years.
A5: 2 | B5: Prior to completing this spreadsheet, go to the NDOT portal and review, and have at hand, your most recent monthly expenses for operating and non-operating. This will be handy when completing this spreadsheet. (see sample below)
A6: 3 | B6: Complete the benefits and salary tab for your local agency expenses for wages and taxes and benefits
A7: 4 | B7: TAB 2026 is for all projected expenses and revenues to be incurred for FY2026-2027, operating and non-operating (*Account for a 3% Inflation Rate)
A8: 5 | B8: TAB 2027 is for all projected expenses and revenues to be incurred for FY2026-2027, operating and non-operating (*Account for an additional 3% Inflation Rate on FY2026 Budget)
A9: 6 | B9: TAB 2028 is for all projected expenses and revenues to be incurred for FY2026-2027, operating and non-operating
A10: 7 | B10: TAB 2029 is for all projected expenses and revenues to be incurred for FY2026-2027, operating and non-operating
A11: 8 | B11: TAB 2030 is for all projected expenses and revenues to be incurred for FY2026-2027, operating and non-operating
A12: 9 | B12: TAB Fleet List - for agency use for planning of expansion and replacement vehicles

Sheet 2026 - 5311
A1: Master Budget ~ FY2026 | C1: FY 2026 | F1: July | G1: Aug. | H1: Sept. | I1: Oct. | J1: Nov. | K1: Dec. | L1: Jan. | M1: Feb. | N1: Mar. | O1: Apr. | P1: May | Q1: June | R1: YTD | T1: 5311 Grant
C2: Budget
A3: Budget Items | C3: Annual | D3: Monthly | F3: Expenses | G3: Expenses | H3: Expenses | I3: Expenses | J3: Expenses | K3: Expenses | L3: Expenses | M3: Expenses | N3: Expenses | O3: Expenses | P3: Expenses | Q3: Expenses | R3: Total | T3: FY 2026
A4: NON-OPERATING SERVICES - 3A, 3B, & 3C (80% Federal Funded: 10% State Funded)
B5: Quantity
A6: Transit Manager | C6: 0 | D6: =C6/12 -> 0 | F6: =$D$6 -> 0 | G6: =$D$6 -> 0 | H6: =$D$6 -> 0 | I6: =$D$6 -> 0 | J6: =$D$6 -> 0 | K6: =$D$6 -> 0 | L6: =$D$6 -> 0 | M6: =$D$6 -> 0 | ... Q6: =$D$6 -> 0 | R6: =SUM(F6:Q6) -> 0 | T6: =R6 -> 0
A7: Salary Taxes | C7: =C6*'Benefits and Salary Taxes'!D7 -> 0 | D7: =C7/12 -> 0 | F7: =+D7 -> 0 | G7: =+$D7 -> 0 | H7: =+$D7 -> 0 | I7: =+$D7 -> 0 | J7: =+$D7 -> 0 | K7: =+$D7 -> 0 | L7: =+$D7 -> 0 | M7: =+$D7 -> 0 | N7: =+$D7 -> 0 | ... P7: =+$D7 -> 0 | Q7: =+D7 -> 0 | R7: =SUM(F7:Q7) -> 0 | T7: =R7 -> 0
A8: Fringe Benefits (Health, 403(b), 401k) | C8: =+'Benefits and Salary Taxes'!E16*12 -> 0 | D8: =C8/12 -> 0 | F8: =$D$8 -> 0 | G8: =$D$8 -> 0 | H8: =$D$8 -> 0 | I8: =$D$8 -> 0 | J8: =$D$8 -> 0 | K8: =$D$8 -> 0 | L8: =$D$8 -> 0 | M8: =$D$8 -> 0 | ... Q8: =$D$8 -> 0 | R8: =SUM(F8:Q8) -> 0 | T8: =R8 -> 0
A9: Operations Manager | C9: 0 | D9: =C9/12 -> 0 | F9: =+$D$9 -> 0 | G9: =+$D$9 -> 0 | H9: =+$D$9 -> 0 | I9: =+$D$9 -> 0 | J9: =+$D$9 -> 0 | K9: =+$D$9 -> 0 | L9: =+$D$9 -> 0 | M9: =+$D$9 -> 0 | ... P9: =+$D$9 -> 0 | Q9: =$D$9 -> 0 | R9: =SUM(F9:Q9) -> 0 | T9: =R9 -> 0 | V9: =+C9 -> 0
A10: Salary Taxes | C10: =+C9*'Benefits and Salary Taxes'!D7 -> 0 | D10: =C10/12 -> 0 | F10: =+$D$10 -> 0 | G10: =+$D$10 -> 0 | H10: =+$D$10 -> 0 | I10: =+$D$10 -> 0 | J10: =+$D$10 -> 0 | K10: =+$D$10 -> 0 | L10: =+$D$10 -> 0 | M10: =+$D$10 -> 0 | ... P10: =+$D$10 -> 0 | Q10: =$D$10 -> 0 | R10: =SUM(F10:Q10) -> 0 | T10: =R10 -> 0 | V10: =+C10 -> 0
A11: Fringe Benefits (Health, 403(b), 401k) | C11: 0 | D11: =C11/12 -> 0 | F11: =+D11 -> 0 | G11: =+$D11 -> 0 | H11: =+$D11 -> 0 | I11: =+$D11 -> 0 | J11: =+$D11 -> 0 | K11: =+$D11 -> 0 | L11: =+$D11 -> 0 | M11: =+$D11 -> 0 | N11: =+$D11 -> 0 | ... P11: =+$D11 -> 0 | Q11: =$D$11 -> 0 | R11: =SUM(F11:Q11) -> 0 | T11: =R11 -> 0 | V11: =+C11 -> 0
A12: Transit Director | D12: =C12/12 -> 0 | Q12: =+D12 -> 0 | R12: =SUM(F12:Q12) -> 0 | T12: =+R12 -> 0
A13: Salary Taxes | D13: =C13/12 -> 0 | Q13: =+D13 -> 0 | R13: =SUM(F13:Q13) -> 0 | T13: =+R13 -> 0
A15: Administrative | C15: 0 | D15: =C15/12 -> 0 | F15: =+D15 -> 0 | G15: =+$D15 -> 0 | H15: =+$D15 -> 0 | I15: =+$D15 -> 0 | J15: =+$D15 -> 0 | K15: =+$D15 -> 0 | L15: =+$D15 -> 0 | M15: =+$D15 -> 0 | N15: =+$D15 -> 0 | ... P15: =+$D15 -> 0 | Q15: =$D$15 -> 0 | R15: =SUM(F15:Q15) -> 0 | T15: =R15 -> 0 | V15: =+C15 -> 0
A16: Salary Taxes | C16: =+C15*'Benefits and Salary Taxes'!D7 -> 0 | D16: =C16/12 -> 0 | F16: =+D16 -> 0 | G16: =+$D16 -> 0 | H16: =+$D16 -> 0 | I16: =+$D16 -> 0 | J16: =+$D16 -> 0 | K16: =+$D16 -> 0 | L16: =+$D16 -> 0 | M16: =+$D16 -> 0 | N16: =+$D16 -> 0 | ... P16: =+$D16 -> 0 | Q16: =+D16 -> 0 | R16: =SUM(F16:Q16) -> 0 | T16: =R16 -> 0 | V16: =+C16 -> 0
A17: Fringe Benefits (Health, 403(b), 401k) | C17: 0 | D17: =C17/12 -> 0 | F17: =+D17 -> 0 | G17: =+$D17 -> 0 | H17: =+$D17 -> 0 | I17: =+$D17 -> 0 | J17: =+$D17 -> 0 | K17: =+$D17 -> 0 | L17: =+$D17 -> 0 | M17: =+$D17 -> 0 | N17: =+$D17 -> 0 | ... P17: =+$D17 -> 0 | Q17: =$D$17 -> 0 | R17: =SUM(F17:Q17) -> 0 | T17: =R17 -> 0 | V17: =+C17 -> 0
A18: Marketing/Planning Staff | C18: 0 | D18: =C18/12 -> 0 | F18: =+D18 -> 0 | G18: =+$D18 -> 0 | H18: =+$D18 -> 0 | I18: =+$D18 -> 0 | J18: =+$D18 -> 0 | K18: =+$D18 -> 0 | L18: =+$D18 -> 0 | M18: =+$D18 -> 0 | N18: =+$D18 -> 0 | ... Q18: =+$D18 -> 0 | R18: =SUM(F18:Q18) -> 0 | T18: =R18 -> 0
A19: Salary Taxes | C19: =C18*'Benefits and Salary Taxes'!D7 -> 0 | D19: =C19/12 -> 0 | F19: =+D19 -> 0 | G19: =+$D19 -> 0 | H19: =+$D19 -> 0 | I19: =+$D19 -> 0 | J19: =+$D19 -> 0 | K19: =+$D19 -> 0 | L19: =+$D19 -> 0 | M19: =+$D19 -> 0 | N19: =+$D19 -> 0 | ... P19: =+$D19 -> 0 | Q19: =+D19 -> 0 | R19: =SUM(F19:Q19) -> 0 | T19: =R19 -> 0
A20: Fringe Benefits (Health, 403(b), 401k) | C20: 0 | D20: =C20/12 -> 0 | F20: =+D20 -> 0 | G20: =+$D20 -> 0 | H20: =+$D20 -> 0 | I20: =+$D20 -> 0 | J20: =+$D20 -> 0 | K20: =+$D20 -> 0 | L20: =+$D20 -> 0 | M20: =+$D20 -> 0 | N20: =+$D20 -> 0 | ... P20: =+$D20 -> 0 | Q20: =$D$17 -> 0 | R20: =SUM(F20:Q20) -> 0 | T20: =R20 -> 0
A21: Accounting Staff | C21: 0 | D21: =C21/12 -> 0 | F21: =+D21 -> 0 | G21: =+$D21 -> 0 | H21: =+$D21 -> 0 | I21: =+$D21 -> 0 | J21: =+$D21 -> 0 | K21: =+$D21 -> 0 | L21: =+$D21 -> 0 | M21: =+$D21 -> 0 | N21: =+$D21 -> 0 | ... Q21: =+$D21 -> 0 | R21: =SUM(F21:Q21) -> 0 | T21: =R21 -> 0
A22: Salary Taxes | C22: =C21*'Benefits and Salary Taxes'!D10 -> 0 | D22: =C22/12 -> 0 | F22: =+D22 -> 0 | G22: =+$D22 -> 0 | H22: =+$D22 -> 0 | I22: =+$D22 -> 0 | J22: =+$D22 -> 0 | K22: =+$D22 -> 0 | L22: =+$D22 -> 0 | M22: =+$D22 -> 0 | N22: =+$D22 -> 0 | ... P22: =+$D22 -> 0 | Q22: =+D22 -> 0 | R22: =SUM(F22:Q22) -> 0 | T22: =R22 -> 0
A23: Fringe Benefits (Health, 403(b), 401k) | C23: 0 | D23: =C23/12 -> 0 | F23: =+D23 -> 0 | G23: =+$D23 -> 0 | H23: =+$D23 -> 0 | I23: =+$D23 -> 0 | J23: =+$D23 -> 0 | K23: =+$D23 -> 0 | L23: =+$D23 -> 0 | M23: =+$D23 -> 0 | N23: =+$D23 -> 0 | ... P23: =+$D23 -> 0 | Q23: =+D23 -> 0 | R23: =SUM(F23:Q23) -> 0 | T23: =R23 -> 0
A24: Other Staff (Maintenance, Janitorial, etc) | C24: 0 | D24: =C24/12 -> 0 | F24: =+D24 -> 0 | G24: =+$D24 -> 0 | H24: =+$D24 -> 0 | I24: =+$D24 -> 0 | J24: =+$D24 -> 0 | K24: =+$D24 -> 0 | L24: =+$D24 -> 0 | M24: =+$D24 -> 0 | N24: =+$D24 -> 0 | ... Q24: =+$D24 -> 0 | R24: =SUM(F24:Q24) -> 0 | T24: =R24 -> 0
A25: Salary Taxes | C25: =C24*'Benefits and Salary Taxes'!D10 -> 0 | D25: =C25/12 -> 0 | F25: =+D25 -> 0 | G25: =+$D25 -> 0 | H25: =+$D25 -> 0 | I25: =+$D25 -> 0 | J25: =+$D25 -> 0 | K25: =+$D25 -> 0 | L25: =+$D25 -> 0 | M25: =+$D25 -> 0 | N25: =+$D25 -> 0 | ... P25: =+$D25 -> 0 | Q25: =+D25 -> 0 | R25: =SUM(F25:Q25) -> 0 | T25: =R25 -> 0
A26: Fringe Benefits (Health, 403(b), 401k) | C26: 0 | D26: =C26/12 -> 0 | F26: =+D26 -> 0 | G26: =+$D26 -> 0 | H26: =+$D26 -> 0 | I26: =+$D26 -> 0 | J26: =+$D26 -> 0 | K26: =+$D26 -> 0 | L26: =+$D26 -> 0 | M26: =+$D26 -> 0 | N26: =+$D26 -> 0 | ... P26: =+$D26 -> 0 | Q26: =+D26 -> 0 | R26: =SUM(F26:Q26) -> 0 | T26: =R26 -> 0
A27: Facility (Include Details)
A28: Building Lease/Rent | C28: 0 | D28: =C28/12 -> 0 | F28: =+D28 -> 0 | G28: =+$D28 -> 0 | H28: =+$D28 -> 0 | I28: =+$D28 -> 0 | J28: =+$D28 -> 0 | K28: =+$D28 -> 0 | L28: =+$D28 -> 0 | M28: =+$D28 -> 0 | N28: =+$D28 -> 0 | ... P28: =+$D28 -> 0 | Q28: =$D28 -> 0 | R28: =SUM(F28:Q28) -> 0 | T28: =R28 -> 0 | V28: =+C28 -> 0
A29: Building Utilities | C29: 0 | D29: =C29/12 -> 0 | F29: =+D29 -> 0 | G29: =+$D29 -> 0 | H29: =+$D29 -> 0 | I29: =+$D29 -> 0 | J29: =+$D29 -> 0 | K29: =+$D29 -> 0 | L29: =+$D29 -> 0 | M29: =+$D29 -> 0 | N29: =+$D29 -> 0 | ... P29: =+$D29 -> 0 | Q29: =$D$29 -> 0 | R29: =SUM(F29:Q29) -> 0 | T29: =R29 -> 0 | V29: =+C29 -> 0
A30: Building Maintenance | C30: 0 | D30: =C30/12 -> 0 | F30: =+D30 -> 0 | G30: =+$D30 -> 0 | H30: =+$D30 -> 0 | I30: =+$D30 -> 0 | J30: =+$D30 -> 0 | K30: =+$D30 -> 0 | L30: =+$D30 -> 0 | M30: =+$D30 -> 0 | N30: =+$D30 -> 0 | ... P30: =+$D30 -> 0 | Q30: =$D$30 -> 0 | R30: =SUM(F30:Q30) -> 0 | T30: =R30 -> 0
A31: Additional Building(s) | C31: 0 | D31: =C31/12 -> 0 | F31: =+D31 -> 0 | G31: =+$D31 -> 0 | H31: =+$D31 -> 0 | I31: =+$D31 -> 0 | J31: =+$D31 -> 0 | K31: =+$D31 -> 0 | L31: =+$D31 -> 0 | M31: =+$D31 -> 0 | N31: =+$D31 -> 0 | ... Q31: =+$D31 -> 0 | R31: =SUM(F31:Q31) -> 0 | T31: =R31 -> 0
A32: Additional Building Utlities | C32: 0 | D32: =C32/12 -> 0 | F32: =+D32 -> 0 | G32: =+$D32 -> 0 | H32: =+$D32 -> 0 | I32: =+$D32 -> 0 | J32: =+$D32 -> 0 | K32: =+$D32 -> 0 | L32: =+$D32 -> 0 | M32: =+$D32 -> 0 | N32: =+$D32 -> 0 | ... Q32: =+$D32 -> 0 | R32: =SUM(F32:Q32) -> 0 | T32: =R32 -> 0
A33: Additional Building Maintenance | C33: 0 | D33: =C33/12 -> 0 | F33: =+D33 -> 0 | G33: =+$D33 -> 0 | H33: =+$D33 -> 0 | I33: =+$D33 -> 0 | J33: =+$D33 -> 0 | K33: =+$D33 -> 0 | L33: =+$D33 -> 0 | M33: =+$D33 -> 0 | N33: =+$D33 -> 0 | ... Q33: =+$D33 -> 0 | R33: =SUM(F33:Q33) -> 0 | T33: =R33 -> 0
A34: Insurance (Include Details)
A35: Insurance D&O | C35: 0 | D35: =C35/12 -> 0 | F35: =+D35 -> 0 | G35: =+D35 -> 0 | H35: =+$D35 -> 0 | I35: =+$D35 -> 0 | J35: =+$D35 -> 0 | K35: =+$D35 -> 0 | L35: =+$D35 -> 0 | M35: =+$D35 -> 0 | N35: =+$D35 -> 0 | O35: =+$D35 -> 0 | P35: =+$D35 -> 0 | Q35: =$D35 -> 0 | R35: =SUM(F35:Q35) -> 0 | T35: =R35 -> 0 | V35: =+C35 -> 0
A36: Cyber/Social Insurance | C36: 0 | D36: =C36/12 -> 0 | F36: =+D36 -> 0 | G36: =+D36 -> 0 | H36: =+$D36 -> 0 | I36: =+$D36 -> 0 | J36: =+$D36 -> 0 | K36: =+$D36 -> 0 | L36: =+$D36 -> 0 | M36: =+$D36 -> 0 | N36: =+$D36 -> 0 | O36: =+$D36 -> 0 | P36: =+$D36 -> 0 | Q36: =$D36 -> 0 | R36: =SUM(F36:Q36) -> 0 | T36: =R36 -> 0 | V36: =+C36 -> 0
A37: Commercial Auto | C37: 0 | D37: =C37/12 -> 0 | F37: =+D37 -> 0 | G37: =+D37 -> 0 | H37: =+$D37 -> 0 | I37: =+$D37 -> 0 | J37: =+$D37 -> 0 | K37: =+$D37 -> 0 | L37: =+$D37 -> 0 | M37: =+$D37 -> 0 | N37: =+$D37 -> 0 | O37: =+$D37 -> 0 | P37: =+$D37 -> 0 | Q37: =$D37 -> 0 | R37: =SUM(F37:Q37) -> 0 | T37: =R37 -> 0 | V37: =+C37 -> 0
A38: General Liability | C38: 0 | D38: =C38/12 -> 0 | F38: =+D38 -> 0 | G38: =+D38 -> 0 | H38: =+$D38 -> 0 | I38: =+$D38 -> 0 | J38: =+$D38 -> 0 | K38: =+$D38 -> 0 | L38: =+$D38 -> 0 | M38: =+$D38 -> 0 | N38: =+$D38 -> 0 | O38: =+$D38 -> 0 | P38: =+$D38 -> 0 | Q38: =$D38 -> 0 | R38: =SUM(F38:Q38) -> 0 | T38: =R38 -> 0 | V38: =+C38 -> 0
A39: Umbrella/Excess | C39: 0 | D39: =C39/12 -> 0 | F39: =+D39 -> 0 | G39: =+D39 -> 0 | H39: =+$D39 -> 0 | I39: =+$D39 -> 0 | J39: =+$D39 -> 0 | K39: =+$D39 -> 0 | L39: =+$D39 -> 0 | M39: =+$D39 -> 0 | N39: =+$D39 -> 0 | O39: =+$D39 -> 0 | P39: =+$D39 -> 0 | Q39: =$D39 -> 0 | R39: =SUM(F39:Q39) -> 0 | T39: =R39 -> 0 | V39: =+C39 -> 0
A40: Crime Bond ($100,000 Limit) | C40: 0 | D40: =C40/12 -> 0 | F40: =+D40 -> 0 | G40: =+D40 -> 0 | H40: =+$D40 -> 0 | I40: =+$D40 -> 0 | J40: =+$D40 -> 0 | K40: =+$D40 -> 0 | L40: =+$D40 -> 0 | M40: =+$D40 -> 0 | N40: =+$D40 -> 0 | O40: =+$D40 -> 0 | P40: =+$D40 -> 0 | Q40: =$D40 -> 0 | R40: =SUM(F40:Q40) -> 0 | T40: =R40 -> 0 | V40: =+C40 -> 0
A41: Workmans Compensation | C41: 0 | D41: =C41/12 -> 0 | F41: =+D41 -> 0 | G41: =+D41 -> 0 | H41: =+$D41 -> 0 | I41: =+$D41 -> 0 | J41: =+$D41 -> 0 | K41: =+$D41 -> 0 | L41: =+$D41 -> 0 | M41: =+$D41 -> 0 | N41: =+$D41 -> 0 | O41: =+$D41 -> 0 | P41: =+$D41 -> 0 | Q41: =$D41 -> 0 | R41: =SUM(F41:Q41) -> 0 | T41: =R41 -> 0 | V41: =+C41 -> 0
A42: Renter's Insurance | C42: 0 | D42: =C42/12 -> 0 | F42: =+D42 -> 0 | G42: =+D42 -> 0 | H42: =+$D42 -> 0 | I42: =+$D42 -> 0 | J42: =+$D42 -> 0 | K42: =+$D42 -> 0 | L42: =+$D42 -> 0 | M42: =+$D42 -> 0 | N42: =+$D42 -> 0 | O42: =+$D42 -> 0 | P42: =+$D42 -> 0 | Q42: =$D42 -> 0 | R42: =SUM(F42:Q42) -> 0 | T42: =R42 -> 0 | V42: =+C42 -> 0
A43: Insurance Other | C43: 0 | D43: =C43/12 -> 0 | F43: =+D43 -> 0 | G43: =+D43 -> 0 | H43: =+$D43 -> 0 | I43: =+$D43 -> 0 | J43: =+$D43 -> 0 | K43: =+$D43 -> 0 | L43: =+$D43 -> 0 | M43: =+$D43 -> 0 | N43: =+$D43 -> 0 | O43: =+$D43 -> 0 | P43: =+$D43 -> 0 | Q43: =$D43 -> 0 | R43: =SUM(F43:Q43) -> 0 | T43: =R43 -> 0 | V43: =+C43 -> 0
A44: Technology Systems
A45: Dispatch Software Demand Response (Annual Maintenance Fees) | C45: 0 | D45: =C45/12 -> 0 | F45: =$D45 -> 0 | G45: =$D45 -> 0 | H45: =$D45 -> 0 | I45: =$D45 -> 0 | J45: =$D45 -> 0 | K45: =$D45 -> 0 | L45: =$D45 -> 0 | M45: =$D45 -> 0 | ... Q45: =$D45 -> 0 | R45: =SUM(F45:Q45) -> 0 | T45: =R45 -> 0
A46: Dispatch Software FlexRoute (Annual Maintenance Fees) | C46: 0 | D46: =C46/12 -> 0 | F46: =$D46 -> 0 | G46: =$D46 -> 0 | H46: =$D46 -> 0 | I46: =$D46 -> 0 | J46: =$D46 -> 0 | K46: =$D46 -> 0 | L46: =$D46 -> 0 | M46: =$D46 -> 0 | ... Q46: =$D46 -> 0 | R46: =SUM(F46:Q46) -> 0 | T46: =R46 -> 0
A47: Internet Service | C47: 0 | D47: =C47/12 -> 0 | F47: =$D47 -> 0 | G47: =$D47 -> 0 | H47: =$D47 -> 0 | I47: =$D47 -> 0 | J47: =$D47 -> 0 | K47: =$D47 -> 0 | L47: =$D47 -> 0 | M47: =$D47 -> 0 | ... Q47: =$D47 -> 0 | R47: =SUM(F47:Q47) -> 0 | T47: =R47 -> 0
A48: Vehicle Cameras | C48: =B48*4000 -> 0 | D48: =C48/12 -> 0 | F48: =$D48 -> 0 | G48: =$D48 -> 0 | H48: =$D48 -> 0 | I48: =$D48 -> 0 | J48: =$D48 -> 0 | K48: =$D48 -> 0 | L48: =$D48 -> 0 | M48: =$D48 -> 0 | ... Q48: =$D48 -> 0 | R48: =SUM(F48:Q48) -> 0 | T48: =R48 -> 0
A49: Phones (LL & Cell) | C49: 0 | D49: =C49/12 -> 0 | F49: =$D49 -> 0 | G49: =$D49 -> 0 | H49: =$D49 -> 0 | I49: =$D49 -> 0 | J49: =$D49 -> 0 | K49: =$D49 -> 0 | L49: =$D49 -> 0 | M49: =$D49 -> 0 | ... Q49: =$D49 -> 0 | R49: =SUM(F49:Q49) -> 0 | T49: =R49 -> 0
A50: 2-Way Radios | C50: 0 | D50: =C50/12 -> 0 | F50: =$D50 -> 0 | G50: =$D50 -> 0 | H50: =$D50 -> 0 | I50: =$D50 -> 0 | J50: =$D50 -> 0 | K50: =$D50 -> 0 | L50: =$D50 -> 0 | M50: =$D50 -> 0 | ... Q50: =$D50 -> 0 | R50: =SUM(F50:Q50) -> 0 | T50: =R50 -> 0
A51: Dispatch Vehicle Hardware | C51: 0 | D51: =C51/12 -> 0 | F51: =+D51 -> 0 | G51: =$D51 -> 0 | H51: =$D51 -> 0 | I51: =$D51 -> 0 | J51: =$D51 -> 0 | K51: =$D51 -> 0 | L51: =$D51 -> 0 | M51: =$D51 -> 0 | N51: =$D51 -> 0 | ... Q51: =$D51 -> 0 | R51: =SUM(F51:Q51) -> 0 | T51: =R51 -> 0 | V51: =+C51 -> 0
A52: Technology Other | C52: 0 | D52: =C52/12 -> 0 | F52: =+D52 -> 0 | G52: =$D52 -> 0 | H52: =$D52 -> 0 | I52: =$D52 -> 0 | J52: =$D52 -> 0 | K52: =$D52 -> 0 | L52: =$D52 -> 0 | M52: =$D52 -> 0 | N52: =$D52 -> 0 | ... Q52: =$D52 -> 0 | R52: =SUM(F52:Q52) -> 0 | T52: =R52 -> 0
A53: Marketing/Ads/Promotion
A54: Vehicle Graphics/Wraps | C54: 0 | D54: =C54/12 -> 0 | F54: =$D$54 -> 0 | G54: =$D$54 -> 0 | H54: =$D$54 -> 0 | I54: =$D$54 -> 0 | J54: =$D$54 -> 0 | K54: =$D$54 -> 0 | L54: =$D$54 -> 0 | M54: =$D$54 -> 0 | ... Q54: =$D$54 -> 0 | R54: =SUM(F54:Q54) -> 0 | T54: =R54 -> 0
A55: TV and Radio Marketing | C55: 0 | D55: =C55/12 -> 0 | F55: =$D$55 -> 0 | G55: =$D$55 -> 0 | H55: =$D$55 -> 0 | I55: =$D$55 -> 0 | J55: =$D$55 -> 0 | K55: =$D$55 -> 0 | L55: =$D$55 -> 0 | M55: =$D$55 -> 0 | ... Q55: =$D$55 -> 0 | R55: =SUM(F55:Q55) -> 0 | T55: =R55 -> 0
A56: Printing Services | C56: 0 | D56: =C56/12 -> 0 | F56: =$D$55 -> 0 | G56: =$D$55 -> 0 | H56: =$D56 -> 0 | I56: =$D56 -> 0 | J56: =$D56 -> 0 | K56: =$D56 -> 0 | L56: =$D56 -> 0 | M56: =$D56 -> 0 | N56: =$D56 -> 0 | O56: =$D56 -> 0 | P56: =$D56 -> 0 | Q56: =$D$56 -> 0 | R56: =SUM(F56:Q56) -> 0 | T56: =R56 -> 0 | V56: =+C56 -> 0
A57: General Marketing Services (Include Details) | C57: 0 | D57: =C57/12 -> 0 | F57: =$D57 -> 0 | G57: =$D57 -> 0 | H57: =$D57 -> 0 | I57: =$D57 -> 0 | J57: =$D57 -> 0 | K57: =$D57 -> 0 | L57: =$D57 -> 0 | M57: =$D57 -> 0 | ... P57: =$D57 -> 0 | Q57: =$D$57 -> 0 | R57: =SUM(F57:Q57) -> 0 | T57: =R57 -> 0
A58: Website Development & Maintnenance | C58: 0 | D58: =C58/12 -> 0 | F58: =$D$57 -> 0 | G58: =$D$57 -> 0 | H58: =$D58 -> 0 | I58: =$D58 -> 0 | J58: =$D58 -> 0 | K58: =$D58 -> 0 | L58: =$D58 -> 0 | M58: =$D58 -> 0 | N58: =$D58 -> 0 | O58: =$D58 -> 0 | P58: =$D58 -> 0 | Q58: =$D$58 -> 0 | R58: =SUM(F58:Q58) -> 0 | T58: =R58 -> 0
A59: Contracted Services
A60: Accounting Services (Book Keeping and Payroll) | C60: 0 | D60: =C60/12 -> 0 | F60: =$D60 -> 0 | G60: =$D60 -> 0 | H60: =$D60 -> 0 | I60: =$D60 -> 0 | J60: =$D60 -> 0 | K60: =$D60 -> 0 | L60: =$D60 -> 0 | M60: =$D60 -> 0 | ... Q60: =$D60 -> 0 | R60: =SUM(F60:Q60) -> 0 | T60: =R60 -> 0
A61: Misc Other Services | C61: 0 | D61: =C61/12 -> 0 | F61: =$D61 -> 0 | G61: =$D61 -> 0 | H61: =$D61 -> 0 | I61: =$D61 -> 0 | J61: =$D61 -> 0 | K61: =$D61 -> 0 | L61: =$D61 -> 0 | M61: =$D61 -> 0 | ... Q61: =$D61 -> 0 | R61: =SUM(F61:Q61) -> 0 | T61: =R61 -> 0
A62: Audit/Accounting/Bank Fees | C62: 0 | D62: =C62/12 -> 0 | F62: =$D62 -> 0 | G62: =$D62 -> 0 | H62: =$D62 -> 0 | I62: =$D62 -> 0 | J62: =$D62 -> 0 | K62: =$D62 -> 0 | L62: =$D62 -> 0 | M62: =$D62 -> 0 | ... Q62: =$D62 -> 0 | R62: =SUM(F62:Q62) -> 0 | T62: =R62 -> 0
A63: Rental | C63: 0 | D63: =C63/12 -> 0 | F63: =$D63 -> 0 | G63: =$D63 -> 0 | H63: =$D63 -> 0 | I63: =$D63 -> 0 | J63: =$D63 -> 0 | K63: =$D63 -> 0 | L63: =$D63 -> 0 | M63: =$D63 -> 0 | ... Q63: =$D63 -> 0 | R63: =SUM(F63:Q63) -> 0 | T63: =R63 -> 0
A64: Contract Maintenance/Repairs - Vehicles (Include Details) | C64: 0 | D64: =C64/12 -> 0 | F64: =$D64 -> 0 | G64: =$D64 -> 0 | H64: =$D64 -> 0 | I64: =$D64 -> 0 | J64: =$D64 -> 0 | K64: =$D64 -> 0 | L64: =$D64 -> 0 | M64: =$D64 -> 0 | ... Q64: =$D64 -> 0 | R64: =SUM(F64:Q64) -> 0 | T64: =R64 -> 0
A65: Contract Maintenance - Facility (Include Details) | C65: 0 | D65: =C65/12 -> 0 | F65: =$D65 -> 0 | G65: =$D65 -> 0 | H65: =$D65 -> 0 | I65: =$D65 -> 0 | J65: =$D65 -> 0 | K65: =$D65 -> 0 | L65: =$D65 -> 0 | M65: =$D65 -> 0 | ... Q65: =$D65 -> 0 | R65: =SUM(F65:Q65) -> 0 | T65: =R65 -> 0
A66: Travel/Conference Fees/Training (Non-RTAP)
A67: Training (Operations and Administration Staff) | C67: 0 | D67: =C67/12 -> 0 | F67: =$D67 -> 0 | G67: =$D67 -> 0 | H67: =$D67 -> 0 | I67: =$D67 -> 0 | J67: =$D67 -> 0 | K67: =$D67 -> 0 | L67: =$D67 -> 0 | M67: =$D67 -> 0 | ... Q67: =$D67 -> 0 | R67: =SUM(F67:Q67) -> 0 | T67: =R67 -> 0
A68: Conference Fees | C68: 0 | D68: =C68/12 -> 0 | F68: =$D68 -> 0 | G68: =$D68 -> 0 | H68: =$D68 -> 0 | I68: =$D68 -> 0 | J68: =$D68 -> 0 | K68: =$D68 -> 0 | L68: =$D68 -> 0 | M68: =$D68 -> 0 | ... Q68: =$D68 -> 0 | R68: =SUM(F68:Q68) -> 0 | T68: =R68 -> 0
A69: Instate Travel | C69: 0 | D69: =C69/12 -> 0 | F69: =$D69 -> 0 | G69: =$D69 -> 0 | H69: =$D69 -> 0 | I69: =$D69 -> 0 | J69: =$D69 -> 0 | K69: =$D69 -> 0 | L69: =$D69 -> 0 | M69: =$D69 -> 0 | ... Q69: =$D69 -> 0 | R69: =SUM(F69:Q69) -> 0 | T69: =R69 -> 0
A70: Other (Include Details) | C70: 0 | D70: =C70/12 -> 0 | F70: =$D70 -> 0 | G70: =$D70 -> 0 | H70: =$D70 -> 0 | I70: =$D70 -> 0 | J70: =$D70 -> 0 | K70: =$D70 -> 0 | L70: =$D70 -> 0 | M70: =$D70 -> 0 | ... Q70: =$D70 -> 0 | R70: =SUM(F70:Q70) -> 0 | T70: =R70 -> 0
A71: Miscellaneous Other
A72: Inhouse Vehicle Maintenance/Repairs | C72: 0 | D72: =C72/12 -> 0 | F72: =$D72 -> 0 | G72: =$D72 -> 0 | H72: =$D72 -> 0 | I72: =$D72 -> 0 | J72: =$D72 -> 0 | K72: =$D72 -> 0 | L72: =$D72 -> 0 | M72: =$D72 -> 0 | ... Q72: =$D72 -> 0 | R72: =SUM(F72:Q72) -> 0 | T72: =R72 -> 0
A73: Administrative Fee | C73: 0 | D73: =C73/12 -> 0 | F73: =$D73 -> 0 | G73: =$D73 -> 0 | H73: =$D73 -> 0 | I73: =$D73 -> 0 | J73: =$D73 -> 0 | K73: =$D73 -> 0 | L73: =$D73 -> 0 | M73: =$D73 -> 0 | ... Q73: =$D73 -> 0 | R73: =SUM(F73:Q73) -> 0 | T73: =R73 -> 0
A74: Public Hearing Notices | C74: 0 | D74: =C74/12 -> 0 | F74: =$D74 -> 0 | G74: =$D74 -> 0 | H74: =$D74 -> 0 | I74: =$D74 -> 0 | J74: =$D74 -> 0 | K74: =$D74 -> 0 | L74: =$D74 -> 0 | M74: =$D74 -> 0 | ... Q74: =$D74 -> 0 | R74: =SUM(F74:Q74) -> 0 | T74: =R74 -> 0 | V74: =+C74 -> 0
A75: Uniforms | C75: 0 | D75: =C75/12 -> 0 | F75: =$D75 -> 0 | G75: =$D75 -> 0 | H75: =$D75 -> 0 | I75: =$D75 -> 0 | J75: =$D75 -> 0 | K75: =$D75 -> 0 | L75: =$D75 -> 0 | M75: =$D75 -> 0 | ... Q75: =$D75 -> 0 | R75: =SUM(F75:Q75) -> 0 | T75: =R75 -> 0 | V75: =+C75 -> 0
A76: Safety Equipment | C76: 0 | D76: =C76/12 -> 0 | F76: =$D76 -> 0 | G76: =$D76 -> 0 | H76: =$D76 -> 0 | I76: =$D76 -> 0 | J76: =$D76 -> 0 | K76: =$D76 -> 0 | L76: =$D76 -> 0 | M76: =$D76 -> 0 | ... Q76: =$D76 -> 0 | R76: =SUM(F76:Q76) -> 0 | T76: =R76 -> 0 | V76: =+C76 -> 0
A77: FareBoxes and Small Equipment | C77: 0 | D77: =C77/12 -> 0 | F77: =$D77 -> 0 | G77: =$D77 -> 0 | H77: =$D77 -> 0 | I77: =$D77 -> 0 | J77: =$D77 -> 0 | K77: =$D77 -> 0 | L77: =$D77 -> 0 | M77: =$D77 -> 0 | ... Q77: =$D77 -> 0 | R77: =SUM(F77:Q77) -> 0 | T77: =R77 -> 0
A78: Bus Stop Maintenance | C78: 0 | D78: =C78/12 -> 0 | F78: =$D78 -> 0 | G78: =$D78 -> 0 | H78: =$D78 -> 0 | I78: =$D78 -> 0 | J78: =$D78 -> 0 | K78: =$D78 -> 0 | L78: =$D78 -> 0 | M78: =$D78 -> 0 | ... Q78: =$D78 -> 0 | R78: =SUM(F78:Q78) -> 0 | T78: =R78 -> 0
A79: Office Supplies | C79: 0 | D79: =C79/12 -> 0 | F79: =$D79 -> 0 | G79: =$D79 -> 0 | H79: =$D79 -> 0 | I79: =$D79 -> 0 | J79: =$D79 -> 0 | K79: =$D79 -> 0 | L79: =$D79 -> 0 | M79: =$D79 -> 0 | ... Q79: =$D79 -> 0 | R79: =SUM(F79:Q79) -> 0 | T79: =R79 -> 0 | V79: =+C79 -> 0
A80: Memberships (NATP & CTAA Only) | C80: 0 | D80: =C80/12 -> 0 | F80: =$D80 -> 0 | G80: =$D80 -> 0 | H80: =$D80 -> 0 | I80: =$D80 -> 0 | J80: =$D80 -> 0 | K80: =$D80 -> 0 | L80: =$D80 -> 0 | M80: =$D80 -> 0 | ... Q80: =$D80 -> 0 | R80: =SUM(F80:Q80) -> 0 | T80: =R80 -> 0
A81: Drug/Alcohol Testing/Physicals/Backgrond Checks | C81: 0 | D81: =C81/12 -> 0 | F81: =$D81 -> 0 | G81: =$D81 -> 0 | H81: =$D81 -> 0 | I81: =$D81 -> 0 | J81: =$D81 -> 0 | K81: =$D81 -> 0 | L81: =$D81 -> 0 | M81: =$D81 -> 0 | ... Q81: =$D81 -> 0 | R81: =SUM(F81:Q81) -> 0 | T81: =R81 -> 0 | V81: =+C81 -> 0
A82: Other (Include Details) | C82: 0 | D82: =C82/12 -> 0 | F82: =$D82 -> 0 | G82: =$D82 -> 0 | H82: =$D82 -> 0 | I82: =$D82 -> 0 | J82: =$D82 -> 0 | K82: =$D82 -> 0 | L82: =$D82 -> 0 | M82: =$D82 -> 0 | ... Q82: =$D82 -> 0 | R82: =SUM(F82:Q82) -> 0 | T82: =R82 -> 0
A83: Total Administrative Services | C83: =SUM(C6:C82) -> 0 | D83: =SUM(D6:D82) -> 0 | F83: =SUM(F6:F82) -> 0 | G83: =SUM(G6:G82) -> 0 | H83: =SUM(H6:H82) -> 0 | I83: =SUM(I6:I82) -> 0 | J83: =SUM(J6:J82) -> 0 | K83: =SUM(K6:K82) -> 0 | L83: =SUM(L6:L82) -> 0 | M83: =SUM(M6:M82) -> 0 | ... R83: =SUM(R6:R82) -> 0 | T83: =SUM(T6:T82) -> 0 | V83: =SUM(V6:V82) -> 0
A85: OPERATIONS - 2A & 2B (50% Federal Funded: 25% State Funded)
B86: Quantity
A87: Driver Supervisor Wages/Salary | C87: 0 | D87: =C87/12 -> 0 | F87: =+D87 -> 0 | G87: =+$D87 -> 0 | H87: =+$D87 -> 0 | I87: =+$D87 -> 0 | J87: =+$D87 -> 0 | K87: =+$D87 -> 0 | L87: =+$D87 -> 0 | M87: =+$D87 -> 0 | N87: =+$D87 -> 0 | ... P87: =+$D87 -> 0 | Q87: =$D$93 -> 0 | R87: =SUM(F87:Q87) -> 0 | T87: =R87 -> 0
A88: Salary Taxes | C88: =C87*'Benefits and Salary Taxes'!D7 -> 0 | D88: =C88/12 -> 0 | F88: =+D88 -> 0 | G88: =+$D88 -> 0 | H88: =+$D88 -> 0 | I88: =+$D88 -> 0 | J88: =+$D88 -> 0 | K88: =+$D88 -> 0 | L88: =+$D88 -> 0 | M88: =+$D88 -> 0 | N88: =+$D88 -> 0 | ... P88: =+$D88 -> 0 | Q88: =$D$93 -> 0 | R88: =SUM(F88:Q88) -> 0 | T88: =R88 -> 0
A89: Fringe Benefits (Health, 403(b), 401k) | C89: 0 | D89: =C89/12 -> 0 | F89: =+D89 -> 0 | G89: =+$D89 -> 0 | H89: =+$D89 -> 0 | I89: =+$D89 -> 0 | J89: =+$D89 -> 0 | K89: =+$D89 -> 0 | L89: =+$D89 -> 0 | M89: =+$D89 -> 0 | N89: =+$D89 -> 0 | ... P89: =+$D89 -> 0 | Q89: =$D$93 -> 0 | R89: =SUM(F89:Q89) -> 0 | T89: =R89 -> 0
A90: Full-time Drivers' Wages | C90: 0 | D90: =C90/12 -> 0 | F90: =+D90 -> 0 | G90: =+$D90 -> 0 | H90: =+$D90 -> 0 | I90: =+$D90 -> 0 | J90: =+$D90 -> 0 | K90: =+$D90 -> 0 | L90: =+$D90 -> 0 | M90: =+$D90 -> 0 | N90: =+$D90 -> 0 | ... P90: =+$D90 -> 0 | Q90: =$D$93 -> 0 | R90: =SUM(F90:Q90) -> 0 | T90: =R90 -> 0 | V90: =+C90 -> 0
A91: Salary Taxes | C91: 0 | D91: =C91/12 -> 0 | F91: =+D91 -> 0 | G91: =+$D91 -> 0 | H91: =+$D91 -> 0 | I91: =+$D91 -> 0 | J91: =+$D91 -> 0 | K91: =+$D91 -> 0 | L91: =+$D91 -> 0 | M91: =+$D91 -> 0 | N91: =+$D91 -> 0 | ... P91: =+$D91 -> 0 | Q91: =$D$93 -> 0 | R91: =SUM(F91:Q91) -> 0 | T91: =R91 -> 0 | V91: =+C91 -> 0
A92: Fringe Benefits (Health, 403(b), 401k) | C92: 0 | D92: =C92/12 -> 0 | F92: =+D92 -> 0 | G92: =+$D92 -> 0 | H92: =+$D92 -> 0 | I92: =+$D92 -> 0 | J92: =+$D92 -> 0 | K92: =+$D92 -> 0 | L92: =+$D92 -> 0 | M92: =+$D92 -> 0 | N92: =+$D92 -> 0 | ... P92: =+$D92 -> 0 | Q92: =$D$93 -> 0 | R92: =SUM(F92:Q92) -> 0 | T92: =R92 -> 0 | V92: =+C92 -> 0
A93: Part-time Drivers Wages | C93: 0 | D93: =C93/12 -> 0 | F93: =+D93 -> 0 | G93: =+$D93 -> 0 | H93: =+$D93 -> 0 | I93: =+$D93 -> 0 | J93: =+$D93 -> 0 | K93: =+$D93 -> 0 | L93: =+$D93 -> 0 | M93: =+$D93 -> 0 | N93: =+$D93 -> 0 | ... P93: =+$D93 -> 0 | Q93: =$D$93 -> 0 | R93: =SUM(F93:Q93) -> 0 | T93: =R93 -> 0 | V93: =+C93 -> 0
A94: Salary Taxes | C94: 0 | D94: =C94/12 -> 0 | F94: =+D94 -> 0 | G94: =+$D94 -> 0 | H94: =+$D94 -> 0 | I94: =+$D94 -> 0 | J94: =+$D94 -> 0 | K94: =+$D94 -> 0 | L94: =+$D94 -> 0 | M94: =+$D94 -> 0 | N94: =+$D94 -> 0 | ... P94: =+$D94 -> 0 | Q94: =Q93*'Benefits and Salary Taxes'!$D$7 -> 0 | R94: =SUM(F94:Q94) -> 0 | T94: =R94 -> 0 | V94: =+C94 -> 0
A95: Full-time Dispatcher Wages | C95: 0 | D95: =C95/12 -> 0 | F95: =+D95 -> 0 | G95: =+$D95 -> 0 | H95: =+$D95 -> 0 | I95: =+$D95 -> 0 | J95: =+$D95 -> 0 | K95: =+$D95 -> 0 | L95: =+$D95 -> 0 | M95: =+$D95 -> 0 | N95: =+$D95 -> 0 | ... P95: =+$D95 -> 0 | Q95: =$D$95 -> 0 | R95: =SUM(F95:Q95) -> 0 | T95: =R95 -> 0 | V95: =+C95 -> 0
A96: Salary Taxes | C96: =C95*'Benefits and Salary Taxes'!D7*0.5 -> 0 | D96: =C96/12 -> 0 | F96: =+D96 -> 0 | G96: =+$D96 -> 0 | H96: =+$D96 -> 0 | I96: =+$D96 -> 0 | J96: =+$D96 -> 0 | K96: =+$D96 -> 0 | L96: =+$D96 -> 0 | M96: =+$D96 -> 0 | N96: =+$D96 -> 0 | ... P96: =+$D96 -> 0 | Q96: =$D$96 -> 0 | R96: =SUM(F96:Q96) -> 0 | T96: =R96 -> 0 | V96: =+C96 -> 0
A97: Fringe Benefits (Health, 403(b), 401k) | C97: 0 | D97: =C97/12 -> 0 | F97: =+D97 -> 0 | G97: =+$D97 -> 0 | H97: =+$D97 -> 0 | I97: =+$D97 -> 0 | J97: =+$D97 -> 0 | K97: =+$D97 -> 0 | L97: =+$D97 -> 0 | M97: =+$D97 -> 0 | N97: =+$D97 -> 0 | ... P97: =+$D97 -> 0 | Q97: =$D$97 -> 0 | R97: =SUM(F97:Q97) -> 0 | T97: =R97 -> 0 | V97: =+C97 -> 0
A98: Part-time Dispatcher Wages | C98: 0 | D98: =C98/12 -> 0 | F98: =+D98 -> 0 | G98: =+$D98 -> 0 | H98: =+$D98 -> 0 | I98: =+$D98 -> 0 | J98: =+$D98 -> 0 | K98: =+$D98 -> 0 | L98: =+$D98 -> 0 | M98: =+$D98 -> 0 | N98: =+$D98 -> 0 | ... P98: =+$D98 -> 0 | Q98: =$D$98 -> 0 | R98: =SUM(F98:Q98) -> 0 | T98: =R98 -> 0
A99: Salary Taxes | C99: 0 | D99: =C99/12 -> 0 | F99: =+D99 -> 0 | G99: =+$D99 -> 0 | H99: =+$D99 -> 0 | I99: =+$D99 -> 0 | J99: =+$D99 -> 0 | K99: =+$D99 -> 0 | L99: =+$D99 -> 0 | M99: =+$D99 -> 0 | N99: =+$D99 -> 0 | ... P99: =+$D99 -> 0 | Q99: =$D$99 -> 0 | R99: =SUM(F99:Q99) -> 0 | T99: =R99 -> 0
A100: Fuel, Lube and Oil | C100: 0 | D100: =C100/12 -> 0 | F100: =+D100 -> 0 | G100: =+$D100 -> 0 | H100: =+$D100 -> 0 | I100: =+$D100 -> 0 | J100: =+$D100 -> 0 | K100: =+$D100 -> 0 | L100: =+$D100 -> 0 | M100: =+$D100 -> 0 | N100: =+$D100 -> 0 | ... P100: =+$D100 -> 0 | Q100: =$D$100 -> 0 | R100: =SUM(F100:Q100) -> 0 | T100: =R100 -> 0 | V100: =+C100 -> 0 | W100: 7a-5p | X100: =1.5*100*250 -> 37500
A101: Misc. Other (Include Details) | C101: 0 | D101: =C101/12 -> 0 | F101: =+D101 -> 0 | G101: =+$D101 -> 0 | H101: =+$D101 -> 0 | I101: =+$D101 -> 0 | J101: =+$D101 -> 0 | K101: =+$D101 -> 0 | L101: =+$D101 -> 0 | M101: =+$D101 -> 0 | N101: =+$D101 -> 0 | ... P101: =+$D101 -> 0 | Q101: =#REF! -> #REF! | R101: =SUM(F101:Q101) -> #REF! | T101: =R101 -> #REF! | V101: =+C101 -> 0
A103: TOTAL OPERATING | C103: =SUM(C87:C102) -> 0 | D103: =SUM(D86:D102) -> 0 | F103: =SUM(F87:F102) -> 0 | G103: =SUM(G87:G102) -> 0 | H103: =SUM(H87:H102) -> 0 | I103: =SUM(I87:I102) -> 0 | J103: =SUM(J87:J102) -> 0 | K103: =SUM(K87:K102) -> 0 | L103: =SUM(L87:L102) -> 0 | M103: =SUM(M87:M102) -> 0 | ... R103: =SUM(R87:R102) -> #REF! | T103: =SUM(T87:T102) -> #REF! | V103: =SUM(V87:V102) -> 0 | Y103: =+T83+T103 -> #REF!
...

Sheet 2027 - 5311
A1: Master Budget ~ FY2027 | C1: FY 2027 | F1: July | G1: Aug. | H1: Sept. | I1: Oct. | J1: Nov. | K1: Dec. | L1: Jan. | M1: Feb. | N1: Mar. | O1: Apr. | P1: May | Q1: June | R1: YTD | T1: 5311 Grant
C2: Budget
A3: Budget Item | C3: Annual | D3: Monthly | F3: Expenses | G3: Expenses | H3: Expenses | I3: Expenses | J3: Expenses | K3: Expenses | L3: Expenses | M3: Expenses | N3: Expenses | O3: Expenses | P3: Expenses | Q3: Expenses | R3: Total | T3: FY 2027
A4: NON-OPERATING SERVICES - 3A, 3B, & 3C (80% Federal Funded: 10% State Funded)
B5: Quantity
A6: Transit Manager | C6: 0 | D6: =C6/12 -> 0 | F6: =$D$6 -> 0 | G6: =$D$6 -> 0 | H6: =$D$6 -> 0 | I6: =$D$6 -> 0 | J6: =$D$6 -> 0 | K6: =$D$6 -> 0 | L6: =$D$6 -> 0 | M6: =$D$6 -> 0 | ... Q6: =$D$6 -> 0 | R6: =SUM(F6:Q6) -> 0 | T6: =R6 -> 0
A7: Salary Taxes | C7: =C6*'Benefits and Salary Taxes'!D7 -> 0 | D7: =C7/12 -> 0 | F7: =+D7 -> 0 | G7: =+$D7 -> 0 | H7: =+$D7 -> 0 | I7: =+$D7 -> 0 | J7: =+$D7 -> 0 | K7: =+$D7 -> 0 | L7: =+$D7 -> 0 | M7: =+$D7 -> 0 | N7: =+$D7 -> 0 | ... P7: =+$D7 -> 0 | Q7: =+D7 -> 0 | R7: =SUM(F7:Q7) -> 0 | T7: =R7 -> 0
A8: Fringe Benefits (Health, 403(b), 401k) | C8: =+'Benefits and Salary Taxes'!E16*12 -> 0 | D8: =C8/12 -> 0 | F8: =$D$8 -> 0 | G8: =$D$8 -> 0 | H8: =$D$8 -> 0 | I8: =$D$8 -> 0 | J8: =$D$8 -> 0 | K8: =$D$8 -> 0 | L8: =$D$8 -> 0 | M8: =$D$8 -> 0 | ... Q8: =$D$8 -> 0 | R8: =SUM(F8:Q8) -> 0 | T8: =R8 -> 0
A9: Operations Manager | C9: 0 | D9: =C9/12 -> 0 | F9: =+$D$9 -> 0 | G9: =+$D$9 -> 0 | H9: =+$D$9 -> 0 | I9: =+$D$9 -> 0 | J9: =+$D$9 -> 0 | K9: =+$D$9 -> 0 | L9: =+$D$9 -> 0 | M9: =+$D$9 -> 0 | ... P9: =+$D$9 -> 0 | Q9: =$D$9 -> 0 | R9: =SUM(F9:Q9) -> 0 | T9: =R9 -> 0 | V9: =+C9 -> 0
A10: Salary Taxes | C10: =+C9*'Benefits and Salary Taxes'!D7 -> 0 | D10: =C10/12 -> 0 | F10: =+$D$10 -> 0 | G10: =+$D$10 -> 0 | H10: =+$D$10 -> 0 | I10: =+$D$10 -> 0 | J10: =+$D$10 -> 0 | K10: =+$D$10 -> 0 | L10: =+$D$10 -> 0 | M10: =+$D$10 -> 0 | ... P10: =+$D$10 -> 0 | Q10: =$D$10 -> 0 | R10: =SUM(F10:Q10) -> 0 | T10: =R10 -> 0 | V10: =+C10 -> 0
A11: Fringe Benefits (Health, 403(b), 401k) | C11: 0 | D11: =C11/12 -> 0 | F11: =+D11 -> 0 | G11: =+$D11 -> 0 | H11: =+$D11 -> 0 | I11: =+$D11 -> 0 | J11: =+$D11 -> 0 | K11: =+$D11 -> 0 | L11: =+$D11 -> 0 | M11: =+$D11 -> 0 | N11: =+$D11 -> 0 | ... P11: =+$D11 -> 0 | Q11: =$D$11 -> 0 | R11: =SUM(F11:Q11) -> 0 | T11: =R11 -> 0 | V11: =+C11 -> 0
A12: Transit Director | D12: =C12/12 -> 0 | Q12: =+D12 -> 0 | R12: =SUM(F12:Q12) -> 0 | T12: =+R12 -> 0
A13: Salary Taxes | D13: =C13/12 -> 0 | Q13: =+D13 -> 0 | R13: =SUM(F13:Q13) -> 0 | T13: =+R13 -> 0
A15: Administrative | C15: 0 | D15: =C15/12 -> 0 | F15: =+D15 -> 0 | G15: =+$D15 -> 0 | H15: =+$D15 -> 0 | I15: =+$D15 -> 0 | J15: =+$D15 -> 0 | K15: =+$D15 -> 0 | L15: =+$D15 -> 0 | M15: =+$D15 -> 0 | N15: =+$D15 -> 0 | ... P15: =+$D15 -> 0 | Q15: =$D$15 -> 0 | R15: =SUM(F15:Q15) -> 0 | T15: =R15 -> 0 | V15: =+C15 -> 0
A16: Salary Taxes | C16: =+C15*'Benefits and Salary Taxes'!D7 -> 0 | D16: =C16/12 -> 0 | F16: =+D16 -> 0 | G16: =+$D16 -> 0 | H16: =+$D16 -> 0 | I16: =+$D16 -> 0 | J16: =+$D16 -> 0 | K16: =+$D16 -> 0 | L16: =+$D16 -> 0 | M16: =+$D16 -> 0 | N16: =+$D16 -> 0 | ... P16: =+$D16 -> 0 | Q16: =+D16 -> 0 | R16: =SUM(F16:Q16) -> 0 | T16: =R16 -> 0 | V16: =+C16 -> 0
A17: Fringe Benefits (Health, 403(b), 401k) | C17: 0 | D17: =C17/12 -> 0 | F17: =+D17 -> 0 | G17: =+$D17 -> 0 | H17: =+$D17 -> 0 | I17: =+$D17 -> 0 | J17: =+$D17 -> 0 | K17: =+$D17 -> 0 | L17: =+$D17 -> 0 | M17: =+$D17 -> 0 | N17: =+$D17 -> 0 | ... P17: =+$D17 -> 0 | Q17: =$D$17 -> 0 | R17: =SUM(F17:Q17) -> 0 | T17: =R17 -> 0 | V17: =+C17 -> 0
A18: Marketing/Planning Staff | C18: 0 | D18: =C18/12 -> 0 | F18: =+D18 -> 0 | G18: =+$D18 -> 0 | H18: =+$D18 -> 0 | I18: =+$D18 -> 0 | J18: =+$D18 -> 0 | K18: =+$D18 -> 0 | L18: =+$D18 -> 0 | M18: =+$D18 -> 0 | N18: =+$D18 -> 0 | ... Q18: =+$D18 -> 0 | R18: =SUM(F18:Q18) -> 0 | T18: =R18 -> 0
A19: Salary Taxes | C19: =C18*'Benefits and Salary Taxes'!D7 -> 0 | D19: =C19/12 -> 0 | F19: =+D19 -> 0 | G19: =+$D19 -> 0 | H19: =+$D19 -> 0 | I19: =+$D19 -> 0 | J19: =+$D19 -> 0 | K19: =+$D19 -> 0 | L19: =+$D19 -> 0 | M19: =+$D19 -> 0 | N19: =+$D19 -> 0 | ... P19: =+$D19 -> 0 | Q19: =+D19 -> 0 | R19: =SUM(F19:Q19) -> 0 | T19: =R19 -> 0
A20: Fringe Benefits (Health, 403(b), 401k) | C20: 0 | D20: =C20/12 -> 0 | F20: =+D20 -> 0 | G20: =+$D20 -> 0 | H20: =+$D20 -> 0 | I20: =+$D20 -> 0 | J20: =+$D20 -> 0 | K20: =+$D20 -> 0 | L20: =+$D20 -> 0 | M20: =+$D20 -> 0 | N20: =+$D20 -> 0 | ... P20: =+$D20 -> 0 | Q20: =$D$17 -> 0 | R20: =SUM(F20:Q20) -> 0 | T20: =R20 -> 0
A21: Accounting Staff | C21: 0 | D21: =C21/12 -> 0 | F21: =+D21 -> 0 | G21: =+$D21 -> 0 | H21: =+$D21 -> 0 | I21: =+$D21 -> 0 | J21: =+$D21 -> 0 | K21: =+$D21 -> 0 | L21: =+$D21 -> 0 | M21: =+$D21 -> 0 | N21: =+$D21 -> 0 | ... Q21: =+$D21 -> 0 | R21: =SUM(F21:Q21) -> 0 | T21: =R21 -> 0
A22: Salary Taxes | C22: =C21*'Benefits and Salary Taxes'!D10 -> 0 | D22: =C22/12 -> 0 | F22: =+D22 -> 0 | G22: =+$D22 -> 0 | H22: =+$D22 -> 0 | I22: =+$D22 -> 0 | J22: =+$D22 -> 0 | K22: =+$D22 -> 0 | L22: =+$D22 -> 0 | M22: =+$D22 -> 0 | N22: =+$D22 -> 0 | ... P22: =+$D22 -> 0 | Q22: =+D22 -> 0 | R22: =SUM(F22:Q22) -> 0 | T22: =R22 -> 0
A23: Fringe Benefits (Health, 403(b), 401k) | C23: 0 | D23: =C23/12 -> 0 | F23: =+D23 -> 0 | G23: =+$D23 -> 0 | H23: =+$D23 -> 0 | I23: =+$D23 -> 0 | J23: =+$D23 -> 0 | K23: =+$D23 -> 0 | L23: =+$D23 -> 0 | M23: =+$D23 -> 0 | N23: =+$D23 -> 0 | ... P23: =+$D23 -> 0 | Q23: =+D23 -> 0 | R23: =SUM(F23:Q23) -> 0 | T23: =R23 -> 0
A24: Other Staff | C24: 0 | D24: =C24/12 -> 0 | F24: =+D24 -> 0 | G24: =+$D24 -> 0 | H24: =+$D24 -> 0 | I24: =+$D24 -> 0 | J24: =+$D24 -> 0 | K24: =+$D24 -> 0 | L24: =+$D24 -> 0 | M24: =+$D24 -> 0 | N24: =+$D24 -> 0 | ... Q24: =+$D24 -> 0 | R24: =SUM(F24:Q24) -> 0 | T24: =R24 -> 0
A25: Salary Taxes | C25: =C24*'Benefits and Salary Taxes'!D10 -> 0 | D25: =C25/12 -> 0 | F25: =+D25 -> 0 | G25: =+$D25 -> 0 | H25: =+$D25 -> 0 | I25: =+$D25 -> 0 | J25: =+$D25 -> 0 | K25: =+$D25 -> 0 | L25: =+$D25 -> 0 | M25: =+$D25 -> 0 | N25: =+$D25 -> 0 | ... P25: =+$D25 -> 0 | Q25: =+D25 -> 0 | R25: =SUM(F25:Q25) -> 0 | T25: =R25 -> 0
A26: Fringe Benefits (Health, 403(b), 401k) | C26: 0 | D26: =C26/12 -> 0 | F26: =+D26 -> 0 | G26: =+$D26 -> 0 | H26: =+$D26 -> 0 | I26: =+$D26 -> 0 | J26: =+$D26 -> 0 | K26: =+$D26 -> 0 | L26: =+$D26 -> 0 | M26: =+$D26 -> 0 | N26: =+$D26 -> 0 | ... P26: =+$D26 -> 0 | Q26: =+D26 -> 0 | R26: =SUM(F26:Q26) -> 0 | T26: =R26 -> 0
A27: Facility
A28: Building Lease | C28: 0 | D28: =C28/12 -> 0 | F28: =+D28 -> 0 | G28: =+$D28 -> 0 | H28: =+$D28 -> 0 | I28: =+$D28 -> 0 | J28: =+$D28 -> 0 | K28: =+$D28 -> 0 | L28: =+$D28 -> 0 | M28: =+$D28 -> 0 | N28: =+$D28 -> 0 | ... P28: =+$D28 -> 0 | Q28: =$D28 -> 0 | R28: =SUM(F28:Q28) -> 0 | T28: =R28 -> 0 | V28: =+C28 -> 0
A29: Building Utilities | C29: 0 | D29: =C29/12 -> 0 | F29: =+D29 -> 0 | G29: =+$D29 -> 0 | H29: =+$D29 -> 0 | I29: =+$D29 -> 0 | J29: =+$D29 -> 0 | K29: =+$D29 -> 0 | L29: =+$D29 -> 0 | M29: =+$D29 -> 0 | N29: =+$D29 -> 0 | ... P29: =+$D29 -> 0 | Q29: =$D$29 -> 0 | R29: =SUM(F29:Q29) -> 0 | T29: =R29 -> 0 | V29: =+C29 -> 0
A30: Building Maintenance | C30: 0 | D30: =C30/12 -> 0 | F30: =+D30 -> 0 | G30: =+$D30 -> 0 | H30: =+$D30 -> 0 | I30: =+$D30 -> 0 | J30: =+$D30 -> 0 | K30: =+$D30 -> 0 | L30: =+$D30 -> 0 | M30: =+$D30 -> 0 | N30: =+$D30 -> 0 | ... P30: =+$D30 -> 0 | Q30: =$D$30 -> 0 | R30: =SUM(F30:Q30) -> 0 | T30: =R30 -> 0
A31: Building Other | C31: 0 | D31: =C31/12 -> 0 | F31: =+D31 -> 0 | G31: =+$D31 -> 0 | H31: =+$D31 -> 0 | I31: =+$D31 -> 0 | J31: =+$D31 -> 0 | K31: =+$D31 -> 0 | L31: =+$D31 -> 0 | M31: =+$D31 -> 0 | N31: =+$D31 -> 0 | ... Q31: =+$D31 -> 0 | R31: =SUM(F31:Q31) -> 0 | T31: =R31 -> 0
A32: Building Other | C32: 0 | D32: =C32/12 -> 0 | F32: =+D32 -> 0 | G32: =+$D32 -> 0 | H32: =+$D32 -> 0 | I32: =+$D32 -> 0 | J32: =+$D32 -> 0 | K32: =+$D32 -> 0 | L32: =+$D32 -> 0 | M32: =+$D32 -> 0 | N32: =+$D32 -> 0 | ... Q32: =+$D32 -> 0 | R32: =SUM(F32:Q32) -> 0 | T32: =R32 -> 0
A33: Building Other | C33: 0 | D33: =C33/12 -> 0 | F33: =+D33 -> 0 | G33: =+$D33 -> 0 | H33: =+$D33 -> 0 | I33: =+$D33 -> 0 | J33: =+$D33 -> 0 | K33: =+$D33 -> 0 | L33: =+$D33 -> 0 | M33: =+$D33 -> 0 | N33: =+$D33 -> 0 | ... Q33: =+$D33 -> 0 | R33: =SUM(F33:Q33) -> 0 | T33: =R33 -> 0
A34: Building Other | C34: 0 | D34: =C34/12 -> 0 | F34: =+D34 -> 0 | G34: =+$D34 -> 0 | H34: =+$D34 -> 0 | I34: =+$D34 -> 0 | J34: =+$D34 -> 0 | K34: =+$D34 -> 0 | L34: =+$D34 -> 0 | M34: =+$D34 -> 0 | N34: =+$D34 -> 0 | ... Q34: =+$D34 -> 0 | R34: =SUM(F34:Q34) -> 0 | T34: =R34 -> 0
A35: Insurance
A36: Insurance D&O | C36: 0 | D36: =C36/12 -> 0 | F36: =+D36 -> 0 | G36: =+D36 -> 0 | H36: =+$D36 -> 0 | I36: =+$D36 -> 0 | J36: =+$D36 -> 0 | K36: =+$D36 -> 0 | L36: =+$D36 -> 0 | M36: =+$D36 -> 0 | N36: =+$D36 -> 0 | O36: =+$D36 -> 0 | P36: =+$D36 -> 0 | Q36: =$D36 -> 0 | R36: =SUM(F36:Q36) -> 0 | T36: =R36 -> 0 | V36: =+C36 -> 0
A37: Cyber Insurance | C37: 0 | D37: =C37/12 -> 0 | F37: =+D37 -> 0 | G37: =+D37 -> 0 | H37: =+$D37 -> 0 | I37: =+$D37 -> 0 | J37: =+$D37 -> 0 | K37: =+$D37 -> 0 | L37: =+$D37 -> 0 | M37: =+$D37 -> 0 | N37: =+$D37 -> 0 | O37: =+$D37 -> 0 | P37: =+$D37 -> 0 | Q37: =$D37 -> 0 | R37: =SUM(F37:Q37) -> 0 | T37: =R37 -> 0 | V37: =+C37 -> 0
A38: Commercial Auto | C38: 0 | D38: =C38/12 -> 0 | F38: =+D38 -> 0 | G38: =+D38 -> 0 | H38: =+$D38 -> 0 | I38: =+$D38 -> 0 | J38: =+$D38 -> 0 | K38: =+$D38 -> 0 | L38: =+$D38 -> 0 | M38: =+$D38 -> 0 | N38: =+$D38 -> 0 | O38: =+$D38 -> 0 | P38: =+$D38 -> 0 | Q38: =$D38 -> 0 | R38: =SUM(F38:Q38) -> 0 | T38: =R38 -> 0 | V38: =+C38 -> 0
A39: General Liability | C39: 0 | D39: =C39/12 -> 0 | F39: =+D39 -> 0 | G39: =+D39 -> 0 | H39: =+$D39 -> 0 | I39: =+$D39 -> 0 | J39: =+$D39 -> 0 | K39: =+$D39 -> 0 | L39: =+$D39 -> 0 | M39: =+$D39 -> 0 | N39: =+$D39 -> 0 | O39: =+$D39 -> 0 | P39: =+$D39 -> 0 | Q39: =$D39 -> 0 | R39: =SUM(F39:Q39) -> 0 | T39: =R39 -> 0 | V39: =+C39 -> 0
A40: Umbrella/Excess | C40: 0 | D40: =C40/12 -> 0 | F40: =+D40 -> 0 | G40: =+D40 -> 0 | H40: =+$D40 -> 0 | I40: =+$D40 -> 0 | J40: =+$D40 -> 0 | K40: =+$D40 -> 0 | L40: =+$D40 -> 0 | M40: =+$D40 -> 0 | N40: =+$D40 -> 0 | O40: =+$D40 -> 0 | P40: =+$D40 -> 0 | Q40: =$D40 -> 0 | R40: =SUM(F40:Q40) -> 0 | T40: =R40 -> 0 | V40: =+C40 -> 0
A41: Crime Bond ($100,000 Limit) | C41: 0 | D41: =C41/12 -> 0 | F41: =+D41 -> 0 | G41: =+D41 -> 0 | H41: =+$D41 -> 0 | I41: =+$D41 -> 0 | J41: =+$D41 -> 0 | K41: =+$D41 -> 0 | L41: =+$D41 -> 0 | M41: =+$D41 -> 0 | N41: =+$D41 -> 0 | O41: =+$D41 -> 0 | P41: =+$D41 -> 0 | Q41: =$D41 -> 0 | R41: =SUM(F41:Q41) -> 0 | T41: =R41 -> 0 | V41: =+C41 -> 0
A42: Workmans Compensation | C42: 0 | D42: =C42/12 -> 0 | F42: =+D42 -> 0 | G42: =+D42 -> 0 | H42: =+$D42 -> 0 | I42: =+$D42 -> 0 | J42: =+$D42 -> 0 | K42: =+$D42 -> 0 | L42: =+$D42 -> 0 | M42: =+$D42 -> 0 | N42: =+$D42 -> 0 | O42: =+$D42 -> 0 | P42: =+$D42 -> 0 | Q42: =$D42 -> 0 | R42: =SUM(F42:Q42) -> 0 | T42: =R42 -> 0 | V42: =+C42 -> 0
A43: Insurance Other | C43: 0 | D43: =C43/12 -> 0 | F43: =+D43 -> 0 | G43: =+D43 -> 0 | H43: =+$D43 -> 0 | I43: =+$D43 -> 0 | J43: =+$D43 -> 0 | K43: =+$D43 -> 0 | L43: =+$D43 -> 0 | M43: =+$D43 -> 0 | N43: =+$D43 -> 0 | O43: =+$D43 -> 0 | P43: =+$D43 -> 0 | Q43: =$D43 -> 0 | R43: =SUM(F43:Q43) -> 0 | T43: =R43 -> 0 | V43: =+C43 -> 0
A44: Insurance Other | C44: 0 | D44: =C44/12 -> 0 | F44: =+D44 -> 0 | G44: =+D44 -> 0 | H44: =+$D44 -> 0 | I44: =+$D44 -> 0 | J44: =+$D44 -> 0 | K44: =+$D44 -> 0 | L44: =+$D44 -> 0 | M44: =+$D44 -> 0 | N44: =+$D44 -> 0 | O44: =+$D44 -> 0 | P44: =+$D44 -> 0 | Q44: =$D44 -> 0 | R44: =SUM(F44:Q44) -> 0 | T44: =R44 -> 0 | V44: =+C44 -> 0
A45: Insurance Other | C45: 0 | D45: =C45/12 -> 0 | F45: =+D45 -> 0 | G45: =+D45 -> 0 | H45: =+$D45 -> 0 | I45: =+$D45 -> 0 | J45: =+$D45 -> 0 | K45: =+$D45 -> 0 | L45: =+$D45 -> 0 | M45: =+$D45 -> 0 | N45: =+$D45 -> 0 | O45: =+$D45 -> 0 | P45: =+$D45 -> 0 | Q45: =$D45 -> 0 | R45: =SUM(F45:Q45) -> 0 | T45: =R45 -> 0 | V45: =+C45 -> 0
A46: Technology Systems
A47: Dispatch Software Demand Response | C47: 0 | D47: =C47/12 -> 0 | F47: =$D47 -> 0 | G47: =$D47 -> 0 | H47: =$D47 -> 0 | I47: =$D47 -> 0 | J47: =$D47 -> 0 | K47: =$D47 -> 0 | L47: =$D47 -> 0 | M47: =$D47 -> 0 | ... Q47: =$D47 -> 0 | R47: =SUM(F47:Q47) -> 0 | T47: =R47 -> 0
A48: Dispatch Software FlexRoute | C48: 0 | D48: =C48/12 -> 0 | F48: =$D48 -> 0 | G48: =$D48 -> 0 | H48: =$D48 -> 0 | I48: =$D48 -> 0 | J48: =$D48 -> 0 | K48: =$D48 -> 0 | L48: =$D48 -> 0 | M48: =$D48 -> 0 | ... Q48: =$D48 -> 0 | R48: =SUM(F48:Q48) -> 0 | T48: =R48 -> 0
A49: Internet Service | C49: 0 | D49: =C49/12 -> 0 | F49: =$D49 -> 0 | G49: =$D49 -> 0 | H49: =$D49 -> 0 | I49: =$D49 -> 0 | J49: =$D49 -> 0 | K49: =$D49 -> 0 | L49: =$D49 -> 0 | M49: =$D49 -> 0 | ... Q49: =$D49 -> 0 | R49: =SUM(F49:Q49) -> 0 | T49: =R49 -> 0
A50: Vehicle Cameras | C50: =B50*4000 -> 0 | D50: =C50/12 -> 0 | F50: =$D50 -> 0 | G50: =$D50 -> 0 | H50: =$D50 -> 0 | I50: =$D50 -> 0 | J50: =$D50 -> 0 | K50: =$D50 -> 0 | L50: =$D50 -> 0 | M50: =$D50 -> 0 | ... Q50: =$D50 -> 0 | R50: =SUM(F50:Q50) -> 0 | T50: =R50 -> 0
A51: IT Systems | C51: 0 | D51: =C51/12 -> 0 | F51: =$D51 -> 0 | G51: =$D51 -> 0 | H51: =$D51 -> 0 | I51: =$D51 -> 0 | J51: =$D51 -> 0 | K51: =$D51 -> 0 | L51: =$D51 -> 0 | M51: =$D51 -> 0 | ... Q51: =$D51 -> 0 | R51: =SUM(F51:Q51) -> 0 | T51: =R51 -> 0
A52: Phones (LL & Cell) | C52: 0 | D52: =C52/12 -> 0 | F52: =$D52 -> 0 | G52: =$D52 -> 0 | H52: =$D52 -> 0 | I52: =$D52 -> 0 | J52: =$D52 -> 0 | K52: =$D52 -> 0 | L52: =$D52 -> 0 | M52: =$D52 -> 0 | ... Q52: =$D52 -> 0 | R52: =SUM(F52:Q52) -> 0 | T52: =R52 -> 0
A53: 2-Way Radios | C53: 0 | D53: =C53/12 -> 0 | F53: =$D53 -> 0 | G53: =$D53 -> 0 | H53: =$D53 -> 0 | I53: =$D53 -> 0 | J53: =$D53 -> 0 | K53: =$D53 -> 0 | L53: =$D53 -> 0 | M53: =$D53 -> 0 | ... Q53: =$D53 -> 0 | R53: =SUM(F53:Q53) -> 0 | T53: =R53 -> 0
A54: Dispatch Vehicle Hardware | C54: 0 | D54: =C54/12 -> 0 | F54: =+D54 -> 0 | G54: =$D54 -> 0 | H54: =$D54 -> 0 | I54: =$D54 -> 0 | J54: =$D54 -> 0 | K54: =$D54 -> 0 | L54: =$D54 -> 0 | M54: =$D54 -> 0 | N54: =$D54 -> 0 | ... Q54: =$D54 -> 0 | R54: =SUM(F54:Q54) -> 0 | T54: =R54 -> 0 | V54: =+C54 -> 0
A55: Technology Other | C55: 0 | D55: =C55/12 -> 0 | F55: =+D55 -> 0 | G55: =$D55 -> 0 | H55: =$D55 -> 0 | I55: =$D55 -> 0 | J55: =$D55 -> 0 | K55: =$D55 -> 0 | L55: =$D55 -> 0 | M55: =$D55 -> 0 | N55: =$D55 -> 0 | ... Q55: =$D55 -> 0 | R55: =SUM(F55:Q55) -> 0 | T55: =R55 -> 0
A56: Technology Other | C56: 0 | D56: =C56/12 -> 0 | F56: =+D56 -> 0 | G56: =$D56 -> 0 | H56: =$D56 -> 0 | I56: =$D56 -> 0 | J56: =$D56 -> 0 | K56: =$D56 -> 0 | L56: =$D56 -> 0 | M56: =$D56 -> 0 | N56: =$D56 -> 0 | ... Q56: =$D56 -> 0 | R56: =SUM(F56:Q56) -> 0 | T56: =R56 -> 0
A57: Technology Other | C57: 0 | D57: =C57/12 -> 0 | F57: =+D57 -> 0 | G57: =$D57 -> 0 | H57: =$D57 -> 0 | I57: =$D57 -> 0 | J57: =$D57 -> 0 | K57: =$D57 -> 0 | L57: =$D57 -> 0 | M57: =$D57 -> 0 | N57: =$D57 -> 0 | ... Q57: =$D57 -> 0 | R57: =SUM(F57:Q57) -> 0 | T57: =R57 -> 0
A58: Marketing/Ads/Promotion
A59: Vehicle Graphics | C59: 0 | D59: =C59/12 -> 0 | F59: =$D$59 -> 0 | G59: =$D$59 -> 0 | H59: =$D$59 -> 0 | I59: =$D$59 -> 0 | J59: =$D$59 -> 0 | K59: =$D$59 -> 0 | L59: =$D$59 -> 0 | M59: =$D$59 -> 0 | ... Q59: =$D$59 -> 0 | R59: =SUM(F59:Q59) -> 0 | T59: =R59 -> 0
A60: TV and Radio Marketing | C60: 0 | D60: =C60/12 -> 0 | F60: =$D$60 -> 0 | G60: =$D$60 -> 0 | H60: =$D$60 -> 0 | I60: =$D$60 -> 0 | J60: =$D$60 -> 0 | K60: =$D$60 -> 0 | L60: =$D$60 -> 0 | M60: =$D$60 -> 0 | ... Q60: =$D$60 -> 0 | R60: =SUM(F60:Q60) -> 0 | T60: =R60 -> 0
A61: Printing Services | C61: 0 | D61: =C61/12 -> 0 | F61: =$D$60 -> 0 | G61: =$D$60 -> 0 | H61: =$D61 -> 0 | I61: =$D61 -> 0 | J61: =$D61 -> 0 | K61: =$D61 -> 0 | L61: =$D61 -> 0 | M61: =$D61 -> 0 | N61: =$D61 -> 0 | O61: =$D61 -> 0 | P61: =$D61 -> 0 | Q61: =$D$61 -> 0 | R61: =SUM(F61:Q61) -> 0 | T61: =R61 -> 0 | V61: =+C61 -> 0
A62: General Marketing Services | C62: 0 | D62: =C62/12 -> 0 | F62: =$D62 -> 0 | G62: =$D62 -> 0 | H62: =$D62 -> 0 | I62: =$D62 -> 0 | J62: =$D62 -> 0 | K62: =$D62 -> 0 | L62: =$D62 -> 0 | M62: =$D62 -> 0 | ... P62: =$D62 -> 0 | Q62: =$D$62 -> 0 | R62: =SUM(F62:Q62) -> 0 | T62: =R62 -> 0
A63: Website Development & Maintnenance | C63: 0 | D63: =C63/12 -> 0 | F63: =$D$62 -> 0 | G63: =$D$62 -> 0 | H63: =$D63 -> 0 | I63: =$D63 -> 0 | J63: =$D63 -> 0 | K63: =$D63 -> 0 | L63: =$D63 -> 0 | M63: =$D63 -> 0 | N63: =$D63 -> 0 | O63: =$D63 -> 0 | P63: =$D63 -> 0 | Q63: =$D$63 -> 0 | R63: =SUM(F63:Q63) -> 0 | T63: =R63 -> 0
A64: Marketing Other | C64: 0 | D64: =C64/12 -> 0 | F64: =$D$62 -> 0 | G64: =$D$62 -> 0 | H64: =$D64 -> 0 | I64: =$D64 -> 0 | J64: =$D64 -> 0 | K64: =$D64 -> 0 | L64: =$D64 -> 0 | M64: =$D64 -> 0 | N64: =$D64 -> 0 | O64: =$D64 -> 0 | ... Q64: =$D64 -> 0 | R64: =SUM(F64:Q64) -> 0 | T64: =R64 -> 0
A65: Marketing Other | C65: 0 | D65: =C65/12 -> 0 | F65: =$D$62 -> 0 | G65: =$D$62 -> 0 | H65: =$D65 -> 0 | I65: =$D65 -> 0 | J65: =$D65 -> 0 | K65: =$D65 -> 0 | L65: =$D65 -> 0 | M65: =$D65 -> 0 | N65: =$D65 -> 0 | O65: =$D65 -> 0 | ... Q65: =$D65 -> 0 | R65: =SUM(F65:Q65) -> 0 | T65: =R65 -> 0
A66: Marketing Other | C66: 0 | D66: =C66/12 -> 0 | F66: =$D$62 -> 0 | G66: =$D$62 -> 0 | H66: =$D66 -> 0 | I66: =$D66 -> 0 | J66: =$D66 -> 0 | K66: =$D66 -> 0 | L66: =$D66 -> 0 | M66: =$D66 -> 0 | N66: =$D66 -> 0 | O66: =$D66 -> 0 | ... Q66: =$D66 -> 0 | R66: =SUM(F66:Q66) -> 0 | T66: =R66 -> 0
A67: Contracted Services
A68: Accounting Services (Book Keeping and Payroll) | C68: 0 | D68: =C68/12 -> 0 | F68: =$D68 -> 0 | G68: =$D68 -> 0 | H68: =$D68 -> 0 | I68: =$D68 -> 0 | J68: =$D68 -> 0 | K68: =$D68 -> 0 | L68: =$D68 -> 0 | M68: =$D68 -> 0 | ... Q68: =$D68 -> 0 | R68: =SUM(F68:Q68) -> 0 | T68: =R68 -> 0
A69: Attorney Fees | C69: 0 | D69: =C69/12 -> 0 | F69: =$D69 -> 0 | G69: =$D69 -> 0 | H69: =$D69 -> 0 | I69: =$D69 -> 0 | J69: =$D69 -> 0 | K69: =$D69 -> 0 | L69: =$D69 -> 0 | M69: =$D69 -> 0 | ... Q69: =$D69 -> 0 | R69: =SUM(F69:Q69) -> 0 | T69: =R69 -> 0
A70: Misc Other Services | C70: 0 | D70: =C70/12 -> 0 | F70: =$D70 -> 0 | G70: =$D70 -> 0 | H70: =$D70 -> 0 | I70: =$D70 -> 0 | J70: =$D70 -> 0 | K70: =$D70 -> 0 | L70: =$D70 -> 0 | M70: =$D70 -> 0 | ... Q70: =$D70 -> 0 | R70: =SUM(F70:Q70) -> 0 | T70: =R70 -> 0
A71: Audit/Accounting/Bank Fees | C71: 0 | D71: =C71/12 -> 0 | F71: =$D71 -> 0 | G71: =$D71 -> 0 | H71: =$D71 -> 0 | I71: =$D71 -> 0 | J71: =$D71 -> 0 | K71: =$D71 -> 0 | L71: =$D71 -> 0 | M71: =$D71 -> 0 | ... Q71: =$D71 -> 0 | R71: =SUM(F71:Q71) -> 0 | T71: =R71 -> 0
A72: Rental | C72: 0 | D72: =C72/12 -> 0 | F72: =$D72 -> 0 | G72: =$D72 -> 0 | H72: =$D72 -> 0 | I72: =$D72 -> 0 | J72: =$D72 -> 0 | K72: =$D72 -> 0 | L72: =$D72 -> 0 | M72: =$D72 -> 0 | ... Q72: =$D72 -> 0 | R72: =SUM(F72:Q72) -> 0 | T72: =R72 -> 0
A73: Contract Maintenance - Vehicles | C73: 0 | D73: =C73/12 -> 0 | F73: =$D73 -> 0 | G73: =$D73 -> 0 | H73: =$D73 -> 0 | I73: =$D73 -> 0 | J73: =$D73 -> 0 | K73: =$D73 -> 0 | L73: =$D73 -> 0 | M73: =$D73 -> 0 | ... Q73: =$D73 -> 0 | R73: =SUM(F73:Q73) -> 0 | T73: =R73 -> 0
A74: Contract Maintenance - Other | C74: 0 | D74: =C74/12 -> 0 | F74: =$D74 -> 0 | G74: =$D74 -> 0 | H74: =$D74 -> 0 | I74: =$D74 -> 0 | J74: =$D74 -> 0 | K74: =$D74 -> 0 | L74: =$D74 -> 0 | M74: =$D74 -> 0 | ... Q74: =$D74 -> 0 | R74: =SUM(F74:Q74) -> 0 | T74: =R74 -> 0
A75: Contract Maintenance - Other | C75: 0 | D75: =C75/12 -> 0 | F75: =$D75 -> 0 | G75: =$D75 -> 0 | H75: =$D75 -> 0 | I75: =$D75 -> 0 | J75: =$D75 -> 0 | K75: =$D75 -> 0 | L75: =$D75 -> 0 | M75: =$D75 -> 0 | ... Q75: =$D75 -> 0 | R75: =SUM(F75:Q75) -> 0 | T75: =R75 -> 0
A76: Contract Maintenance - Other | C76: 0 | D76: =C76/12 -> 0 | F76: =$D76 -> 0 | G76: =$D76 -> 0 | H76: =$D76 -> 0 | I76: =$D76 -> 0 | J76: =$D76 -> 0 | K76: =$D76 -> 0 | L76: =$D76 -> 0 | M76: =$D76 -> 0 | ... Q76: =$D76 -> 0 | R76: =SUM(F76:Q76) -> 0 | T76: =R76 -> 0
A77: Travel/Conference Fees/Training
A78: Training (Operations and Administration Staff) | C78: 0 | D78: =C78/12 -> 0 | F78: =$D78 -> 0 | G78: =$D78 -> 0 | H78: =$D78 -> 0 | I78: =$D78 -> 0 | J78: =$D78 -> 0 | K78: =$D78 -> 0 | L78: =$D78 -> 0 | M78: =$D78 -> 0 | ... Q78: =$D78 -> 0 | R78: =SUM(F78:Q78) -> 0 | T78: =R78 -> 0
A79: Conference Fees | C79: 0 | D79: =C79/12 -> 0 | F79: =$D79 -> 0 | G79: =$D79 -> 0 | H79: =$D79 -> 0 | I79: =$D79 -> 0 | J79: =$D79 -> 0 | K79: =$D79 -> 0 | L79: =$D79 -> 0 | M79: =$D79 -> 0 | ... Q79: =$D79 -> 0 | R79: =SUM(F79:Q79) -> 0 | T79: =R79 -> 0
A80: Instate Travel | C80: 0 | D80: =C80/12 -> 0 | F80: =$D80 -> 0 | G80: =$D80 -> 0 | H80: =$D80 -> 0 | I80: =$D80 -> 0 | J80: =$D80 -> 0 | K80: =$D80 -> 0 | L80: =$D80 -> 0 | M80: =$D80 -> 0 | ... Q80: =$D80 -> 0 | R80: =SUM(F80:Q80) -> 0 | T80: =R80 -> 0
A81: Out of State Travel/Manager Training | C81: 0 | D81: =C81/12 -> 0 | F81: =$D81 -> 0 | G81: =$D81 -> 0 | H81: =$D81 -> 0 | I81: =$D81 -> 0 | J81: =$D81 -> 0 | K81: =$D81 -> 0 | L81: =$D81 -> 0 | M81: =$D81 -> 0 | ... Q81: =$D81 -> 0 | R81: =SUM(F81:Q81) -> 0 | T81: =R81 -> 0
A82: Other | C82: 0 | D82: =C82/12 -> 0 | F82: =$D82 -> 0 | G82: =$D82 -> 0 | H82: =$D82 -> 0 | I82: =$D82 -> 0 | J82: =$D82 -> 0 | K82: =$D82 -> 0 | L82: =$D82 -> 0 | M82: =$D82 -> 0 | ... Q82: =$D82 -> 0 | R82: =SUM(F82:Q82) -> 0 | T82: =R82 -> 0
A83: Other | C83: 0 | D83: =C83/12 -> 0 | F83: =$D83 -> 0 | G83: =$D83 -> 0 | H83: =$D83 -> 0 | I83: =$D83 -> 0 | J83: =$D83 -> 0 | K83: =$D83 -> 0 | L83: =$D83 -> 0 | M83: =$D83 -> 0 | ... Q83: =$D83 -> 0 | R83: =SUM(F83:Q83) -> 0 | T83: =R83 -> 0
A84: Other | C84: 0 | D84: =C84/12 -> 0 | F84: =$D84 -> 0 | G84: =$D84 -> 0 | H84: =$D84 -> 0 | I84: =$D84 -> 0 | J84: =$D84 -> 0 | K84: =$D84 -> 0 | L84: =$D84 -> 0 | M84: =$D84 -> 0 | ... Q84: =$D84 -> 0 | R84: =SUM(F84:Q84) -> 0 | T84: =R84 -> 0
A85: Miscellaneous Other
A86: Inhouse Vehicle Maintenance | C86: 0 | D86: =C86/12 -> 0 | F86: =$D86 -> 0 | G86: =$D86 -> 0 | H86: =$D86 -> 0 | I86: =$D86 -> 0 | J86: =$D86 -> 0 | K86: =$D86 -> 0 | L86: =$D86 -> 0 | M86: =$D86 -> 0 | ... Q86: =$D86 -> 0 | R86: =SUM(F86:Q86) -> 0 | T86: =R86 -> 0
A87: Administrative Fee | C87: 0 | D87: =C87/12 -> 0 | F87: =$D87 -> 0 | G87: =$D87 -> 0 | H87: =$D87 -> 0 | I87: =$D87 -> 0 | J87: =$D87 -> 0 | K87: =$D87 -> 0 | L87: =$D87 -> 0 | M87: =$D87 -> 0 | ... Q87: =$D87 -> 0 | R87: =SUM(F87:Q87) -> 0 | T87: =R87 -> 0
A88: Public Hearing Notices | C88: 0 | D88: =C88/12 -> 0 | F88: =$D88 -> 0 | G88: =$D88 -> 0 | H88: =$D88 -> 0 | I88: =$D88 -> 0 | J88: =$D88 -> 0 | K88: =$D88 -> 0 | L88: =$D88 -> 0 | M88: =$D88 -> 0 | ... Q88: =$D88 -> 0 | R88: =SUM(F88:Q88) -> 0 | T88: =R88 -> 0 | V88: =+C88 -> 0
A89: Uniforms | C89: 0 | D89: =C89/12 -> 0 | F89: =$D89 -> 0 | G89: =$D89 -> 0 | H89: =$D89 -> 0 | I89: =$D89 -> 0 | J89: =$D89 -> 0 | K89: =$D89 -> 0 | L89: =$D89 -> 0 | M89: =$D89 -> 0 | ... Q89: =$D89 -> 0 | R89: =SUM(F89:Q89) -> 0 | T89: =R89 -> 0 | V89: =+C89 -> 0
A90: Safety Equipment | C90: 0 | D90: =C90/12 -> 0 | F90: =$D90 -> 0 | G90: =$D90 -> 0 | H90: =$D90 -> 0 | I90: =$D90 -> 0 | J90: =$D90 -> 0 | K90: =$D90 -> 0 | L90: =$D90 -> 0 | M90: =$D90 -> 0 | ... Q90: =$D90 -> 0 | R90: =SUM(F90:Q90) -> 0 | T90: =R90 -> 0 | V90: =+C90 -> 0
A91: FareBoxes and Small Equipment | C91: 0 | D91: =C91/12 -> 0 | F91: =$D91 -> 0 | G91: =$D91 -> 0 | H91: =$D91 -> 0 | I91: =$D91 -> 0 | J91: =$D91 -> 0 | K91: =$D91 -> 0 | L91: =$D91 -> 0 | M91: =$D91 -> 0 | ... Q91: =$D91 -> 0 | R91: =SUM(F91:Q91) -> 0 | T91: =R91 -> 0
A92: Inhouse Training/Employee Recognition/Workshops | C92: 0 | D92: =C92/12 -> 0 | F92: =$D92 -> 0 | G92: =$D92 -> 0 | H92: =$D92 -> 0 | I92: =$D92 -> 0 | J92: =$D92 -> 0 | K92: =$D92 -> 0 | L92: =$D92 -> 0 | M92: =$D92 -> 0 | ... Q92: =$D92 -> 0 | R92: =SUM(F92:Q92) -> 0 | T92: =R92 -> 0
A93: Bus Stop Maintenance | C93: 0 | D93: =C93/12 -> 0 | F93: =$D93 -> 0 | G93: =$D93 -> 0 | H93: =$D93 -> 0 | I93: =$D93 -> 0 | J93: =$D93 -> 0 | K93: =$D93 -> 0 | L93: =$D93 -> 0 | M93: =$D93 -> 0 | ... Q93: =$D93 -> 0 | R93: =SUM(F93:Q93) -> 0 | T93: =R93 -> 0
A94: Office Supplies | C94: 0 | D94: =C94/12 -> 0 | F94: =$D94 -> 0 | G94: =$D94 -> 0 | H94: =$D94 -> 0 | I94: =$D94 -> 0 | J94: =$D94 -> 0 | K94: =$D94 -> 0 | L94: =$D94 -> 0 | M94: =$D94 -> 0 | ... Q94: =$D94 -> 0 | R94: =SUM(F94:Q94) -> 0 | T94: =R94 -> 0 | V94: =+C94 -> 0
A95: Memberships | C95: 0 | D95: =C95/12 -> 0 | F95: =$D95 -> 0 | G95: =$D95 -> 0 | H95: =$D95 -> 0 | I95: =$D95 -> 0 | J95: =$D95 -> 0 | K95: =$D95 -> 0 | L95: =$D95 -> 0 | M95: =$D95 -> 0 | ... Q95: =$D95 -> 0 | R95: =SUM(F95:Q95) -> 0 | T95: =R95 -> 0
A96: Drug/Alcohol Testing/Physicals/Backgrond Checks | C96: 0 | D96: =C96/12 -> 0 | F96: =$D96 -> 0 | G96: =$D96 -> 0 | H96: =$D96 -> 0 | I96: =$D96 -> 0 | J96: =$D96 -> 0 | K96: =$D96 -> 0 | L96: =$D96 -> 0 | M96: =$D96 -> 0 | ... Q96: =$D96 -> 0 | R96: =SUM(F96:Q96) -> 0 | T96: =R96 -> 0 | V96: =+C96 -> 0
A97: Other | C97: 0 | D97: =C97/12 -> 0 | F97: =$D97 -> 0 | G97: =$D97 -> 0 | H97: =$D97 -> 0 | I97: =$D97 -> 0 | J97: =$D97 -> 0 | K97: =$D97 -> 0 | L97: =$D97 -> 0 | M97: =$D97 -> 0 | ... Q97: =$D97 -> 0 | R97: =SUM(F97:Q97) -> 0 | T97: =R97 -> 0
A98: Other | C98: 0 | D98: =C98/12 -> 0 | F98: =$D98 -> 0 | G98: =$D98 -> 0 | H98: =$D98 -> 0 | I98: =$D98 -> 0 | J98: =$D98 -> 0 | K98: =$D98 -> 0 | L98: =$D98 -> 0 | M98: =$D98 -> 0 | ... Q98: =$D98 -> 0 | R98: =SUM(F98:Q98) -> 0 | T98: =R98 -> 0
A99: Other | C99: 0 | D99: =C99/12 -> 0 | F99: =$D99 -> 0 | G99: =$D99 -> 0 | H99: =$D99 -> 0 | I99: =$D99 -> 0 | J99: =$D99 -> 0 | K99: =$D99 -> 0 | L99: =$D99 -> 0 | M99: =$D99 -> 0 | ... Q99: =$D99 -> 0 | R99: =SUM(F99:Q99) -> 0 | T99: =R99 -> 0
A100: Other | C100: 0 | D100: =C100/12 -> 0 | F100: =$D100 -> 0 | G100: =$D100 -> 0 | H100: =$D100 -> 0 | I100: =$D100 -> 0 | J100: =$D100 -> 0 | K100: =$D100 -> 0 | L100: =$D100 -> 0 | M100: =$D100 -> 0 | ... Q100: =$D100 -> 0 | R100: =SUM(F100:Q100) -> 0 | T100: =R100 -> 0
A101: Total Administrative Services | C101: =SUM(C6:C100) -> 0 | D101: =SUM(D6:D100) -> 0 | F101: =SUM(F6:F100) -> 0 | G101: =SUM(G6:G100) -> 0 | H101: =SUM(H6:H100) -> 0 | I101: =SUM(I6:I100) -> 0 | J101: =SUM(J6:J100) -> 0 | K101: =SUM(K6:K100) -> 0 | L101: =SUM(L6:L100) -> 0 | M101: =SUM(M6:M100) -> 0 | ... R101: =SUM(R6:R100) -> 0 | T101: =SUM(T6:T100) -> 0 | V101: =SUM(V6:V100) -> 0
...

Sheet 2028 - 5311
A1: Master Budget ~ FY2028 | C1: FY 2028 | F1: July | G1: Aug. | H1: Sept. | I1: Oct. | J1: Nov. | K1: Dec. | L1: Jan. | M1: Feb. | N1: Mar. | O1: Apr. | P1: May | Q1: June | R1: YTD | T1: 5311 Grant
C2: Budget
A3: Budget Item | C3: Annual | D3: Monthly | F3: Expenses | G3: Expenses | H3: Expenses | I3: Expenses | J3: Expenses | K3: Expenses | L3: Expenses | M3: Expenses | N3: Expenses | O3: Expenses | P3: Expenses | Q3: Expenses | R3: Total | T3: FY 2028
A4: NON-OPERATING SERVICES (80% Federal Funded: 10% State Funded)
B5: Quantity
A6: Transit Manager | C6: 0 | D6: =C6/12 -> 0 | F6: =$D$6 -> 0 | G6: =$D$6 -> 0 | H6: =$D$6 -> 0 | I6: =$D$6 -> 0 | J6: =$D$6 -> 0 | K6: =$D$6 -> 0 | L6: =$D$6 -> 0 | M6: =$D$6 -> 0 | ... Q6: =$D$6 -> 0 | R6: =SUM(F6:Q6) -> 0 | T6: =R6 -> 0
A7: Salary Taxes | C7: =C6*'Benefits and Salary Taxes'!D7 -> 0 | D7: =C7/12 -> 0 | F7: =+D7 -> 0 | G7: =+$D7 -> 0 | H7: =+$D7 -> 0 | I7: =+$D7 -> 0 | J7: =+$D7 -> 0 | K7: =+$D7 -> 0 | L7: =+$D7 -> 0 | M7: =+$D7 -> 0 | N7: =+$D7 -> 0 | ... P7: =+$D7 -> 0 | Q7: =+D7 -> 0 | R7: =SUM(F7:Q7) -> 0 | T7: =R7 -> 0
A8: Fringe Benefits (Health, 403(b), 401k) | C8: =+'Benefits and Salary Taxes'!E16*12 -> 0 | D8: =C8/12 -> 0 | F8: =$D$8 -> 0 | G8: =$D$8 -> 0 | H8: =$D$8 -> 0 | I8: =$D$8 -> 0 | J8: =$D$8 -> 0 | K8: =$D$8 -> 0 | L8: =$D$8 -> 0 | M8: =$D$8 -> 0 | ... Q8: =$D$8 -> 0 | R8: =SUM(F8:Q8) -> 0 | T8: =R8 -> 0
A9: Operations Manager | C9: 0 | D9: =C9/12 -> 0 | F9: =+$D$9 -> 0 | G9: =+$D$9 -> 0 | H9: =+$D$9 -> 0 | I9: =+$D$9 -> 0 | J9: =+$D$9 -> 0 | K9: =+$D$9 -> 0 | L9: =+$D$9 -> 0 | M9: =+$D$9 -> 0 | ... P9: =+$D$9 -> 0 | Q9: =$D$9 -> 0 | R9: =SUM(F9:Q9) -> 0 | T9: =R9 -> 0 | V9: =+C9 -> 0
A10: Salary Taxes | C10: =+C9*'Benefits and Salary Taxes'!D7 -> 0 | D10: =C10/12 -> 0 | F10: =+$D$10 -> 0 | G10: =+$D$10 -> 0 | H10: =+$D$10 -> 0 | I10: =+$D$10 -> 0 | J10: =+$D$10 -> 0 | K10: =+$D$10 -> 0 | L10: =+$D$10 -> 0 | M10: =+$D$10 -> 0 | ... P10: =+$D$10 -> 0 | Q10: =$D$10 -> 0 | R10: =SUM(F10:Q10) -> 0 | T10: =R10 -> 0 | V10: =+C10 -> 0
A11: Fringe Benefits (Health, 403(b), 401k) | C11: 0 | D11: =C11/12 -> 0 | F11: =+D11 -> 0 | G11: =+$D11 -> 0 | H11: =+$D11 -> 0 | I11: =+$D11 -> 0 | J11: =+$D11 -> 0 | K11: =+$D11 -> 0 | L11: =+$D11 -> 0 | M11: =+$D11 -> 0 | N11: =+$D11 -> 0 | ... P11: =+$D11 -> 0 | Q11: =$D$11 -> 0 | R11: =SUM(F11:Q11) -> 0 | T11: =R11 -> 0 | V11: =+C11 -> 0
A12: Transit Director | D12: =C12/12 -> 0 | Q12: =+D12 -> 0 | R12: =SUM(F12:Q12) -> 0 | T12: =+R12 -> 0
A13: Salary Taxes | D13: =C13/12 -> 0 | Q13: =+D13 -> 0 | R13: =SUM(F13:Q13) -> 0 | T13: =+R13 -> 0
A15: Administrative | C15: 0 | D15: =C15/12 -> 0 | F15: =+D15 -> 0 | G15: =+$D15 -> 0 | H15: =+$D15 -> 0 | I15: =+$D15 -> 0 | J15: =+$D15 -> 0 | K15: =+$D15 -> 0 | L15: =+$D15 -> 0 | M15: =+$D15 -> 0 | N15: =+$D15 -> 0 | ... P15: =+$D15 -> 0 | Q15: =$D$15 -> 0 | R15: =SUM(F15:Q15) -> 0 | T15: =R15 -> 0 | V15: =+C15 -> 0
A16: Salary Taxes | C16: =+C15*'Benefits and Salary Taxes'!D7 -> 0 | D16: =C16/12 -> 0 | F16: =+D16 -> 0 | G16: =+$D16 -> 0 | H16: =+$D16 -> 0 | I16: =+$D16 -> 0 | J16: =+$D16 -> 0 | K16: =+$D16 -> 0 | L16: =+$D16 -> 0 | M16: =+$D16 -> 0 | N16: =+$D16 -> 0 | ... P16: =+$D16 -> 0 | Q16: =+D16 -> 0 | R16: =SUM(F16:Q16) -> 0 | T16: =R16 -> 0 | V16: =+C16 -> 0
A17: Fringe Benefits (Health, 403(b), 401k) | C17: 0 | D17: =C17/12 -> 0 | F17: =+D17 -> 0 | G17: =+$D17 -> 0 | H17: =+$D17 -> 0 | I17: =+$D17 -> 0 | J17: =+$D17 -> 0 | K17: =+$D17 -> 0 | L17: =+$D17 -> 0 | M17: =+$D17 -> 0 | N17: =+$D17 -> 0 | ... P17: =+$D17 -> 0 | Q17: =$D$17 -> 0 | R17: =SUM(F17:Q17) -> 0 | T17: =R17 -> 0 | V17: =+C17 -> 0
A18: Marketing/Planning Staff | C18: 0 | D18: =C18/12 -> 0 | F18: =+D18 -> 0 | G18: =+$D18 -> 0 | H18: =+$D18 -> 0 | I18: =+$D18 -> 0 | J18: =+$D18 -> 0 | K18: =+$D18 -> 0 | L18: =+$D18 -> 0 | M18: =+$D18 -> 0 | N18: =+$D18 -> 0 | ... Q18: =+$D18 -> 0 | R18: =SUM(F18:Q18) -> 0 | T18: =R18 -> 0
A19: Salary Taxes | C19: =C18*'Benefits and Salary Taxes'!D7 -> 0 | D19: =C19/12 -> 0 | F19: =+D19 -> 0 | G19: =+$D19 -> 0 | H19: =+$D19 -> 0 | I19: =+$D19 -> 0 | J19: =+$D19 -> 0 | K19: =+$D19 -> 0 | L19: =+$D19 -> 0 | M19: =+$D19 -> 0 | N19: =+$D19 -> 0 | ... P19: =+$D19 -> 0 | Q19: =+D19 -> 0 | R19: =SUM(F19:Q19) -> 0 | T19: =R19 -> 0
A20: Fringe Benefits (Health, 403(b), 401k) | C20: 0 | D20: =C20/12 -> 0 | F20: =+D20 -> 0 | G20: =+$D20 -> 0 | H20: =+$D20 -> 0 | I20: =+$D20 -> 0 | J20: =+$D20 -> 0 | K20: =+$D20 -> 0 | L20: =+$D20 -> 0 | M20: =+$D20 -> 0 | N20: =+$D20 -> 0 | ... P20: =+$D20 -> 0 | Q20: =$D$17 -> 0 | R20: =SUM(F20:Q20) -> 0 | T20: =R20 -> 0
A21: Accounting Staff | C21: 0 | D21: =C21/12 -> 0 | F21: =+D21 -> 0 | G21: =+$D21 -> 0 | H21: =+$D21 -> 0 | I21: =+$D21 -> 0 | J21: =+$D21 -> 0 | K21: =+$D21 -> 0 | L21: =+$D21 -> 0 | M21: =+$D21 -> 0 | N21: =+$D21 -> 0 | ... Q21: =+$D21 -> 0 | R21: =SUM(F21:Q21) -> 0 | T21: =R21 -> 0
A22: Salary Taxes | C22: =C21*'Benefits and Salary Taxes'!D10 -> 0 | D22: =C22/12 -> 0 | F22: =+D22 -> 0 | G22: =+$D22 -> 0 | H22: =+$D22 -> 0 | I22: =+$D22 -> 0 | J22: =+$D22 -> 0 | K22: =+$D22 -> 0 | L22: =+$D22 -> 0 | M22: =+$D22 -> 0 | N22: =+$D22 -> 0 | ... P22: =+$D22 -> 0 | Q22: =+D22 -> 0 | R22: =SUM(F22:Q22) -> 0 | T22: =R22 -> 0
A23: Fringe Benefits (Health, 403(b), 401k) | C23: 0 | D23: =C23/12 -> 0 | F23: =+D23 -> 0 | G23: =+$D23 -> 0 | H23: =+$D23 -> 0 | I23: =+$D23 -> 0 | J23: =+$D23 -> 0 | K23: =+$D23 -> 0 | L23: =+$D23 -> 0 | M23: =+$D23 -> 0 | N23: =+$D23 -> 0 | ... P23: =+$D23 -> 0 | Q23: =+D23 -> 0 | R23: =SUM(F23:Q23) -> 0 | T23: =R23 -> 0
A24: Other Staff | C24: 0 | D24: =C24/12 -> 0 | F24: =+D24 -> 0 | G24: =+$D24 -> 0 | H24: =+$D24 -> 0 | I24: =+$D24 -> 0 | J24: =+$D24 -> 0 | K24: =+$D24 -> 0 | L24: =+$D24 -> 0 | M24: =+$D24 -> 0 | N24: =+$D24 -> 0 | ... Q24: =+$D24 -> 0 | R24: =SUM(F24:Q24) -> 0 | T24: =R24 -> 0
A25: Salary Taxes | C25: =C24*'Benefits and Salary Taxes'!D10 -> 0 | D25: =C25/12 -> 0 | F25: =+D25 -> 0 | G25: =+$D25 -> 0 | H25: =+$D25 -> 0 | I25: =+$D25 -> 0 | J25: =+$D25 -> 0 | K25: =+$D25 -> 0 | L25: =+$D25 -> 0 | M25: =+$D25 -> 0 | N25: =+$D25 -> 0 | ... P25: =+$D25 -> 0 | Q25: =+D25 -> 0 | R25: =SUM(F25:Q25) -> 0 | T25: =R25 -> 0
A26: Fringe Benefits (Health, 403(b), 401k) | C26: 0 | D26: =C26/12 -> 0 | F26: =+D26 -> 0 | G26: =+$D26 -> 0 | H26: =+$D26 -> 0 | I26: =+$D26 -> 0 | J26: =+$D26 -> 0 | K26: =+$D26 -> 0 | L26: =+$D26 -> 0 | M26: =+$D26 -> 0 | N26: =+$D26 -> 0 | ... P26: =+$D26 -> 0 | Q26: =+D26 -> 0 | R26: =SUM(F26:Q26) -> 0 | T26: =R26 -> 0
A27: Facility
A28: Building Lease | C28: 0 | D28: =C28/12 -> 0 | F28: =+D28 -> 0 | G28: =+$D28 -> 0 | H28: =+$D28 -> 0 | I28: =+$D28 -> 0 | J28: =+$D28 -> 0 | K28: =+$D28 -> 0 | L28: =+$D28 -> 0 | M28: =+$D28 -> 0 | N28: =+$D28 -> 0 | ... P28: =+$D28 -> 0 | Q28: =$D28 -> 0 | R28: =SUM(F28:Q28) -> 0 | T28: =R28 -> 0 | V28: =+C28 -> 0
A29: Building Utilities | C29: 0 | D29: =C29/12 -> 0 | F29: =+D29 -> 0 | G29: =+$D29 -> 0 | H29: =+$D29 -> 0 | I29: =+$D29 -> 0 | J29: =+$D29 -> 0 | K29: =+$D29 -> 0 | L29: =+$D29 -> 0 | M29: =+$D29 -> 0 | N29: =+$D29 -> 0 | ... P29: =+$D29 -> 0 | Q29: =$D$29 -> 0 | R29: =SUM(F29:Q29) -> 0 | T29: =R29 -> 0 | V29: =+C29 -> 0
A30: Building Maintenance | C30: 0 | D30: =C30/12 -> 0 | F30: =+D30 -> 0 | G30: =+$D30 -> 0 | H30: =+$D30 -> 0 | I30: =+$D30 -> 0 | J30: =+$D30 -> 0 | K30: =+$D30 -> 0 | L30: =+$D30 -> 0 | M30: =+$D30 -> 0 | N30: =+$D30 -> 0 | ... P30: =+$D30 -> 0 | Q30: =$D$30 -> 0 | R30: =SUM(F30:Q30) -> 0 | T30: =R30 -> 0
A31: Building Other | C31: 0 | D31: =C31/12 -> 0 | F31: =+D31 -> 0 | G31: =+$D31 -> 0 | H31: =+$D31 -> 0 | I31: =+$D31 -> 0 | J31: =+$D31 -> 0 | K31: =+$D31 -> 0 | L31: =+$D31 -> 0 | M31: =+$D31 -> 0 | N31: =+$D31 -> 0 | ... Q31: =+$D31 -> 0 | R31: =SUM(F31:Q31) -> 0 | T31: =R31 -> 0
A32: Building Other | C32: 0 | D32: =C32/12 -> 0 | F32: =+D32 -> 0 | G32: =+$D32 -> 0 | H32: =+$D32 -> 0 | I32: =+$D32 -> 0 | J32: =+$D32 -> 0 | K32: =+$D32 -> 0 | L32: =+$D32 -> 0 | M32: =+$D32 -> 0 | N32: =+$D32 -> 0 | ... Q32: =+$D32 -> 0 | R32: =SUM(F32:Q32) -> 0 | T32: =R32 -> 0
A33: Building Other | C33: 0 | D33: =C33/12 -> 0 | F33: =+D33 -> 0 | G33: =+$D33 -> 0 | H33: =+$D33 -> 0 | I33: =+$D33 -> 0 | J33: =+$D33 -> 0 | K33: =+$D33 -> 0 | L33: =+$D33 -> 0 | M33: =+$D33 -> 0 | N33: =+$D33 -> 0 | ... Q33: =+$D33 -> 0 | R33: =SUM(F33:Q33) -> 0 | T33: =R33 -> 0
A34: Building Other | C34: 0 | D34: =C34/12 -> 0 | F34: =+D34 -> 0 | G34: =+$D34 -> 0 | H34: =+$D34 -> 0 | I34: =+$D34 -> 0 | J34: =+$D34 -> 0 | K34: =+$D34 -> 0 | L34: =+$D34 -> 0 | M34: =+$D34 -> 0 | N34: =+$D34 -> 0 | ... Q34: =+$D34 -> 0 | R34: =SUM(F34:Q34) -> 0 | T34: =R34 -> 0
A35: Insurance
A36: Insurance D&O | C36: 0 | D36: =C36/12 -> 0 | F36: =+D36 -> 0 | G36: =+D36 -> 0 | H36: =+$D36 -> 0 | I36: =+$D36 -> 0 | J36: =+$D36 -> 0 | K36: =+$D36 -> 0 | L36: =+$D36 -> 0 | M36: =+$D36 -> 0 | N36: =+$D36 -> 0 | O36: =+$D36 -> 0 | P36: =+$D36 -> 0 | Q36: =$D36 -> 0 | R36: =SUM(F36:Q36) -> 0 | T36: =R36 -> 0 | V36: =+C36 -> 0
A37: Cyber Insurance | C37: 0 | D37: =C37/12 -> 0 | F37: =+D37 -> 0 | G37: =+D37 -> 0 | H37: =+$D37 -> 0 | I37: =+$D37 -> 0 | J37: =+$D37 -> 0 | K37: =+$D37 -> 0 | L37: =+$D37 -> 0 | M37: =+$D37 -> 0 | N37: =+$D37 -> 0 | O37: =+$D37 -> 0 | P37: =+$D37 -> 0 | Q37: =$D37 -> 0 | R37: =SUM(F37:Q37) -> 0 | T37: =R37 -> 0 | V37: =+C37 -> 0
A38: Commercial Auto | C38: 0 | D38: =C38/12 -> 0 | F38: =+D38 -> 0 | G38: =+D38 -> 0 | H38: =+$D38 -> 0 | I38: =+$D38 -> 0 | J38: =+$D38 -> 0 | K38: =+$D38 -> 0 | L38: =+$D38 -> 0 | M38: =+$D38 -> 0 | N38: =+$D38 -> 0 | O38: =+$D38 -> 0 | P38: =+$D38 -> 0 | Q38: =$D38 -> 0 | R38: =SUM(F38:Q38) -> 0 | T38: =R38 -> 0 | V38: =+C38 -> 0
A39: General Liability | C39: 0 | D39: =C39/12 -> 0 | F39: =+D39 -> 0 | G39: =+D39 -> 0 | H39: =+$D39 -> 0 | I39: =+$D39 -> 0 | J39: =+$D39 -> 0 | K39: =+$D39 -> 0 | L39: =+$D39 -> 0 | M39: =+$D39 -> 0 | N39: =+$D39 -> 0 | O39: =+$D39 -> 0 | P39: =+$D39 -> 0 | Q39: =$D39 -> 0 | R39: =SUM(F39:Q39) -> 0 | T39: =R39 -> 0 | V39: =+C39 -> 0
A40: Umbrella/Excess | C40: 0 | D40: =C40/12 -> 0 | F40: =+D40 -> 0 | G40: =+D40 -> 0 | H40: =+$D40 -> 0 | I40: =+$D40 -> 0 | J40: =+$D40 -> 0 | K40: =+$D40 -> 0 | L40: =+$D40 -> 0 | M40: =+$D40 -> 0 | N40: =+$D40 -> 0 | O40: =+$D40 -> 0 | P40: =+$D40 -> 0 | Q40: =$D40 -> 0 | R40: =SUM(F40:Q40) -> 0 | T40: =R40 -> 0 | V40: =+C40 -> 0
A41: Crime Bond ($100,000 Limit) | C41: 0 | D41: =C41/12 -> 0 | F41: =+D41 -> 0 | G41: =+D41 -> 0 | H41: =+$D41 -> 0 | I41: =+$D41 -> 0 | J41: =+$D41 -> 0 | K41: =+$D41 -> 0 | L41: =+$D41 -> 0 | M41: =+$D41 -> 0 | N41: =+$D41 -> 0 | O41: =+$D41 -> 0 | P41: =+$D41 -> 0 | Q41: =$D41 -> 0 | R41: =SUM(F41:Q41) -> 0 | T41: =R41 -> 0 | V41: =+C41 -> 0
A42: Workmans Compensation | C42: 0 | D42: =C42/12 -> 0 | F42: =+D42 -> 0 | G42: =+D42 -> 0 | H42: =+$D42 -> 0 | I42: =+$D42 -> 0 | J42: =+$D42 -> 0 | K42: =+$D42 -> 0 | L42: =+$D42 -> 0 | M42: =+$D42 -> 0 | N42: =+$D42 -> 0 | O42: =+$D42 -> 0 | P42: =+$D42 -> 0 | Q42: =$D42 -> 0 | R42: =SUM(F42:Q42) -> 0 | T42: =R42 -> 0 | V42: =+C42 -> 0
A43: Insurance Other | C43: 0 | D43: =C43/12 -> 0 | F43: =+D43 -> 0 | G43: =+D43 -> 0 | H43: =+$D43 -> 0 | I43: =+$D43 -> 0 | J43: =+$D43 -> 0 | K43: =+$D43 -> 0 | L43: =+$D43 -> 0 | M43: =+$D43 -> 0 | N43: =+$D43 -> 0 | O43: =+$D43 -> 0 | P43: =+$D43 -> 0 | Q43: =$D43 -> 0 | R43: =SUM(F43:Q43) -> 0 | T43: =R43 -> 0 | V43: =+C43 -> 0
A44: Insurance Other | C44: 0 | D44: =C44/12 -> 0 | F44: =+D44 -> 0 | G44: =+D44 -> 0 | H44: =+$D44 -> 0 | I44: =+$D44 -> 0 | J44: =+$D44 -> 0 | K44: =+$D44 -> 0 | L44: =+$D44 -> 0 | M44: =+$D44 -> 0 | N44: =+$D44 -> 0 | O44: =+$D44 -> 0 | P44: =+$D44 -> 0 | Q44: =$D44 -> 0 | R44: =SUM(F44:Q44) -> 0 | T44: =R44 -> 0 | V44: =+C44 -> 0
A45: Insurance Other | C45: 0 | D45: =C45/12 -> 0 | F45: =+D45 -> 0 | G45: =+D45 -> 0 | H45: =+$D45 -> 0 | I45: =+$D45 -> 0 | J45: =+$D45 -> 0 | K45: =+$D45 -> 0 | L45: =+$D45 -> 0 | M45: =+$D45 -> 0 | N45: =+$D45 -> 0 | O45: =+$D45 -> 0 | P45: =+$D45 -> 0 | Q45: =$D45 -> 0 | R45: =SUM(F45:Q45) -> 0 | T45: =R45 -> 0 | V45: =+C45 -> 0
A46: Technology Systems
A47: Dispatch Software Demand Response | C47: 0 | D47: =C47/12 -> 0 | F47: =$D47 -> 0 | G47: =$D47 -> 0 | H47: =$D47 -> 0 | I47: =$D47 -> 0 | J47: =$D47 -> 0 | K47: =$D47 -> 0 | L47: =$D47 -> 0 | M47: =$D47 -> 0 | ... Q47: =$D47 -> 0 | R47: =SUM(F47:Q47) -> 0 | T47: =R47 -> 0
A48: Dispatch Software FlexRoute | C48: 0 | D48: =C48/12 -> 0 | F48: =$D48 -> 0 | G48: =$D48 -> 0 | H48: =$D48 -> 0 | I48: =$D48 -> 0 | J48: =$D48 -> 0 | K48: =$D48 -> 0 | L48: =$D48 -> 0 | M48: =$D48 -> 0 | ... Q48: =$D48 -> 0 | R48: =SUM(F48:Q48) -> 0 | T48: =R48 -> 0
A49: Internet Service | C49: 0 | D49: =C49/12 -> 0 | F49: =$D49 -> 0 | G49: =$D49 -> 0 | H49: =$D49 -> 0 | I49: =$D49 -> 0 | J49: =$D49 -> 0 | K49: =$D49 -> 0 | L49: =$D49 -> 0 | M49: =$D49 -> 0 | ... Q49: =$D49 -> 0 | R49: =SUM(F49:Q49) -> 0 | T49: =R49 -> 0
A50: Vehicle Cameras | C50: =B50*4000 -> 0 | D50: =C50/12 -> 0 | F50: =$D50 -> 0 | G50: =$D50 -> 0 | H50: =$D50 -> 0 | I50: =$D50 -> 0 | J50: =$D50 -> 0 | K50: =$D50 -> 0 | L50: =$D50 -> 0 | M50: =$D50 -> 0 | ... Q50: =$D50 -> 0 | R50: =SUM(F50:Q50) -> 0 | T50: =R50 -> 0
A51: IT Systems | C51: 0 | D51: =C51/12 -> 0 | F51: =$D51 -> 0 | G51: =$D51 -> 0 | H51: =$D51 -> 0 | I51: =$D51 -> 0 | J51: =$D51 -> 0 | K51: =$D51 -> 0 | L51: =$D51 -> 0 | M51: =$D51 -> 0 | ... Q51: =$D51 -> 0 | R51: =SUM(F51:Q51) -> 0 | T51: =R51 -> 0
A52: Phones (LL & Cell) | C52: 0 | D52: =C52/12 -> 0 | F52: =$D52 -> 0 | G52: =$D52 -> 0 | H52: =$D52 -> 0 | I52: =$D52 -> 0 | J52: =$D52 -> 0 | K52: =$D52 -> 0 | L52: =$D52 -> 0 | M52: =$D52 -> 0 | ... Q52: =$D52 -> 0 | R52: =SUM(F52:Q52) -> 0 | T52: =R52 -> 0
A53: 2-Way Radios | C53: 0 | D53: =C53/12 -> 0 | F53: =$D53 -> 0 | G53: =$D53 -> 0 | H53: =$D53 -> 0 | I53: =$D53 -> 0 | J53: =$D53 -> 0 | K53: =$D53 -> 0 | L53: =$D53 -> 0 | M53: =$D53 -> 0 | ... Q53: =$D53 -> 0 | R53: =SUM(F53:Q53) -> 0 | T53: =R53 -> 0
A54: Dispatch Vehicle Hardware | C54: 0 | D54: =C54/12 -> 0 | F54: =+D54 -> 0 | G54: =$D54 -> 0 | H54: =$D54 -> 0 | I54: =$D54 -> 0 | J54: =$D54 -> 0 | K54: =$D54 -> 0 | L54: =$D54 -> 0 | M54: =$D54 -> 0 | N54: =$D54 -> 0 | ... Q54: =$D54 -> 0 | R54: =SUM(F54:Q54) -> 0 | T54: =R54 -> 0 | V54: =+C54 -> 0
A55: Technology Other | C55: 0 | D55: =C55/12 -> 0 | F55: =+D55 -> 0 | G55: =$D55 -> 0 | H55: =$D55 -> 0 | I55: =$D55 -> 0 | J55: =$D55 -> 0 | K55: =$D55 -> 0 | L55: =$D55 -> 0 | M55: =$D55 -> 0 | N55: =$D55 -> 0 | ... Q55: =$D55 -> 0 | R55: =SUM(F55:Q55) -> 0 | T55: =R55 -> 0
A56: Technology Other | C56: 0 | D56: =C56/12 -> 0 | F56: =+D56 -> 0 | G56: =$D56 -> 0 | H56: =$D56 -> 0 | I56: =$D56 -> 0 | J56: =$D56 -> 0 | K56: =$D56 -> 0 | L56: =$D56 -> 0 | M56: =$D56 -> 0 | N56: =$D56 -> 0 | ... Q56: =$D56 -> 0 | R56: =SUM(F56:Q56) -> 0 | T56: =R56 -> 0
A57: Technology Other | C57: 0 | D57: =C57/12 -> 0 | F57: =+D57 -> 0 | G57: =$D57 -> 0 | H57: =$D57 -> 0 | I57: =$D57 -> 0 | J57: =$D57 -> 0 | K57: =$D57 -> 0 | L57: =$D57 -> 0 | M57: =$D57 -> 0 | N57: =$D57 -> 0 | ... Q57: =$D57 -> 0 | R57: =SUM(F57:Q57) -> 0 | T57: =R57 -> 0
A58: Marketing/Ads/Promotion
A59: Vehicle Graphics | C59: 0 | D59: =C59/12 -> 0 | F59: =$D$59 -> 0 | G59: =$D$59 -> 0 | H59: =$D$59 -> 0 | I59: =$D$59 -> 0 | J59: =$D$59 -> 0 | K59: =$D$59 -> 0 | L59: =$D$59 -> 0 | M59: =$D$59 -> 0 | ... Q59: =$D$59 -> 0 | R59: =SUM(F59:Q59) -> 0 | T59: =R59 -> 0
A60: TV and Radio Marketing | C60: 0 | D60: =C60/12 -> 0 | F60: =$D$60 -> 0 | G60: =$D$60 -> 0 | H60: =$D$60 -> 0 | I60: =$D$60 -> 0 | J60: =$D$60 -> 0 | K60: =$D$60 -> 0 | L60: =$D$60 -> 0 | M60: =$D$60 -> 0 | ... Q60: =$D$60 -> 0 | R60: =SUM(F60:Q60) -> 0 | T60: =R60 -> 0
A61: Printing Services | C61: 0 | D61: =C61/12 -> 0 | F61: =$D$60 -> 0 | G61: =$D$60 -> 0 | H61: =$D61 -> 0 | I61: =$D61 -> 0 | J61: =$D61 -> 0 | K61: =$D61 -> 0 | L61: =$D61 -> 0 | M61: =$D61 -> 0 | N61: =$D61 -> 0 | O61: =$D61 -> 0 | P61: =$D61 -> 0 | Q61: =$D$61 -> 0 | R61: =SUM(F61:Q61) -> 0 | T61: =R61 -> 0 | V61: =+C61 -> 0
A62: General Marketing Services | C62: 0 | D62: =C62/12 -> 0 | F62: =$D62 -> 0 | G62: =$D62 -> 0 | H62: =$D62 -> 0 | I62: =$D62 -> 0 | J62: =$D62 -> 0 | K62: =$D62 -> 0 | L62: =$D62 -> 0 | M62: =$D62 -> 0 | ... P62: =$D62 -> 0 | Q62: =$D$62 -> 0 | R62: =SUM(F62:Q62) -> 0 | T62: =R62 -> 0
A63: Website Development & Maintnenance | C63: 0 | D63: =C63/12 -> 0 | F63: =$D$62 -> 0 | G63: =$D$62 -> 0 | H63: =$D63 -> 0 | I63: =$D63 -> 0 | J63: =$D63 -> 0 | K63: =$D63 -> 0 | L63: =$D63 -> 0 | M63: =$D63 -> 0 | N63: =$D63 -> 0 | O63: =$D63 -> 0 | P63: =$D63 -> 0 | Q63: =$D$63 -> 0 | R63: =SUM(F63:Q63) -> 0 | T63: =R63 -> 0
A64: Marketing Other | C64: 0 | D64: =C64/12 -> 0 | F64: =$D$62 -> 0 | G64: =$D$62 -> 0 | H64: =$D64 -> 0 | I64: =$D64 -> 0 | J64: =$D64 -> 0 | K64: =$D64 -> 0 | L64: =$D64 -> 0 | M64: =$D64 -> 0 | N64: =$D64 -> 0 | O64: =$D64 -> 0 | ... Q64: =$D64 -> 0 | R64: =SUM(F64:Q64) -> 0 | T64: =R64 -> 0
A65: Marketing Other | C65: 0 | D65: =C65/12 -> 0 | F65: =$D$62 -> 0 | G65: =$D$62 -> 0 | H65: =$D65 -> 0 | I65: =$D65 -> 0 | J65: =$D65 -> 0 | K65: =$D65 -> 0 | L65: =$D65 -> 0 | M65: =$D65 -> 0 | N65: =$D65 -> 0 | O65: =$D65 -> 0 | ... Q65: =$D65 -> 0 | R65: =SUM(F65:Q65) -> 0 | T65: =R65 -> 0
A66: Marketing Other | C66: 0 | D66: =C66/12 -> 0 | F66: =$D$62 -> 0 | G66: =$D$62 -> 0 | H66: =$D66 -> 0 | I66: =$D66 -> 0 | J66: =$D66 -> 0 | K66: =$D66 -> 0 | L66: =$D66 -> 0 | M66: =$D66 -> 0 | N66: =$D66 -> 0 | O66: =$D66 -> 0 | ... Q66: =$D66 -> 0 | R66: =SUM(F66:Q66) -> 0 | T66: =R66 -> 0
A67: Contracted Services
A68: Accounting Services (Book Keeping and Payroll) | C68: 0 | D68: =C68/12 -> 0 | F68: =$D68 -> 0 | G68: =$D68 -> 0 | H68: =$D68 -> 0 | I68: =$D68 -> 0 | J68: =$D68 -> 0 | K68: =$D68 -> 0 | L68: =$D68 -> 0 | M68: =$D68 -> 0 | ... Q68: =$D68 -> 0 | R68: =SUM(F68:Q68) -> 0 | T68: =R68 -> 0
A69: Attorney Fees | C69: 0 | D69: =C69/12 -> 0 | F69: =$D69 -> 0 | G69: =$D69 -> 0 | H69: =$D69 -> 0 | I69: =$D69 -> 0 | J69: =$D69 -> 0 | K69: =$D69 -> 0 | L69: =$D69 -> 0 | M69: =$D69 -> 0 | ... Q69: =$D69 -> 0 | R69: =SUM(F69:Q69) -> 0 | T69: =R69 -> 0
A70: Misc Other Services | C70: 0 | D70: =C70/12 -> 0 | F70: =$D70 -> 0 | G70: =$D70 -> 0 | H70: =$D70 -> 0 | I70: =$D70 -> 0 | J70: =$D70 -> 0 | K70: =$D70 -> 0 | L70: =$D70 -> 0 | M70: =$D70 -> 0 | ... Q70: =$D70 -> 0 | R70: =SUM(F70:Q70) -> 0 | T70: =R70 -> 0
A71: Audit/Accounting/Bank Fees | C71: 0 | D71: =C71/12 -> 0 | F71: =$D71 -> 0 | G71: =$D71 -> 0 | H71: =$D71 -> 0 | I71: =$D71 -> 0 | J71: =$D71 -> 0 | K71: =$D71 -> 0 | L71: =$D71 -> 0 | M71: =$D71 -> 0 | ... Q71: =$D71 -> 0 | R71: =SUM(F71:Q71) -> 0 | T71: =R71 -> 0
A72: Rental | C72: 0 | D72: =C72/12 -> 0 | F72: =$D72 -> 0 | G72: =$D72 -> 0 | H72: =$D72 -> 0 | I72: =$D72 -> 0 | J72: =$D72 -> 0 | K72: =$D72 -> 0 | L72: =$D72 -> 0 | M72: =$D72 -> 0 | ... Q72: =$D72 -> 0 | R72: =SUM(F72:Q72) -> 0 | T72: =R72 -> 0
A73: Contract Maintenance - Vehicles | C73: 0 | D73: =C73/12 -> 0 | F73: =$D73 -> 0 | G73: =$D73 -> 0 | H73: =$D73 -> 0 | I73: =$D73 -> 0 | J73: =$D73 -> 0 | K73: =$D73 -> 0 | L73: =$D73 -> 0 | M73: =$D73 -> 0 | ... Q73: =$D73 -> 0 | R73: =SUM(F73:Q73) -> 0 | T73: =R73 -> 0
A74: Contract Maintenance - Other | C74: 0 | D74: =C74/12 -> 0 | F74: =$D74 -> 0 | G74: =$D74 -> 0 | H74: =$D74 -> 0 | I74: =$D74 -> 0 | J74: =$D74 -> 0 | K74: =$D74 -> 0 | L74: =$D74 -> 0 | M74: =$D74 -> 0 | ... Q74: =$D74 -> 0 | R74: =SUM(F74:Q74) -> 0 | T74: =R74 -> 0
A75: Contract Maintenance - Other | C75: 0 | D75: =C75/12 -> 0 | F75: =$D75 -> 0 | G75: =$D75 -> 0 | H75: =$D75 -> 0 | I75: =$D75 -> 0 | J75: =$D75 -> 0 | K75: =$D75 -> 0 | L75: =$D75 -> 0 | M75: =$D75 -> 0 | ... Q75: =$D75 -> 0 | R75: =SUM(F75:Q75) -> 0 | T75: =R75 -> 0
A76: Contract Maintenance - Other | C76: 0 | D76: =C76/12 -> 0 | F76: =$D76 -> 0 | G76: =$D76 -> 0 | H76: =$D76 -> 0 | I76: =$D76 -> 0 | J76: =$D76 -> 0 | K76: =$D76 -> 0 | L76: =$D76 -> 0 | M76: =$D76 -> 0 | ... Q76: =$D76 -> 0 | R76: =SUM(F76:Q76) -> 0 | T76: =R76 -> 0
A77: Travel/Conference Fees/Training
A78: Training (Operations and Administration Staff) | C78: 0 | D78: =C78/12 -> 0 | F78: =$D78 -> 0 | G78: =$D78 -> 0 | H78: =$D78 -> 0 | I78: =$D78 -> 0 | J78: =$D78 -> 0 | K78: =$D78 -> 0 | L78: =$D78 -> 0 | M78: =$D78 -> 0 | ... Q78: =$D78 -> 0 | R78: =SUM(F78:Q78) -> 0 | T78: =R78 -> 0
A79: Conference Fees | C79: 0 | D79: =C79/12 -> 0 | F79: =$D79 -> 0 | G79: =$D79 -> 0 | H79: =$D79 -> 0 | I79: =$D79 -> 0 | J79: =$D79 -> 0 | K79: =$D79 -> 0 | L79: =$D79 -> 0 | M79: =$D79 -> 0 | ... Q79: =$D79 -> 0 | R79: =SUM(F79:Q79) -> 0 | T79: =R79 -> 0
A80: Instate Travel | C80: 0 | D80: =C80/12 -> 0 | F80: =$D80 -> 0 | G80: =$D80 -> 0 | H80: =$D80 -> 0 | I80: =$D80 -> 0 | J80: =$D80 -> 0 | K80: =$D80 -> 0 | L80: =$D80 -> 0 | M80: =$D80 -> 0 | ... Q80: =$D80 -> 0 | R80: =SUM(F80:Q80) -> 0 | T80: =R80 -> 0
A81: Out of State Travel/Manager Training | C81: 0 | D81: =C81/12 -> 0 | F81: =$D81 -> 0 | G81: =$D81 -> 0 | H81: =$D81 -> 0 | I81: =$D81 -> 0 | J81: =$D81 -> 0 | K81: =$D81 -> 0 | L81: =$D81 -> 0 | M81: =$D81 -> 0 | ... Q81: =$D81 -> 0 | R81: =SUM(F81:Q81) -> 0 | T81: =R81 -> 0
A82: Other | C82: 0 | D82: =C82/12 -> 0 | F82: =$D82 -> 0 | G82: =$D82 -> 0 | H82: =$D82 -> 0 | I82: =$D82 -> 0 | J82: =$D82 -> 0 | K82: =$D82 -> 0 | L82: =$D82 -> 0 | M82: =$D82 -> 0 | ... Q82: =$D82 -> 0 | R82: =SUM(F82:Q82) -> 0 | T82: =R82 -> 0
A83: Other | C83: 0 | D83: =C83/12 -> 0 | F83: =$D83 -> 0 | G83: =$D83 -> 0 | H83: =$D83 -> 0 | I83: =$D83 -> 0 | J83: =$D83 -> 0 | K83: =$D83 -> 0 | L83: =$D83 -> 0 | M83: =$D83 -> 0 | ... Q83: =$D83 -> 0 | R83: =SUM(F83:Q83) -> 0 | T83: =R83 -> 0
A84: Other | C84: 0 | D84: =C84/12 -> 0 | F84: =$D84 -> 0 | G84: =$D84 -> 0 | H84: =$D84 -> 0 | I84: =$D84 -> 0 | J84: =$D84 -> 0 | K84: =$D84 -> 0 | L84: =$D84 -> 0 | M84: =$D84 -> 0 | ... Q84: =$D84 -> 0 | R84: =SUM(F84:Q84) -> 0 | T84: =R84 -> 0
A85: Miscellaneous Other
A86: Inhouse Vehicle Maintenance | C86: 0 | D86: =C86/12 -> 0 | F86: =$D86 -> 0 | G86: =$D86 -> 0 | H86: =$D86 -> 0 | I86: =$D86 -> 0 | J86: =$D86 -> 0 | K86: =$D86 -> 0 | L86: =$D86 -> 0 | M86: =$D86 -> 0 | ... Q86: =$D86 -> 0 | R86: =SUM(F86:Q86) -> 0 | T86: =R86 -> 0
A87: Administrative Fee | C87: 0 | D87: =C87/12 -> 0 | F87: =$D87 -> 0 | G87: =$D87 -> 0 | H87: =$D87 -> 0 | I87: =$D87 -> 0 | J87: =$D87 -> 0 | K87: =$D87 -> 0 | L87: =$D87 -> 0 | M87: =$D87 -> 0 | ... Q87: =$D87 -> 0 | R87: =SUM(F87:Q87) -> 0 | T87: =R87 -> 0
A88: Public Hearing Notices | C88: 0 | D88: =C88/12 -> 0 | F88: =$D88 -> 0 | G88: =$D88 -> 0 | H88: =$D88 -> 0 | I88: =$D88 -> 0 | J88: =$D88 -> 0 | K88: =$D88 -> 0 | L88: =$D88 -> 0 | M88: =$D88 -> 0 | ... Q88: =$D88 -> 0 | R88: =SUM(F88:Q88) -> 0 | T88: =R88 -> 0 | V88: =+C88 -> 0
A89: Uniforms | C89: 0 | D89: =C89/12 -> 0 | F89: =$D89 -> 0 | G89: =$D89 -> 0 | H89: =$D89 -> 0 | I89: =$D89 -> 0 | J89: =$D89 -> 0 | K89: =$D89 -> 0 | L89: =$D89 -> 0 | M89: =$D89 -> 0 | ... Q89: =$D89 -> 0 | R89: =SUM(F89:Q89) -> 0 | T89: =R89 -> 0 | V89: =+C89 -> 0
A90: Safety Equipment | C90: 0 | D90: =C90/12 -> 0 | F90: =$D90 -> 0 | G90: =$D90 -> 0 | H90: =$D90 -> 0 | I90: =$D90 -> 0 | J90: =$D90 -> 0 | K90: =$D90 -> 0 | L90: =$D90 -> 0 | M90: =$D90 -> 0 | ... Q90: =$D90 -> 0 | R90: =SUM(F90:Q90) -> 0 | T90: =R90 -> 0 | V90: =+C90 -> 0
A91: FareBoxes and Small Equipment | C91: 0 | D91: =C91/12 -> 0 | F91: =$D91 -> 0 | G91: =$D91 -> 0 | H91: =$D91 -> 0 | I91: =$D91 -> 0 | J91: =$D91 -> 0 | K91: =$D91 -> 0 | L91: =$D91 -> 0 | M91: =$D91 -> 0 | ... Q91: =$D91 -> 0 | R91: =SUM(F91:Q91) -> 0 | T91: =R91 -> 0
A92: Inhouse Training/Employee Recognition/Workshops | C92: 0 | D92: =C92/12 -> 0 | F92: =$D92 -> 0 | G92: =$D92 -> 0 | H92: =$D92 -> 0 | I92: =$D92 -> 0 | J92: =$D92 -> 0 | K92: =$D92 -> 0 | L92: =$D92 -> 0 | M92: =$D92 -> 0 | ... Q92: =$D92 -> 0 | R92: =SUM(F92:Q92) -> 0 | T92: =R92 -> 0
A93: Bus Stop Maintenance | C93: 0 | D93: =C93/12 -> 0 | F93: =$D93 -> 0 | G93: =$D93 -> 0 | H93: =$D93 -> 0 | I93: =$D93 -> 0 | J93: =$D93 -> 0 | K93: =$D93 -> 0 | L93: =$D93 -> 0 | M93: =$D93 -> 0 | ... Q93: =$D93 -> 0 | R93: =SUM(F93:Q93) -> 0 | T93: =R93 -> 0
A94: Office Supplies | C94: 0 | D94: =C94/12 -> 0 | F94: =$D94 -> 0 | G94: =$D94 -> 0 | H94: =$D94 -> 0 | I94: =$D94 -> 0 | J94: =$D94 -> 0 | K94: =$D94 -> 0 | L94: =$D94 -> 0 | M94: =$D94 -> 0 | ... Q94: =$D94 -> 0 | R94: =SUM(F94:Q94) -> 0 | T94: =R94 -> 0 | V94: =+C94 -> 0
A95: Memberships | C95: 0 | D95: =C95/12 -> 0 | F95: =$D95 -> 0 | G95: =$D95 -> 0 | H95: =$D95 -> 0 | I95: =$D95 -> 0 | J95: =$D95 -> 0 | K95: =$D95 -> 0 | L95: =$D95 -> 0 | M95: =$D95 -> 0 | ... Q95: =$D95 -> 0 | R95: =SUM(F95:Q95) -> 0 | T95: =R95 -> 0
A96: Drug/Alcohol Testing/Physicals/Backgrond Checks | C96: 0 | D96: =C96/12 -> 0 | F96: =$D96 -> 0 | G96: =$D96 -> 0 | H96: =$D96 -> 0 | I96: =$D96 -> 0 | J96: =$D96 -> 0 | K96: =$D96 -> 0 | L96: =$D96 -> 0 | M96: =$D96 -> 0 | ... Q96: =$D96 -> 0 | R96: =SUM(F96:Q96) -> 0 | T96: =R96 -> 0 | V96: =+C96 -> 0
A97: Other | C97: 0 | D97: =C97/12 -> 0 | F97: =$D97 -> 0 | G97: =$D97 -> 0 | H97: =$D97 -> 0 | I97: =$D97 -> 0 | J97: =$D97 -> 0 | K97: =$D97 -> 0 | L97: =$D97 -> 0 | M97: =$D97 -> 0 | ... Q97: =$D97 -> 0 | R97: =SUM(F97:Q97) -> 0 | T97: =R97 -> 0
A98: Other | C98: 0 | D98: =C98/12 -> 0 | F98: =$D98 -> 0 | G98: =$D98 -> 0 | H98: =$D98 -> 0 | I98: =$D98 -> 0 | J98: =$D98 -> 0 | K98: =$D98 -> 0 | L98: =$D98 -> 0 | M98: =$D98 -> 0 | ... Q98: =$D98 -> 0 | R98: =SUM(F98:Q98) -> 0 | T98: =R98 -> 0
A99: Other | C99: 0 | D99: =C99/12 -> 0 | F99: =$D99 -> 0 | G99: =$D99 -> 0 | H99: =$D99 -> 0 | I99: =$D99 -> 0 | J99: =$D99 -> 0 | K99: =$D99 -> 0 | L99: =$D99 -> 0 | M99: =$D99 -> 0 | ... Q99: =$D99 -> 0 | R99: =SUM(F99:Q99) -> 0 | T99: =R99 -> 0
A100: Other | C100: 0 | D100: =C100/12 -> 0 | F100: =$D100 -> 0 | G100: =$D100 -> 0 | H100: =$D100 -> 0 | I100: =$D100 -> 0 | J100: =$D100 -> 0 | K100: =$D100 -> 0 | L100: =$D100 -> 0 | M100: =$D100 -> 0 | ... Q100: =$D100 -> 0 | R100: =SUM(F100:Q100) -> 0 | T100: =R100 -> 0
A101: Total Administrative Services | C101: =SUM(C6:C100) -> 0 | D101: =SUM(D6:D100) -> 0 | F101: =SUM(F6:F100) -> 0 | G101: =SUM(G6:G100) -> 0 | H101: =SUM(H6:H100) -> 0 | I101: =SUM(I6:I100) -> 0 | J101: =SUM(J6:J100) -> 0 | K101: =SUM(K6:K100) -> 0 | L101: =SUM(L6:L100) -> 0 | M101: =SUM(M6:M100) -> 0 | ... R101: =SUM(R6:R100) -> 0 | T101: =SUM(T6:T100) -> 0 | V101: =SUM(V6:V100) -> 0
...

Sheet 2029 - 5311
A1: Master Budget ~ FY2029 | C1: FY 2029 | F1: July | G1: Aug. | H1: Sept. | I1: Oct. | J1: Nov. | K1: Dec. | L1: Jan. | M1: Feb. | N1: Mar. | O1: Apr. | P1: May | Q1: June | R1: YTD | T1: 5311 Grant
C2: Budget
A3: Budget Item | C3: Annual | D3: Monthly | F3: Expenses | G3: Expenses | H3: Expenses | I3: Expenses | J3: Expenses | K3: Expenses | L3: Expenses | M3: Expenses | N3: Expenses | O3: Expenses | P3: Expenses | Q3: Expenses | R3: Total | T3: FY 2029
A4: NON-OPERATING SERVICES (80% Federal Funded: 10% State Funded)
B5: Quantity
A6: Transit Manager | C6: 0 | D6: =C6/12 -> 0 | F6: =$D$6 -> 0 | G6: =$D$6 -> 0 | H6: =$D$6 -> 0 | I6: =$D$6 -> 0 | J6: =$D$6 -> 0 | K6: =$D$6 -> 0 | L6: =$D$6 -> 0 | M6: =$D$6 -> 0 | ... Q6: =$D$6 -> 0 | R6: =SUM(F6:Q6) -> 0 | T6: =R6 -> 0
A7: Salary Taxes | C7: =C6*'Benefits and Salary Taxes'!D7 -> 0 | D7: =C7/12 -> 0 | F7: =+D7 -> 0 | G7: =+$D7 -> 0 | H7: =+$D7 -> 0 | I7: =+$D7 -> 0 | J7: =+$D7 -> 0 | K7: =+$D7 -> 0 | L7: =+$D7 -> 0 | M7: =+$D7 -> 0 | N7: =+$D7 -> 0 | ... P7: =+$D7 -> 0 | Q7: =+D7 -> 0 | R7: =SUM(F7:Q7) -> 0 | T7: =R7 -> 0
A8: Fringe Benefits (Health, 403(b), 401k) | C8: =+'Benefits and Salary Taxes'!E16*12 -> 0 | D8: =C8/12 -> 0 | F8: =$D$8 -> 0 | G8: =$D$8 -> 0 | H8: =$D$8 -> 0 | I8: =$D$8 -> 0 | J8: =$D$8 -> 0 | K8: =$D$8 -> 0 | L8: =$D$8 -> 0 | M8: =$D$8 -> 0 | ... Q8: =$D$8 -> 0 | R8: =SUM(F8:Q8) -> 0 | T8: =R8 -> 0
A9: Operations Manager | C9: 0 | D9: =C9/12 -> 0 | F9: =+$D$9 -> 0 | G9: =+$D$9 -> 0 | H9: =+$D$9 -> 0 | I9: =+$D$9 -> 0 | J9: =+$D$9 -> 0 | K9: =+$D$9 -> 0 | L9: =+$D$9 -> 0 | M9: =+$D$9 -> 0 | ... P9: =+$D$9 -> 0 | Q9: =$D$9 -> 0 | R9: =SUM(F9:Q9) -> 0 | T9: =R9 -> 0 | V9: =+C9 -> 0
A10: Salary Taxes | C10: =+C9*'Benefits and Salary Taxes'!D7 -> 0 | D10: =C10/12 -> 0 | F10: =+$D$10 -> 0 | G10: =+$D$10 -> 0 | H10: =+$D$10 -> 0 | I10: =+$D$10 -> 0 | J10: =+$D$10 -> 0 | K10: =+$D$10 -> 0 | L10: =+$D$10 -> 0 | M10: =+$D$10 -> 0 | ... P10: =+$D$10 -> 0 | Q10: =$D$10 -> 0 | R10: =SUM(F10:Q10) -> 0 | T10: =R10 -> 0 | V10: =+C10 -> 0
A11: Fringe Benefits (Health, 403(b), 401k) | C11: 0 | D11: =C11/12 -> 0 | F11: =+D11 -> 0 | G11: =+$D11 -> 0 | H11: =+$D11 -> 0 | I11: =+$D11 -> 0 | J11: =+$D11 -> 0 | K11: =+$D11 -> 0 | L11: =+$D11 -> 0 | M11: =+$D11 -> 0 | N11: =+$D11 -> 0 | ... P11: =+$D11 -> 0 | Q11: =$D$11 -> 0 | R11: =SUM(F11:Q11) -> 0 | T11: =R11 -> 0 | V11: =+C11 -> 0
A12: Transit Director | D12: =C12/12 -> 0 | Q12: =+D12 -> 0 | R12: =SUM(F12:Q12) -> 0 | T12: =+R12 -> 0
A13: Salary Taxes | D13: =C13/12 -> 0 | Q13: =+D13 -> 0 | R13: =SUM(F13:Q13) -> 0 | T13: =+R13 -> 0
A15: Administrative | C15: 0 | D15: =C15/12 -> 0 | F15: =+D15 -> 0 | G15: =+$D15 -> 0 | H15: =+$D15 -> 0 | I15: =+$D15 -> 0 | J15: =+$D15 -> 0 | K15: =+$D15 -> 0 | L15: =+$D15 -> 0 | M15: =+$D15 -> 0 | N15: =+$D15 -> 0 | ... P15: =+$D15 -> 0 | Q15: =$D$15 -> 0 | R15: =SUM(F15:Q15) -> 0 | T15: =R15 -> 0 | V15: =+C15 -> 0
A16: Salary Taxes | C16: =+C15*'Benefits and Salary Taxes'!D7 -> 0 | D16: =C16/12 -> 0 | F16: =+D16 -> 0 | G16: =+$D16 -> 0 | H16: =+$D16 -> 0 | I16: =+$D16 -> 0 | J16: =+$D16 -> 0 | K16: =+$D16 -> 0 | L16: =+$D16 -> 0 | M16: =+$D16 -> 0 | N16: =+$D16 -> 0 | ... P16: =+$D16 -> 0 | Q16: =+D16 -> 0 | R16: =SUM(F16:Q16) -> 0 | T16: =R16 -> 0 | V16: =+C16 -> 0
A17: Fringe Benefits (Health, 403(b), 401k) | C17: 0 | D17: =C17/12 -> 0 | F17: =+D17 -> 0 | G17: =+$D17 -> 0 | H17: =+$D17 -> 0 | I17: =+$D17 -> 0 | J17: =+$D17 -> 0 | K17: =+$D17 -> 0 | L17: =+$D17 -> 0 | M17: =+$D17 -> 0 | N17: =+$D17 -> 0 | ... P17: =+$D17 -> 0 | Q17: =$D$17 -> 0 | R17: =SUM(F17:Q17) -> 0 | T17: =R17 -> 0 | V17: =+C17 -> 0
A18: Marketing/Planning Staff | C18: 0 | D18: =C18/12 -> 0 | F18: =+D18 -> 0 | G18: =+$D18 -> 0 | H18: =+$D18 -> 0 | I18: =+$D18 -> 0 | J18: =+$D18 -> 0 | K18: =+$D18 -> 0 | L18: =+$D18 -> 0 | M18: =+$D18 -> 0 | N18: =+$D18 -> 0 | ... Q18: =+$D18 -> 0 | R18: =SUM(F18:Q18) -> 0 | T18: =R18 -> 0
A19: Salary Taxes | C19: =C18*'Benefits and Salary Taxes'!D7 -> 0 | D19: =C19/12 -> 0 | F19: =+D19 -> 0 | G19: =+$D19 -> 0 | H19: =+$D19 -> 0 | I19: =+$D19 -> 0 | J19: =+$D19 -> 0 | K19: =+$D19 -> 0 | L19: =+$D19 -> 0 | M19: =+$D19 -> 0 | N19: =+$D19 -> 0 | ... P19: =+$D19 -> 0 | Q19: =+D19 -> 0 | R19: =SUM(F19:Q19) -> 0 | T19: =R19 -> 0
A20: Fringe Benefits (Health, 403(b), 401k) | C20: 0 | D20: =C20/12 -> 0 | F20: =+D20 -> 0 | G20: =+$D20 -> 0 | H20: =+$D20 -> 0 | I20: =+$D20 -> 0 | J20: =+$D20 -> 0 | K20: =+$D20 -> 0 | L20: =+$D20 -> 0 | M20: =+$D20 -> 0 | N20: =+$D20 -> 0 | ... P20: =+$D20 -> 0 | Q20: =$D$17 -> 0 | R20: =SUM(F20:Q20) -> 0 | T20: =R20 -> 0
A21: Accounting Staff | C21: 0 | D21: =C21/12 -> 0 | F21: =+D21 -> 0 | G21: =+$D21 -> 0 | H21: =+$D21 -> 0 | I21: =+$D21 -> 0 | J21: =+$D21 -> 0 | K21: =+$D21 -> 0 | L21: =+$D21 -> 0 | M21: =+$D21 -> 0 | N21: =+$D21 -> 0 | ... Q21: =+$D21 -> 0 | R21: =SUM(F21:Q21) -> 0 | T21: =R21 -> 0
A22: Salary Taxes | C22: =C21*'Benefits and Salary Taxes'!D10 -> 0 | D22: =C22/12 -> 0 | F22: =+D22 -> 0 | G22: =+$D22 -> 0 | H22: =+$D22 -> 0 | I22: =+$D22 -> 0 | J22: =+$D22 -> 0 | K22: =+$D22 -> 0 | L22: =+$D22 -> 0 | M22: =+$D22 -> 0 | N22: =+$D22 -> 0 | ... P22: =+$D22 -> 0 | Q22: =+D22 -> 0 | R22: =SUM(F22:Q22) -> 0 | T22: =R22 -> 0
A23: Fringe Benefits (Health, 403(b), 401k) | C23: 0 | D23: =C23/12 -> 0 | F23: =+D23 -> 0 | G23: =+$D23 -> 0 | H23: =+$D23 -> 0 | I23: =+$D23 -> 0 | J23: =+$D23 -> 0 | K23: =+$D23 -> 0 | L23: =+$D23 -> 0 | M23: =+$D23 -> 0 | N23: =+$D23 -> 0 | ... P23: =+$D23 -> 0 | Q23: =+D23 -> 0 | R23: =SUM(F23:Q23) -> 0 | T23: =R23 -> 0
A24: Other Staff | C24: 0 | D24: =C24/12 -> 0 | F24: =+D24 -> 0 | G24: =+$D24 -> 0 | H24: =+$D24 -> 0 | I24: =+$D24 -> 0 | J24: =+$D24 -> 0 | K24: =+$D24 -> 0 | L24: =+$D24 -> 0 | M24: =+$D24 -> 0 | N24: =+$D24 -> 0 | ... Q24: =+$D24 -> 0 | R24: =SUM(F24:Q24) -> 0 | T24: =R24 -> 0
A25: Salary Taxes | C25: =C24*'Benefits and Salary Taxes'!D10 -> 0 | D25: =C25/12 -> 0 | F25: =+D25 -> 0 | G25: =+$D25 -> 0 | H25: =+$D25 -> 0 | I25: =+$D25 -> 0 | J25: =+$D25 -> 0 | K25: =+$D25 -> 0 | L25: =+$D25 -> 0 | M25: =+$D25 -> 0 | N25: =+$D25 -> 0 | ... P25: =+$D25 -> 0 | Q25: =+D25 -> 0 | R25: =SUM(F25:Q25) -> 0 | T25: =R25 -> 0
A26: Fringe Benefits (Health, 403(b), 401k) | C26: 0 | D26: =C26/12 -> 0 | F26: =+D26 -> 0 | G26: =+$D26 -> 0 | H26: =+$D26 -> 0 | I26: =+$D26 -> 0 | J26: =+$D26 -> 0 | K26: =+$D26 -> 0 | L26: =+$D26 -> 0 | M26: =+$D26 -> 0 | N26: =+$D26 -> 0 | ... P26: =+$D26 -> 0 | Q26: =+D26 -> 0 | R26: =SUM(F26:Q26) -> 0 | T26: =R26 -> 0
A27: Facility
A28: Building Lease | C28: 0 | D28: =C28/12 -> 0 | F28: =+D28 -> 0 | G28: =+$D28 -> 0 | H28: =+$D28 -> 0 | I28: =+$D28 -> 0 | J28: =+$D28 -> 0 | K28: =+$D28 -> 0 | L28: =+$D28 -> 0 | M28: =+$D28 -> 0 | N28: =+$D28 -> 0 | ... P28: =+$D28 -> 0 | Q28: =$D28 -> 0 | R28: =SUM(F28:Q28) -> 0 | T28: =R28 -> 0 | V28: =+C28 -> 0
A29: Building Utilities | C29: 0 | D29: =C29/12 -> 0 | F29: =+D29 -> 0 | G29: =+$D29 -> 0 | H29: =+$D29 -> 0 | I29: =+$D29 -> 0 | J29: =+$D29 -> 0 | K29: =+$D29 -> 0 | L29: =+$D29 -> 0 | M29: =+$D29 -> 0 | N29: =+$D29 -> 0 | ... P29: =+$D29 -> 0 | Q29: =$D$29 -> 0 | R29: =SUM(F29:Q29) -> 0 | T29: =R29 -> 0 | V29: =+C29 -> 0
A30: Building Maintenance | C30: 0 | D30: =C30/12 -> 0 | F30: =+D30 -> 0 | G30: =+$D30 -> 0 | H30: =+$D30 -> 0 | I30: =+$D30 -> 0 | J30: =+$D30 -> 0 | K30: =+$D30 -> 0 | L30: =+$D30 -> 0 | M30: =+$D30 -> 0 | N30: =+$D30 -> 0 | ... P30: =+$D30 -> 0 | Q30: =$D$30 -> 0 | R30: =SUM(F30:Q30) -> 0 | T30: =R30 -> 0
A31: Building Other | C31: 0 | D31: =C31/12 -> 0 | F31: =+D31 -> 0 | G31: =+$D31 -> 0 | H31: =+$D31 -> 0 | I31: =+$D31 -> 0 | J31: =+$D31 -> 0 | K31: =+$D31 -> 0 | L31: =+$D31 -> 0 | M31: =+$D31 -> 0 | N31: =+$D31 -> 0 | ... Q31: =+$D31 -> 0 | R31: =SUM(F31:Q31) -> 0 | T31: =R31 -> 0
A32: Building Other | C32: 0 | D32: =C32/12 -> 0 | F32: =+D32 -> 0 | G32: =+$D32 -> 0 | H32: =+$D32 -> 0 | I32: =+$D32 -> 0 | J32: =+$D32 -> 0 | K32: =+$D32 -> 0 | L32: =+$D32 -> 0 | M32: =+$D32 -> 0 | N32: =+$D32 -> 0 | ... Q32: =+$D32 -> 0 | R32: =SUM(F32:Q32) -> 0 | T32: =R32 -> 0
A33: Building Other | C33: 0 | D33: =C33/12 -> 0 | F33: =+D33 -> 0 | G33: =+$D33 -> 0 | H33: =+$D33 -> 0 | I33: =+$D33 -> 0 | J33: =+$D33 -> 0 | K33: =+$D33 -> 0 | L33: =+$D33 -> 0 | M33: =+$D33 -> 0 | N33: =+$D33 -> 0 | ... Q33: =+$D33 -> 0 | R33: =SUM(F33:Q33) -> 0 | T33: =R33 -> 0
A34: Building Other | C34: 0 | D34: =C34/12 -> 0 | F34: =+D34 -> 0 | G34: =+$D34 -> 0 | H34: =+$D34 -> 0 | I34: =+$D34 -> 0 | J34: =+$D34 -> 0 | K34: =+$D34 -> 0 | L34: =+$D34 -> 0 | M34: =+$D34 -> 0 | N34: =+$D34 -> 0 | ... Q34: =+$D34 -> 0 | R34: =SUM(F34:Q34) -> 0 | T34: =R34 -> 0
A35: Insurance
A36: Insurance D&O | C36: 0 | D36: =C36/12 -> 0 | F36: =+D36 -> 0 | G36: =+D36 -> 0 | H36: =+$D36 -> 0 | I36: =+$D36 -> 0 | J36: =+$D36 -> 0 | K36: =+$D36 -> 0 | L36: =+$D36 -> 0 | M36: =+$D36 -> 0 | N36: =+$D36 -> 0 | O36: =+$D36 -> 0 | P36: =+$D36 -> 0 | Q36: =$D36 -> 0 | R36: =SUM(F36:Q36) -> 0 | T36: =R36 -> 0 | V36: =+C36 -> 0
A37: Cyber Insurance | C37: 0 | D37: =C37/12 -> 0 | F37: =+D37 -> 0 | G37: =+D37 -> 0 | H37: =+$D37 -> 0 | I37: =+$D37 -> 0 | J37: =+$D37 -> 0 | K37: =+$D37 -> 0 | L37: =+$D37 -> 0 | M37: =+$D37 -> 0 | N37: =+$D37 -> 0 | O37: =+$D37 -> 0 | P37: =+$D37 -> 0 | Q37: =$D37 -> 0 | R37: =SUM(F37:Q37) -> 0 | T37: =R37 -> 0 | V37: =+C37 -> 0
A38: Commercial Auto | C38: 0 | D38: =C38/12 -> 0 | F38: =+D38 -> 0 | G38: =+D38 -> 0 | H38: =+$D38 -> 0 | I38: =+$D38 -> 0 | J38: =+$D38 -> 0 | K38: =+$D38 -> 0 | L38: =+$D38 -> 0 | M38: =+$D38 -> 0 | N38: =+$D38 -> 0 | O38: =+$D38 -> 0 | P38: =+$D38 -> 0 | Q38: =$D38 -> 0 | R38: =SUM(F38:Q38) -> 0 | T38: =R38 -> 0 | V38: =+C38 -> 0
A39: General Liability | C39: 0 | D39: =C39/12 -> 0 | F39: =+D39 -> 0 | G39: =+D39 -> 0 | H39: =+$D39 -> 0 | I39: =+$D39 -> 0 | J39: =+$D39 -> 0 | K39: =+$D39 -> 0 | L39: =+$D39 -> 0 | M39: =+$D39 -> 0 | N39: =+$D39 -> 0 | O39: =+$D39 -> 0 | P39: =+$D39 -> 0 | Q39: =$D39 -> 0 | R39: =SUM(F39:Q39) -> 0 | T39: =R39 -> 0 | V39: =+C39 -> 0
A40: Umbrella/Excess | C40: 0 | D40: =C40/12 -> 0 | F40: =+D40 -> 0 | G40: =+D40 -> 0 | H40: =+$D40 -> 0 | I40: =+$D40 -> 0 | J40: =+$D40 -> 0 | K40: =+$D40 -> 0 | L40: =+$D40 -> 0 | M40: =+$D40 -> 0 | N40: =+$D40 -> 0 | O40: =+$D40 -> 0 | P40: =+$D40 -> 0 | Q40: =$D40 -> 0 | R40: =SUM(F40:Q40) -> 0 | T40: =R40 -> 0 | V40: =+C40 -> 0
A41: Crime Bond ($100,000 Limit) | C41: 0 | D41: =C41/12 -> 0 | F41: =+D41 -> 0 | G41: =+D41 -> 0 | H41: =+$D41 -> 0 | I41: =+$D41 -> 0 | J41: =+$D41 -> 0 | K41: =+$D41 -> 0 | L41: =+$D41 -> 0 | M41: =+$D41 -> 0 | N41: =+$D41 -> 0 | O41: =+$D41 -> 0 | P41: =+$D41 -> 0 | Q41: =$D41 -> 0 | R41: =SUM(F41:Q41) -> 0 | T41: =R41 -> 0 | V41: =+C41 -> 0
A42: Workmans Compensation | C42: 0 | D42: =C42/12 -> 0 | F42: =+D42 -> 0 | G42: =+D42 -> 0 | H42: =+$D42 -> 0 | I42: =+$D42 -> 0 | J42: =+$D42 -> 0 | K42: =+$D42 -> 0 | L42: =+$D42 -> 0 | M42: =+$D42 -> 0 | N42: =+$D42 -> 0 | O42: =+$D42 -> 0 | P42: =+$D42 -> 0 | Q42: =$D42 -> 0 | R42: =SUM(F42:Q42) -> 0 | T42: =R42 -> 0 | V42: =+C42 -> 0
A43: Insurance Other | C43: 0 | D43: =C43/12 -> 0 | F43: =+D43 -> 0 | G43: =+D43 -> 0 | H43: =+$D43 -> 0 | I43: =+$D43 -> 0 | J43: =+$D43 -> 0 | K43: =+$D43 -> 0 | L43: =+$D43 -> 0 | M43: =+$D43 -> 0 | N43: =+$D43 -> 0 | O43: =+$D43 -> 0 | P43: =+$D43 -> 0 | Q43: =$D43 -> 0 | R43: =SUM(F43:Q43) -> 0 | T43: =R43 -> 0 | V43: =+C43 -> 0
A44: Insurance Other | C44: 0 | D44: =C44/12 -> 0 | F44: =+D44 -> 0 | G44: =+D44 -> 0 | H44: =+$D44 -> 0 | I44: =+$D44 -> 0 | J44: =+$D44 -> 0 | K44: =+$D44 -> 0 | L44: =+$D44 -> 0 | M44: =+$D44 -> 0 | N44: =+$D44 -> 0 | O44: =+$D44 -> 0 | P44: =+$D44 -> 0 | Q44: =$D44 -> 0 | R44: =SUM(F44:Q44) -> 0 | T44: =R44 -> 0 | V44: =+C44 -> 0
A45: Insurance Other | C45: 0 | D45: =C45/12 -> 0 | F45: =+D45 -> 0 | G45: =+D45 -> 0 | H45: =+$D45 -> 0 | I45: =+$D45 -> 0 | J45: =+$D45 -> 0 | K45: =+$D45 -> 0 | L45: =+$D45 -> 0 | M45: =+$D45 -> 0 | N45: =+$D45 -> 0 | O45: =+$D45 -> 0 | P45: =+$D45 -> 0 | Q45: =$D45 -> 0 | R45: =SUM(F45:Q45) -> 0 | T45: =R45 -> 0 | V45: =+C45 -> 0
A46: Technology Systems
A47: Dispatch Software Demand Response | C47: 0 | D47: =C47/12 -> 0 | F47: =$D47 -> 0 | G47: =$D47 -> 0 | H47: =$D47 -> 0 | I47: =$D47 -> 0 | J47: =$D47 -> 0 | K47: =$D47 -> 0 | L47: =$D47 -> 0 | M47: =$D47 -> 0 | ... Q47: =$D47 -> 0 | R47: =SUM(F47:Q47) -> 0 | T47: =R47 -> 0
A48: Dispatch Software FlexRoute | C48: 0 | D48: =C48/12 -> 0 | F48: =$D48 -> 0 | G48: =$D48 -> 0 | H48: =$D48 -> 0 | I48: =$D48 -> 0 | J48: =$D48 -> 0 | K48: =$D48 -> 0 | L48: =$D48 -> 0 | M48: =$D48 -> 0 | ... Q48: =$D48 -> 0 | R48: =SUM(F48:Q48) -> 0 | T48: =R48 -> 0
A49: Internet Service | C49: 0 | D49: =C49/12 -> 0 | F49: =$D49 -> 0 | G49: =$D49 -> 0 | H49: =$D49 -> 0 | I49: =$D49 -> 0 | J49: =$D49 -> 0 | K49: =$D49 -> 0 | L49: =$D49 -> 0 | M49: =$D49 -> 0 | ... Q49: =$D49 -> 0 | R49: =SUM(F49:Q49) -> 0 | T49: =R49 -> 0
A50: Vehicle Cameras | C50: =B50*4000 -> 0 | D50: =C50/12 -> 0 | F50: =$D50 -> 0 | G50: =$D50 -> 0 | H50: =$D50 -> 0 | I50: =$D50 -> 0 | J50: =$D50 -> 0 | K50: =$D50 -> 0 | L50: =$D50 -> 0 | M50: =$D50 -> 0 | ... Q50: =$D50 -> 0 | R50: =SUM(F50:Q50) -> 0 | T50: =R50 -> 0
A51: IT Systems | C51: 0 | D51: =C51/12 -> 0 | F51: =$D51 -> 0 | G51: =$D51 -> 0 | H51: =$D51 -> 0 | I51: =$D51 -> 0 | J51: =$D51 -> 0 | K51: =$D51 -> 0 | L51: =$D51 -> 0 | M51: =$D51 -> 0 | ... Q51: =$D51 -> 0 | R51: =SUM(F51:Q51) -> 0 | T51: =R51 -> 0
A52: Phones (LL & Cell) | C52: 0 | D52: =C52/12 -> 0 | F52: =$D52 -> 0 | G52: =$D52 -> 0 | H52: =$D52 -> 0 | I52: =$D52 -> 0 | J52: =$D52 -> 0 | K52: =$D52 -> 0 | L52: =$D52 -> 0 | M52: =$D52 -> 0 | ... Q52: =$D52 -> 0 | R52: =SUM(F52:Q52) -> 0 | T52: =R52 -> 0
A53: 2-Way Radios | C53: 0 | D53: =C53/12 -> 0 | F53: =$D53 -> 0 | G53: =$D53 -> 0 | H53: =$D53 -> 0 | I53: =$D53 -> 0 | J53: =$D53 -> 0 | K53: =$D53 -> 0 | L53: =$D53 -> 0 | M53: =$D53 -> 0 | ... Q53: =$D53 -> 0 | R53: =SUM(F53:Q53) -> 0 | T53: =R53 -> 0
A54: Dispatch Vehicle Hardware | C54: 0 | D54: =C54/12 -> 0 | F54: =+D54 -> 0 | G54: =$D54 -> 0 | H54: =$D54 -> 0 | I54: =$D54 -> 0 | J54: =$D54 -> 0 | K54: =$D54 -> 0 | L54: =$D54 -> 0 | M54: =$D54 -> 0 | N54: =$D54 -> 0 | ... Q54: =$D54 -> 0 | R54: =SUM(F54:Q54) -> 0 | T54: =R54 -> 0 | V54: =+C54 -> 0
A55: Technology Other | C55: 0 | D55: =C55/12 -> 0 | F55: =+D55 -> 0 | G55: =$D55 -> 0 | H55: =$D55 -> 0 | I55: =$D55 -> 0 | J55: =$D55 -> 0 | K55: =$D55 -> 0 | L55: =$D55 -> 0 | M55: =$D55 -> 0 | N55: =$D55 -> 0 | ... Q55: =$D55 -> 0 | R55: =SUM(F55:Q55) -> 0 | T55: =R55 -> 0
A56: Technology Other | C56: 0 | D56: =C56/12 -> 0 | F56: =+D56 -> 0 | G56: =$D56 -> 0 | H56: =$D56 -> 0 | I56: =$D56 -> 0 | J56: =$D56 -> 0 | K56: =$D56 -> 0 | L56: =$D56 -> 0 | M56: =$D56 -> 0 | N56: =$D56 -> 0 | ... Q56: =$D56 -> 0 | R56: =SUM(F56:Q56) -> 0 | T56: =R56 -> 0
A57: Technology Other | C57: 0 | D57: =C57/12 -> 0 | F57: =+D57 -> 0 | G57: =$D57 -> 0 | H57: =$D57 -> 0 | I57: =$D57 -> 0 | J57: =$D57 -> 0 | K57: =$D57 -> 0 | L57: =$D57 -> 0 | M57: =$D57 -> 0 | N57: =$D57 -> 0 | ... Q57: =$D57 -> 0 | R57: =SUM(F57:Q57) -> 0 | T57: =R57 -> 0
A58: Marketing/Ads/Promotion
A59: Vehicle Graphics | C59: 0 | D59: =C59/12 -> 0 | F59: =$D$59 -> 0 | G59: =$D$59 -> 0 | H59: =$D$59 -> 0 | I59: =$D$59 -> 0 | J59: =$D$59 -> 0 | K59: =$D$59 -> 0 | L59: =$D$59 -> 0 | M59: =$D$59 -> 0 | ... Q59: =$D$59 -> 0 | R59: =SUM(F59:Q59) -> 0 | T59: =R59 -> 0
A60: TV and Radio Marketing | C60: 0 | D60: =C60/12 -> 0 | F60: =$D$60 -> 0 | G60: =$D$60 -> 0 | H60: =$D$60 -> 0 | I60: =$D$60 -> 0 | J60: =$D$60 -> 0 | K60: =$D$60 -> 0 | L60: =$D$60 -> 0 | M60: =$D$60 -> 0 | ... Q60: =$D$60 -> 0 | R60: =SUM(F60:Q60) -> 0 | T60: =R60 -> 0
A61: Printing Services | C61: 0 | D61: =C61/12 -> 0 | F61: =$D$60 -> 0 | G61: =$D$60 -> 0 | H61: =$D61 -> 0 | I61: =$D61 -> 0 | J61: =$D61 -> 0 | K61: =$D61 -> 0 | L61: =$D61 -> 0 | M61: =$D61 -> 0 | N61: =$D61 -> 0 | O61: =$D61 -> 0 | P61: =$D61 -> 0 | Q61: =$D$61 -> 0 | R61: =SUM(F61:Q61) -> 0 | T61: =R61 -> 0 | V61: =+C61 -> 0
A62: General Marketing Services | C62: 0 | D62: =C62/12 -> 0 | F62: =$D62 -> 0 | G62: =$D62 -> 0 | H62: =$D62 -> 0 | I62: =$D62 -> 0 | J62: =$D62 -> 0 | K62: =$D62 -> 0 | L62: =$D62 -> 0 | M62: =$D62 -> 0 | ... P62: =$D62 -> 0 | Q62: =$D$62 -> 0 | R62: =SUM(F62:Q62) -> 0 | T62: =R62 -> 0
A63: Website Development & Maintnenance | C63: 0 | D63: =C63/12 -> 0 | F63: =$D$62 -> 0 | G63: =$D$62 -> 0 | H63: =$D63 -> 0 | I63: =$D63 -> 0 | J63: =$D63 -> 0 | K63: =$D63 -> 0 | L63: =$D63 -> 0 | M63: =$D63 -> 0 | N63: =$D63 -> 0 | O63: =$D63 -> 0 | P63: =$D63 -> 0 | Q63: =$D$63 -> 0 | R63: =SUM(F63:Q63) -> 0 | T63: =R63 -> 0
A64: Marketing Other | C64: 0 | D64: =C64/12 -> 0 | F64: =$D$62 -> 0 | G64: =$D$62 -> 0 | H64: =$D64 -> 0 | I64: =$D64 -> 0 | J64: =$D64 -> 0 | K64: =$D64 -> 0 | L64: =$D64 -> 0 | M64: =$D64 -> 0 | N64: =$D64 -> 0 | O64: =$D64 -> 0 | ... Q64: =$D64 -> 0 | R64: =SUM(F64:Q64) -> 0 | T64: =R64 -> 0
A65: Marketing Other | C65: 0 | D65: =C65/12 -> 0 | F65: =$D$62 -> 0 | G65: =$D$62 -> 0 | H65: =$D65 -> 0 | I65: =$D65 -> 0 | J65: =$D65 -> 0 | K65: =$D65 -> 0 | L65: =$D65 -> 0 | M65: =$D65 -> 0 | N65: =$D65 -> 0 | O65: =$D65 -> 0 | ... Q65: =$D65 -> 0 | R65: =SUM(F65:Q65) -> 0 | T65: =R65 -> 0
A66: Marketing Other | C66: 0 | D66: =C66/12 -> 0 | F66: =$D$62 -> 0 | G66: =$D$62 -> 0 | H66: =$D66 -> 0 | I66: =$D66 -> 0 | J66: =$D66 -> 0 | K66: =$D66 -> 0 | L66: =$D66 -> 0 | M66: =$D66 -> 0 | N66: =$D66 -> 0 | O66: =$D66 -> 0 | ... Q66: =$D66 -> 0 | R66: =SUM(F66:Q66) -> 0 | T66: =R66 -> 0
A67: Contracted Services
A68: Accounting Services (Book Keeping and Payroll) | C68: 0 | D68: =C68/12 -> 0 | F68: =$D68 -> 0 | G68: =$D68 -> 0 | H68: =$D68 -> 0 | I68: =$D68 -> 0 | J68: =$D68 -> 0 | K68: =$D68 -> 0 | L68: =$D68 -> 0 | M68: =$D68 -> 0 | ... Q68: =$D68 -> 0 | R68: =SUM(F68:Q68) -> 0 | T68: =R68 -> 0
A69: Attorney Fees | C69: 0 | D69: =C69/12 -> 0 | F69: =$D69 -> 0 | G69: =$D69 -> 0 | H69: =$D69 -> 0 | I69: =$D69 -> 0 | J69: =$D69 -> 0 | K69: =$D69 -> 0 | L69: =$D69 -> 0 | M69: =$D69 -> 0 | ... Q69: =$D69 -> 0 | R69: =SUM(F69:Q69) -> 0 | T69: =R69 -> 0
A70: Misc Other Services | C70: 0 | D70: =C70/12 -> 0 | F70: =$D70 -> 0 | G70: =$D70 -> 0 | H70: =$D70 -> 0 | I70: =$D70 -> 0 | J70: =$D70 -> 0 | K70: =$D70 -> 0 | L70: =$D70 -> 0 | M70: =$D70 -> 0 | ... Q70: =$D70 -> 0 | R70: =SUM(F70:Q70) -> 0 | T70: =R70 -> 0
A71: Audit/Accounting/Bank Fees | C71: 0 | D71: =C71/12 -> 0 | F71: =$D71 -> 0 | G71: =$D71 -> 0 | H71: =$D71 -> 0 | I71: =$D71 -> 0 | J71: =$D71 -> 0 | K71: =$D71 -> 0 | L71: =$D71 -> 0 | M71: =$D71 -> 0 | ... Q71: =$D71 -> 0 | R71: =SUM(F71:Q71) -> 0 | T71: =R71 -> 0
A72: Rental | C72: 0 | D72: =C72/12 -> 0 | F72: =$D72 -> 0 | G72: =$D72 -> 0 | H72: =$D72 -> 0 | I72: =$D72 -> 0 | J72: =$D72 -> 0 | K72: =$D72 -> 0 | L72: =$D72 -> 0 | M72: =$D72 -> 0 | ... Q72: =$D72 -> 0 | R72: =SUM(F72:Q72) -> 0 | T72: =R72 -> 0
A73: Contract Maintenance - Vehicles | C73: 0 | D73: =C73/12 -> 0 | F73: =$D73 -> 0 | G73: =$D73 -> 0 | H73: =$D73 -> 0 | I73: =$D73 -> 0 | J73: =$D73 -> 0 | K73: =$D73 -> 0 | L73: =$D73 -> 0 | M73: =$D73 -> 0 | ... Q73: =$D73 -> 0 | R73: =SUM(F73:Q73) -> 0 | T73: =R73 -> 0
A74: Contract Maintenance - Other | C74: 0 | D74: =C74/12 -> 0 | F74: =$D74 -> 0 | G74: =$D74 -> 0 | H74: =$D74 -> 0 | I74: =$D74 -> 0 | J74: =$D74 -> 0 | K74: =$D74 -> 0 | L74: =$D74 -> 0 | M74: =$D74 -> 0 | ... Q74: =$D74 -> 0 | R74: =SUM(F74:Q74) -> 0 | T74: =R74 -> 0
A75: Contract Maintenance - Other | C75: 0 | D75: =C75/12 -> 0 | F75: =$D75 -> 0 | G75: =$D75 -> 0 | H75: =$D75 -> 0 | I75: =$D75 -> 0 | J75: =$D75 -> 0 | K75: =$D75 -> 0 | L75: =$D75 -> 0 | M75: =$D75 -> 0 | ... Q75: =$D75 -> 0 | R75: =SUM(F75:Q75) -> 0 | T75: =R75 -> 0
A76: Contract Maintenance - Other | C76: 0 | D76: =C76/12 -> 0 | F76: =$D76 -> 0 | G76: =$D76 -> 0 | H76: =$D76 -> 0 | I76: =$D76 -> 0 | J76: =$D76 -> 0 | K76: =$D76 -> 0 | L76: =$D76 -> 0 | M76: =$D76 -> 0 | ... Q76: =$D76 -> 0 | R76: =SUM(F76:Q76) -> 0 | T76: =R76 -> 0
A77: Travel/Conference Fees/Training
A78: Training (Operations and Administration Staff) | C78: 0 | D78: =C78/12 -> 0 | F78: =$D78 -> 0 | G78: =$D78 -> 0 | H78: =$D78 -> 0 | I78: =$D78 -> 0 | J78: =$D78 -> 0 | K78: =$D78 -> 0 | L78: =$D78 -> 0 | M78: =$D78 -> 0 | ... Q78: =$D78 -> 0 | R78: =SUM(F78:Q78) -> 0 | T78: =R78 -> 0
A79: Conference Fees | C79: 0 | D79: =C79/12 -> 0 | F79: =$D79 -> 0 | G79: =$D79 -> 0 | H79: =$D79 -> 0 | I79: =$D79 -> 0 | J79: =$D79 -> 0 | K79: =$D79 -> 0 | L79: =$D79 -> 0 | M79: =$D79 -> 0 | ... Q79: =$D79 -> 0 | R79: =SUM(F79:Q79) -> 0 | T79: =R79 -> 0
A80: Instate Travel | C80: 0 | D80: =C80/12 -> 0 | F80: =$D80 -> 0 | G80: =$D80 -> 0 | H80: =$D80 -> 0 | I80: =$D80 -> 0 | J80: =$D80 -> 0 | K80: =$D80 -> 0 | L80: =$D80 -> 0 | M80: =$D80 -> 0 | ... Q80: =$D80 -> 0 | R80: =SUM(F80:Q80) -> 0 | T80: =R80 -> 0
A81: Out of State Travel/Manager Training | C81: 0 | D81: =C81/12 -> 0 | F81: =$D81 -> 0 | G81: =$D81 -> 0 | H81: =$D81 -> 0 | I81: =$D81 -> 0 | J81: =$D81 -> 0 | K81: =$D81 -> 0 | L81: =$D81 -> 0 | M81: =$D81 -> 0 | ... Q81: =$D81 -> 0 | R81: =SUM(F81:Q81) -> 0 | T81: =R81 -> 0
A82: Other | C82: 0 | D82: =C82/12 -> 0 | F82: =$D82 -> 0 | G82: =$D82 -> 0 | H82: =$D82 -> 0 | I82: =$D82 -> 0 | J82: =$D82 -> 0 | K82: =$D82 -> 0 | L82: =$D82 -> 0 | M82: =$D82 -> 0 | ... Q82: =$D82 -> 0 | R82: =SUM(F82:Q82) -> 0 | T82: =R82 -> 0
A83: Other | C83: 0 | D83: =C83/12 -> 0 | F83: =$D83 -> 0 | G83: =$D83 -> 0 | H83: =$D83 -> 0 | I83: =$D83 -> 0 | J83: =$D83 -> 0 | K83: =$D83 -> 0 | L83: =$D83 -> 0 | M83: =$D83 -> 0 | ... Q83: =$D83 -> 0 | R83: =SUM(F83:Q83) -> 0 | T83: =R83 -> 0
A84: Other | C84: 0 | D84: =C84/12 -> 0 | F84: =$D84 -> 0 | G84: =$D84 -> 0 | H84: =$D84 -> 0 | I84: =$D84 -> 0 | J84: =$D84 -> 0 | K84: =$D84 -> 0 | L84: =$D84 -> 0 | M84: =$D84 -> 0 | ... Q84: =$D84 -> 0 | R84: =SUM(F84:Q84) -> 0 | T84: =R84 -> 0
A85: Miscellaneous Other
A86: Inhouse Vehicle Maintenance | C86: 0 | D86: =C86/12 -> 0 | F86: =$D86 -> 0 | G86: =$D86 -> 0 | H86: =$D86 -> 0 | I86: =$D86 -> 0 | J86: =$D86 -> 0 | K86: =$D86 -> 0 | L86: =$D86 -> 0 | M86: =$D86 -> 0 | ... Q86: =$D86 -> 0 | R86: =SUM(F86:Q86) -> 0 | T86: =R86 -> 0
A87: Administrative Fee | C87: 0 | D87: =C87/12 -> 0 | F87: =$D87 -> 0 | G87: =$D87 -> 0 | H87: =$D87 -> 0 | I87: =$D87 -> 0 | J87: =$D87 -> 0 | K87: =$D87 -> 0 | L87: =$D87 -> 0 | M87: =$D87 -> 0 | ... Q87: =$D87 -> 0 | R87: =SUM(F87:Q87) -> 0 | T87: =R87 -> 0
A88: Public Hearing Notices | C88: 0 | D88: =C88/12 -> 0 | F88: =$D88 -> 0 | G88: =$D88 -> 0 | H88: =$D88 -> 0 | I88: =$D88 -> 0 | J88: =$D88 -> 0 | K88: =$D88 -> 0 | L88: =$D88 -> 0 | M88: =$D88 -> 0 | ... Q88: =$D88 -> 0 | R88: =SUM(F88:Q88) -> 0 | T88: =R88 -> 0 | V88: =+C88 -> 0
A89: Uniforms | C89: 0 | D89: =C89/12 -> 0 | F89: =$D89 -> 0 | G89: =$D89 -> 0 | H89: =$D89 -> 0 | I89: =$D89 -> 0 | J89: =$D89 -> 0 | K89: =$D89 -> 0 | L89: =$D89 -> 0 | M89: =$D89 -> 0 | ... Q89: =$D89 -> 0 | R89: =SUM(F89:Q89) -> 0 | T89: =R89 -> 0 | V89: =+C89 -> 0
A90: Safety Equipment | C90: 0 | D90: =C90/12 -> 0 | F90: =$D90 -> 0 | G90: =$D90 -> 0 | H90: =$D90 -> 0 | I90: =$D90 -> 0 | J90: =$D90 -> 0 | K90: =$D90 -> 0 | L90: =$D90 -> 0 | M90: =$D90 -> 0 | ... Q90: =$D90 -> 0 | R90: =SUM(F90:Q90) -> 0 | T90: =R90 -> 0 | V90: =+C90 -> 0
A91: FareBoxes and Small Equipment | C91: 0 | D91: =C91/12 -> 0 | F91: =$D91 -> 0 | G91: =$D91 -> 0 | H91: =$D91 -> 0 | I91: =$D91 -> 0 | J91: =$D91 -> 0 | K91: =$D91 -> 0 | L91: =$D91 -> 0 | M91: =$D91 -> 0 | ... Q91: =$D91 -> 0 | R91: =SUM(F91:Q91) -> 0 | T91: =R91 -> 0
A92: Inhouse Training/Employee Recognition/Workshops | C92: 0 | D92: =C92/12 -> 0 | F92: =$D92 -> 0 | G92: =$D92 -> 0 | H92: =$D92 -> 0 | I92: =$D92 -> 0 | J92: =$D92 -> 0 | K92: =$D92 -> 0 | L92: =$D92 -> 0 | M92: =$D92 -> 0 | ... Q92: =$D92 -> 0 | R92: =SUM(F92:Q92) -> 0 | T92: =R92 -> 0
A93: Bus Stop Maintenance | C93: 0 | D93: =C93/12 -> 0 | F93: =$D93 -> 0 | G93: =$D93 -> 0 | H93: =$D93 -> 0 | I93: =$D93 -> 0 | J93: =$D93 -> 0 | K93: =$D93 -> 0 | L93: =$D93 -> 0 | M93: =$D93 -> 0 | ... Q93: =$D93 -> 0 | R93: =SUM(F93:Q93) -> 0 | T93: =R93 -> 0
A94: Office Supplies | C94: 0 | D94: =C94/12 -> 0 | F94: =$D94 -> 0 | G94: =$D94 -> 0 | H94: =$D94 -> 0 | I94: =$D94 -> 0 | J94: =$D94 -> 0 | K94: =$D94 -> 0 | L94: =$D94 -> 0 | M94: =$D94 -> 0 | ... Q94: =$D94 -> 0 | R94: =SUM(F94:Q94) -> 0 | T94: =R94 -> 0 | V94: =+C94 -> 0
A95: Memberships | C95: 0 | D95: =C95/12 -> 0 | F95: =$D95 -> 0 | G95: =$D95 -> 0 | H95: =$D95 -> 0 | I95: =$D95 -> 0 | J95: =$D95 -> 0 | K95: =$D95 -> 0 | L95: =$D95 -> 0 | M95: =$D95 -> 0 | ... Q95: =$D95 -> 0 | R95: =SUM(F95:Q95) -> 0 | T95: =R95 -> 0
A96: Drug/Alcohol Testing/Physicals/Backgrond Checks | C96: 0 | D96: =C96/12 -> 0 | F96: =$D96 -> 0 | G96: =$D96 -> 0 | H96: =$D96 -> 0 | I96: =$D96 -> 0 | J96: =$D96 -> 0 | K96: =$D96 -> 0 | L96: =$D96 -> 0 | M96: =$D96 -> 0 | ... Q96: =$D96 -> 0 | R96: =SUM(F96:Q96) -> 0 | T96: =R96 -> 0 | V96: =+C96 -> 0
A97: Other | C97: 0 | D97: =C97/12 -> 0 | F97: =$D97 -> 0 | G97: =$D97 -> 0 | H97: =$D97 -> 0 | I97: =$D97 -> 0 | J97: =$D97 -> 0 | K97: =$D97 -> 0 | L97: =$D97 -> 0 | M97: =$D97 -> 0 | ... Q97: =$D97 -> 0 | R97: =SUM(F97:Q97) -> 0 | T97: =R97 -> 0
A98: Other | C98: 0 | D98: =C98/12 -> 0 | F98: =$D98 -> 0 | G98: =$D98 -> 0 | H98: =$D98 -> 0 | I98: =$D98 -> 0 | J98: =$D98 -> 0 | K98: =$D98 -> 0 | L98: =$D98 -> 0 | M98: =$D98 -> 0 | ... Q98: =$D98 -> 0 | R98: =SUM(F98:Q98) -> 0 | T98: =R98 -> 0
A99: Other | C99: 0 | D99: =C99/12 -> 0 | F99: =$D99 -> 0 | G99: =$D99 -> 0 | H99: =$D99 -> 0 | I99: =$D99 -> 0 | J99: =$D99 -> 0 | K99: =$D99 -> 0 | L99: =$D99 -> 0 | M99: =$D99 -> 0 | ... Q99: =$D99 -> 0 | R99: =SUM(F99:Q99) -> 0 | T99: =R99 -> 0
A100: Other | C100: 0 | D100: =C100/12 -> 0 | F100: =$D100 -> 0 | G100: =$D100 -> 0 | H100: =$D100 -> 0 | I100: =$D100 -> 0 | J100: =$D100 -> 0 | K100: =$D100 -> 0 | L100: =$D100 -> 0 | M100: =$D100 -> 0 | ... Q100: =$D100 -> 0 | R100: =SUM(F100:Q100) -> 0 | T100: =R100 -> 0
A101: Total Administrative Services | C101: =SUM(C6:C100) -> 0 | D101: =SUM(D6:D100) -> 0 | F101: =SUM(F6:F100) -> 0 | G101: =SUM(G6:G100) -> 0 | H101: =SUM(H6:H100) -> 0 | I101: =SUM(I6:I100) -> 0 | J101: =SUM(J6:J100) -> 0 | K101: =SUM(K6:K100) -> 0 | L101: =SUM(L6:L100) -> 0 | M101: =SUM(M6:M100) -> 0 | ... R101: =SUM(R6:R100) -> 0 | T101: =SUM(T6:T100) -> 0 | V101: =SUM(V6:V100) -> 0
...

Sheet 2030 - 5311
A1: Master Budget ~ FY2030 | C1: FY 2030 | F1: July | G1: Aug. | H1: Sept. | I1: Oct. | J1: Nov. | K1: Dec. | L1: Jan. | M1: Feb. | N1: Mar. | O1: Apr. | P1: May | Q1: June | R1: YTD | T1: 5311 Grant
C2: Budget
A3: Budget Item | C3: Annual | D3: Monthly | F3: Expenses | G3: Expenses | H3: Expenses | I3: Expenses | J3: Expenses | K3: Expenses | L3: Expenses | M3: Expenses | N3: Expenses | O3: Expenses | P3: Expenses | Q3: Expenses | R3: Total | T3: FY 2030
A4: NON-OPERATING SERVICES (80% Federal Funded: 10% State Funded)
B5: Quantity
A6: Transit Manager | C6: 0 | D6: =C6/12 -> 0 | F6: =$D$6 -> 0 | G6: =$D$6 -> 0 | H6: =$D$6 -> 0 | I6: =$D$6 -> 0 | J6: =$D$6 -> 0 | K6: =$D$6 -> 0 | L6: =$D$6 -> 0 | M6: =$D$6 -> 0 | ... Q6: =$D$6 -> 0 | R6: =SUM(F6:Q6) -> 0 | T6: =R6 -> 0
A7: Salary Taxes | C7: =C6*'Benefits and Salary Taxes'!D7 -> 0 | D7: =C7/12 -> 0 | F7: =+D7 -> 0 | G7: =+$D7 -> 0 | H7: =+$D7 -> 0 | I7: =+$D7 -> 0 | J7: =+$D7 -> 0 | K7: =+$D7 -> 0 | L7: =+$D7 -> 0 | M7: =+$D7 -> 0 | N7: =+$D7 -> 0 | ... P7: =+$D7 -> 0 | Q7: =+D7 -> 0 | R7: =SUM(F7:Q7) -> 0 | T7: =R7 -> 0
A8: Fringe Benefits (Health, 403(b), 401k) | C8: =+'Benefits and Salary Taxes'!E16*12 -> 0 | D8: =C8/12 -> 0 | F8: =$D$8 -> 0 | G8: =$D$8 -> 0 | H8: =$D$8 -> 0 | I8: =$D$8 -> 0 | J8: =$D$8 -> 0 | K8: =$D$8 -> 0 | L8: =$D$8 -> 0 | M8: =$D$8 -> 0 | ... Q8: =$D$8 -> 0 | R8: =SUM(F8:Q8) -> 0 | T8: =R8 -> 0
A9: Operations Manager | C9: 0 | D9: =C9/12 -> 0 | F9: =+$D$9 -> 0 | G9: =+$D$9 -> 0 | H9: =+$D$9 -> 0 | I9: =+$D$9 -> 0 | J9: =+$D$9 -> 0 | K9: =+$D$9 -> 0 | L9: =+$D$9 -> 0 | M9: =+$D$9 -> 0 | ... P9: =+$D$9 -> 0 | Q9: =$D$9 -> 0 | R9: =SUM(F9:Q9) -> 0 | T9: =R9 -> 0 | V9: =+C9 -> 0
A10: Salary Taxes | C10: =+C9*'Benefits and Salary Taxes'!D7 -> 0 | D10: =C10/12 -> 0 | F10: =+$D$10 -> 0 | G10: =+$D$10 -> 0 | H10: =+$D$10 -> 0 | I10: =+$D$10 -> 0 | J10: =+$D$10 -> 0 | K10: =+$D$10 -> 0 | L10: =+$D$10 -> 0 | M10: =+$D$10 -> 0 | ... P10: =+$D$10 -> 0 | Q10: =$D$10 -> 0 | R10: =SUM(F10:Q10) -> 0 | T10: =R10 -> 0 | V10: =+C10 -> 0
A11: Fringe Benefits (Health, 403(b), 401k) | C11: 0 | D11: =C11/12 -> 0 | F11: =+D11 -> 0 | G11: =+$D11 -> 0 | H11: =+$D11 -> 0 | I11: =+$D11 -> 0 | J11: =+$D11 -> 0 | K11: =+$D11 -> 0 | L11: =+$D11 -> 0 | M11: =+$D11 -> 0 | N11: =+$D11 -> 0 | ... P11: =+$D11 -> 0 | Q11: =$D$11 -> 0 | R11: =SUM(F11:Q11) -> 0 | T11: =R11 -> 0 | V11: =+C11 -> 0
A12: Transit Director | D12: =C12/12 -> 0 | Q12: =+D12 -> 0 | R12: =SUM(F12:Q12) -> 0 | T12: =+R12 -> 0
A13: Salary Taxes | D13: =C13/12 -> 0 | Q13: =+D13 -> 0 | R13: =SUM(F13:Q13) -> 0 | T13: =+R13 -> 0
A15: Administrative | C15: 0 | D15: =C15/12 -> 0 | F15: =+D15 -> 0 | G15: =+$D15 -> 0 | H15: =+$D15 -> 0 | I15: =+$D15 -> 0 | J15: =+$D15 -> 0 | K15: =+$D15 -> 0 | L15: =+$D15 -> 0 | M15: =+$D15 -> 0 | N15: =+$D15 -> 0 | ... P15: =+$D15 -> 0 | Q15: =$D$15 -> 0 | R15: =SUM(F15:Q15) -> 0 | T15: =R15 -> 0 | V15: =+C15 -> 0
A16: Salary Taxes | C16: =+C15*'Benefits and Salary Taxes'!D7 -> 0 | D16: =C16/12 -> 0 | F16: =+D16 -> 0 | G16: =+$D16 -> 0 | H16: =+$D16 -> 0 | I16: =+$D16 -> 0 | J16: =+$D16 -> 0 | K16: =+$D16 -> 0 | L16: =+$D16 -> 0 | M16: =+$D16 -> 0 | N16: =+$D16 -> 0 | ... P16: =+$D16 -> 0 | Q16: =+D16 -> 0 | R16: =SUM(F16:Q16) -> 0 | T16: =R16 -> 0 | V16: =+C16 -> 0
A17: Fringe Benefits (Health, 403(b), 401k) | C17: 0 | D17: =C17/12 -> 0 | F17: =+D17 -> 0 | G17: =+$D17 -> 0 | H17: =+$D17 -> 0 | I17: =+$D17 -> 0 | J17: =+$D17 -> 0 | K17: =+$D17 -> 0 | L17: =+$D17 -> 0 | M17: =+$D17 -> 0 | N17: =+$D17 -> 0 | ... P17: =+$D17 -> 0 | Q17: =$D$17 -> 0 | R17: =SUM(F17:Q17) -> 0 | T17: =R17 -> 0 | V17: =+C17 -> 0
A18: Marketing/Planning Staff | C18: 0 | D18: =C18/12 -> 0 | F18: =+D18 -> 0 | G18: =+$D18 -> 0 | H18: =+$D18 -> 0 | I18: =+$D18 -> 0 | J18: =+$D18 -> 0 | K18: =+$D18 -> 0 | L18: =+$D18 -> 0 | M18: =+$D18 -> 0 | N18: =+$D18 -> 0 | ... Q18: =+$D18 -> 0 | R18: =SUM(F18:Q18) -> 0 | T18: =R18 -> 0
A19: Salary Taxes | C19: =C18*'Benefits and Salary Taxes'!D7 -> 0 | D19: =C19/12 -> 0 | F19: =+D19 -> 0 | G19: =+$D19 -> 0 | H19: =+$D19 -> 0 | I19: =+$D19 -> 0 | J19: =+$D19 -> 0 | K19: =+$D19 -> 0 | L19: =+$D19 -> 0 | M19: =+$D19 -> 0 | N19: =+$D19 -> 0 | ... P19: =+$D19 -> 0 | Q19: =+D19 -> 0 | R19: =SUM(F19:Q19) -> 0 | T19: =R19 -> 0
A20: Fringe Benefits (Health, 403(b), 401k) | C20: 0 | D20: =C20/12 -> 0 | F20: =+D20 -> 0 | G20: =+$D20 -> 0 | H20: =+$D20 -> 0 | I20: =+$D20 -> 0 | J20: =+$D20 -> 0 | K20: =+$D20 -> 0 | L20: =+$D20 -> 0 | M20: =+$D20 -> 0 | N20: =+$D20 -> 0 | ... P20: =+$D20 -> 0 | Q20: =$D$17 -> 0 | R20: =SUM(F20:Q20) -> 0 | T20: =R20 -> 0
A21: Accounting Staff | C21: 0 | D21: =C21/12 -> 0 | F21: =+D21 -> 0 | G21: =+$D21 -> 0 | H21: =+$D21 -> 0 | I21: =+$D21 -> 0 | J21: =+$D21 -> 0 | K21: =+$D21 -> 0 | L21: =+$D21 -> 0 | M21: =+$D21 -> 0 | N21: =+$D21 -> 0 | ... Q21: =+$D21 -> 0 | R21: =SUM(F21:Q21) -> 0 | T21: =R21 -> 0
A22: Salary Taxes | C22: =C21*'Benefits and Salary Taxes'!D10 -> 0 | D22: =C22/12 -> 0 | F22: =+D22 -> 0 | G22: =+$D22 -> 0 | H22: =+$D22 -> 0 | I22: =+$D22 -> 0 | J22: =+$D22 -> 0 | K22: =+$D22 -> 0 | L22: =+$D22 -> 0 | M22: =+$D22 -> 0 | N22: =+$D22 -> 0 | ... P22: =+$D22 -> 0 | Q22: =+D22 -> 0 | R22: =SUM(F22:Q22) -> 0 | T22: =R22 -> 0
A23: Fringe Benefits (Health, 403(b), 401k) | C23: 0 | D23: =C23/12 -> 0 | F23: =+D23 -> 0 | G23: =+$D23 -> 0 | H23: =+$D23 -> 0 | I23: =+$D23 -> 0 | J23: =+$D23 -> 0 | K23: =+$D23 -> 0 | L23: =+$D23 -> 0 | M23: =+$D23 -> 0 | N23: =+$D23 -> 0 | ... P23: =+$D23 -> 0 | Q23: =+D23 -> 0 | R23: =SUM(F23:Q23) -> 0 | T23: =R23 -> 0
A24: Other Staff | C24: 0 | D24: =C24/12 -> 0 | F24: =+D24 -> 0 | G24: =+$D24 -> 0 | H24: =+$D24 -> 0 | I24: =+$D24 -> 0 | J24: =+$D24 -> 0 | K24: =+$D24 -> 0 | L24: =+$D24 -> 0 | M24: =+$D24 -> 0 | N24: =+$D24 -> 0 | ... Q24: =+$D24 -> 0 | R24: =SUM(F24:Q24) -> 0 | T24: =R24 -> 0
A25: Salary Taxes | C25: =C24*'Benefits and Salary Taxes'!D10 -> 0 | D25: =C25/12 -> 0 | F25: =+D25 -> 0 | G25: =+$D25 -> 0 | H25: =+$D25 -> 0 | I25: =+$D25 -> 0 | J25: =+$D25 -> 0 | K25: =+$D25 -> 0 | L25: =+$D25 -> 0 | M25: =+$D25 -> 0 | N25: =+$D25 -> 0 | ... P25: =+$D25 -> 0 | Q25: =+D25 -> 0 | R25: =SUM(F25:Q25) -> 0 | T25: =R25 -> 0
A26: Fringe Benefits (Health, 403(b), 401k) | C26: 0 | D26: =C26/12 -> 0 | F26: =+D26 -> 0 | G26: =+$D26 -> 0 | H26: =+$D26 -> 0 | I26: =+$D26 -> 0 | J26: =+$D26 -> 0 | K26: =+$D26 -> 0 | L26: =+$D26 -> 0 | M26: =+$D26 -> 0 | N26: =+$D26 -> 0 | ... P26: =+$D26 -> 0 | Q26: =+D26 -> 0 | R26: =SUM(F26:Q26) -> 0 | T26: =R26 -> 0
A27: Facility
A28: Building Lease | C28: 0 | D28: =C28/12 -> 0 | F28: =+D28 -> 0 | G28: =+$D28 -> 0 | H28: =+$D28 -> 0 | I28: =+$D28 -> 0 | J28: =+$D28 -> 0 | K28: =+$D28 -> 0 | L28: =+$D28 -> 0 | M28: =+$D28 -> 0 | N28: =+$D28 -> 0 | ... P28: =+$D28 -> 0 | Q28: =$D28 -> 0 | R28: =SUM(F28:Q28) -> 0 | T28: =R28 -> 0 | V28: =+C28 -> 0
A29: Building Utilities | C29: 0 | D29: =C29/12 -> 0 | F29: =+D29 -> 0 | G29: =+$D29 -> 0 | H29: =+$D29 -> 0 | I29: =+$D29 -> 0 | J29: =+$D29 -> 0 | K29: =+$D29 -> 0 | L29: =+$D29 -> 0 | M29: =+$D29 -> 0 | N29: =+$D29 -> 0 | ... P29: =+$D29 -> 0 | Q29: =$D$29 -> 0 | R29: =SUM(F29:Q29) -> 0 | T29: =R29 -> 0 | V29: =+C29 -> 0
A30: Building Maintenance | C30: 0 | D30: =C30/12 -> 0 | F30: =+D30 -> 0 | G30: =+$D30 -> 0 | H30: =+$D30 -> 0 | I30: =+$D30 -> 0 | J30: =+$D30 -> 0 | K30: =+$D30 -> 0 | L30: =+$D30 -> 0 | M30: =+$D30 -> 0 | N30: =+$D30 -> 0 | ... P30: =+$D30 -> 0 | Q30: =$D$30 -> 0 | R30: =SUM(F30:Q30) -> 0 | T30: =R30 -> 0
A31: Building Other | C31: 0 | D31: =C31/12 -> 0 | F31: =+D31 -> 0 | G31: =+$D31 -> 0 | H31: =+$D31 -> 0 | I31: =+$D31 -> 0 | J31: =+$D31 -> 0 | K31: =+$D31 -> 0 | L31: =+$D31 -> 0 | M31: =+$D31 -> 0 | N31: =+$D31 -> 0 | ... Q31: =+$D31 -> 0 | R31: =SUM(F31:Q31) -> 0 | T31: =R31 -> 0
A32: Building Other | C32: 0 | D32: =C32/12 -> 0 | F32: =+D32 -> 0 | G32: =+$D32 -> 0 | H32: =+$D32 -> 0 | I32: =+$D32 -> 0 | J32: =+$D32 -> 0 | K32: =+$D32 -> 0 | L32: =+$D32 -> 0 | M32: =+$D32 -> 0 | N32: =+$D32 -> 0 | ... Q32: =+$D32 -> 0 | R32: =SUM(F32:Q32) -> 0 | T32: =R32 -> 0
A33: Building Other | C33: 0 | D33: =C33/12 -> 0 | F33: =+D33 -> 0 | G33: =+$D33 -> 0 | H33: =+$D33 -> 0 | I33: =+$D33 -> 0 | J33: =+$D33 -> 0 | K33: =+$D33 -> 0 | L33: =+$D33 -> 0 | M33: =+$D33 -> 0 | N33: =+$D33 -> 0 | ... Q33: =+$D33 -> 0 | R33: =SUM(F33:Q33) -> 0 | T33: =R33 -> 0
A34: Building Other | C34: 0 | D34: =C34/12 -> 0 | F34: =+D34 -> 0 | G34: =+$D34 -> 0 | H34: =+$D34 -> 0 | I34: =+$D34 -> 0 | J34: =+$D34 -> 0 | K34: =+$D34 -> 0 | L34: =+$D34 -> 0 | M34: =+$D34 -> 0 | N34: =+$D34 -> 0 | ... Q34: =+$D34 -> 0 | R34: =SUM(F34:Q34) -> 0 | T34: =R34 -> 0
A35: Insurance
A36: Insurance D&O | C36: 0 | D36: =C36/12 -> 0 | F36: =+D36 -> 0 | G36: =+D36 -> 0 | H36: =+$D36 -> 0 | I36: =+$D36 -> 0 | J36: =+$D36 -> 0 | K36: =+$D36 -> 0 | L36: =+$D36 -> 0 | M36: =+$D36 -> 0 | N36: =+$D36 -> 0 | O36: =+$D36 -> 0 | P36: =+$D36 -> 0 | Q36: =$D36 -> 0 | R36: =SUM(F36:Q36) -> 0 | T36: =R36 -> 0 | V36: =+C36 -> 0
A37: Cyber Insurance | C37: 0 | D37: =C37/12 -> 0 | F37: =+D37 -> 0 | G37: =+D37 -> 0 | H37: =+$D37 -> 0 | I37: =+$D37 -> 0 | J37: =+$D37 -> 0 | K37: =+$D37 -> 0 | L37: =+$D37 -> 0 | M37: =+$D37 -> 0 | N37: =+$D37 -> 0 | O37: =+$D37 -> 0 | P37: =+$D37 -> 0 | Q37: =$D37 -> 0 | R37: =SUM(F37:Q37) -> 0 | T37: =R37 -> 0 | V37: =+C37 -> 0
A38: Commercial Auto | C38: 0 | D38: =C38/12 -> 0 | F38: =+D38 -> 0 | G38: =+D38 -> 0 | H38: =+$D38 -> 0 | I38: =+$D38 -> 0 | J38: =+$D38 -> 0 | K38: =+$D38 -> 0 | L38: =+$D38 -> 0 | M38: =+$D38 -> 0 | N38: =+$D38 -> 0 | O38: =+$D38 -> 0 | P38: =+$D38 -> 0 | Q38: =$D38 -> 0 | R38: =SUM(F38:Q38) -> 0 | T38: =R38 -> 0 | V38: =+C38 -> 0
A39: General Liability | C39: 0 | D39: =C39/12 -> 0 | F39: =+D39 -> 0 | G39: =+D39 -> 0 | H39: =+$D39 -> 0 | I39: =+$D39 -> 0 | J39: =+$D39 -> 0 | K39: =+$D39 -> 0 | L39: =+$D39 -> 0 | M39: =+$D39 -> 0 | N39: =+$D39 -> 0 | O39: =+$D39 -> 0 | P39: =+$D39 -> 0 | Q39: =$D39 -> 0 | R39: =SUM(F39:Q39) -> 0 | T39: =R39 -> 0 | V39: =+C39 -> 0
A40: Umbrella/Excess | C40: 0 | D40: =C40/12 -> 0 | F40: =+D40 -> 0 | G40: =+D40 -> 0 | H40: =+$D40 -> 0 | I40: =+$D40 -> 0 | J40: =+$D40 -> 0 | K40: =+$D40 -> 0 | L40: =+$D40 -> 0 | M40: =+$D40 -> 0 | N40: =+$D40 -> 0 | O40: =+$D40 -> 0 | P40: =+$D40 -> 0 | Q40: =$D40 -> 0 | R40: =SUM(F40:Q40) -> 0 | T40: =R40 -> 0 | V40: =+C40 -> 0
A41: Crime Bond ($100,000 Limit) | C41: 0 | D41: =C41/12 -> 0 | F41: =+D41 -> 0 | G41: =+D41 -> 0 | H41: =+$D41 -> 0 | I41: =+$D41 -> 0 | J41: =+$D41 -> 0 | K41: =+$D41 -> 0 | L41: =+$D41 -> 0 | M41: =+$D41 -> 0 | N41: =+$D41 -> 0 | O41: =+$D41 -> 0 | P41: =+$D41 -> 0 | Q41: =$D41 -> 0 | R41: =SUM(F41:Q41) -> 0 | T41: =R41 -> 0 | V41: =+C41 -> 0
A42: Workmans Compensation | C42: 0 | D42: =C42/12 -> 0 | F42: =+D42 -> 0 | G42: =+D42 -> 0 | H42: =+$D42 -> 0 | I42: =+$D42 -> 0 | J42: =+$D42 -> 0 | K42: =+$D42 -> 0 | L42: =+$D42 -> 0 | M42: =+$D42 -> 0 | N42: =+$D42 -> 0 | O42: =+$D42 -> 0 | P42: =+$D42 -> 0 | Q42: =$D42 -> 0 | R42: =SUM(F42:Q42) -> 0 | T42: =R42 -> 0 | V42: =+C42 -> 0
A43: Insurance Other | C43: 0 | D43: =C43/12 -> 0 | F43: =+D43 -> 0 | G43: =+D43 -> 0 | H43: =+$D43 -> 0 | I43: =+$D43 -> 0 | J43: =+$D43 -> 0 | K43: =+$D43 -> 0 | L43: =+$D43 -> 0 | M43: =+$D43 -> 0 | N43: =+$D43 -> 0 | O43: =+$D43 -> 0 | P43: =+$D43 -> 0 | Q43: =$D43 -> 0 | R43: =SUM(F43:Q43) -> 0 | T43: =R43 -> 0 | V43: =+C43 -> 0
A44: Insurance Other | C44: 0 | D44: =C44/12 -> 0 | F44: =+D44 -> 0 | G44: =+D44 -> 0 | H44: =+$D44 -> 0 | I44: =+$D44 -> 0 | J44: =+$D44 -> 0 | K44: =+$D44 -> 0 | L44: =+$D44 -> 0 | M44: =+$D44 -> 0 | N44: =+$D44 -> 0 | O44: =+$D44 -> 0 | P44: =+$D44 -> 0 | Q44: =$D44 -> 0 | R44: =SUM(F44:Q44) -> 0 | T44: =R44 -> 0 | V44: =+C44 -> 0
A45: Insurance Other | C45: 0 | D45: =C45/12 -> 0 | F45: =+D45 -> 0 | G45: =+D45 -> 0 | H45: =+$D45 -> 0 | I45: =+$D45 -> 0 | J45: =+$D45 -> 0 | K45: =+$D45 -> 0 | L45: =+$D45 -> 0 | M45: =+$D45 -> 0 | N45: =+$D45 -> 0 | O45: =+$D45 -> 0 | P45: =+$D45 -> 0 | Q45: =$D45 -> 0 | R45: =SUM(F45:Q45) -> 0 | T45: =R45 -> 0 | V45: =+C45 -> 0
A46: Technology Systems
A47: Dispatch Software Demand Response | C47: 0 | D47: =C47/12 -> 0 | F47: =$D47 -> 0 | G47: =$D47 -> 0 | H47: =$D47 -> 0 | I47: =$D47 -> 0 | J47: =$D47 -> 0 | K47: =$D47 -> 0 | L47: =$D47 -> 0 | M47: =$D47 -> 0 | ... Q47: =$D47 -> 0 | R47: =SUM(F47:Q47) -> 0 | T47: =R47 -> 0
A48: Dispatch Software FlexRoute | C48: 0 | D48: =C48/12 -> 0 | F48: =$D48 -> 0 | G48: =$D48 -> 0 | H48: =$D48 -> 0 | I48: =$D48 -> 0 | J48: =$D48 -> 0 | K48: =$D48 -> 0 | L48: =$D48 -> 0 | M48: =$D48 -> 0 | ... Q48: =$D48 -> 0 | R48: =SUM(F48:Q48) -> 0 | T48: =R48 -> 0
A49: Internet Service | C49: 0 | D49: =C49/12 -> 0 | F49: =$D49 -> 0 | G49: =$D49 -> 0 | H49: =$D49 -> 0 | I49: =$D49 -> 0 | J49: =$D49 -> 0 | K49: =$D49 -> 0 | L49: =$D49 -> 0 | M49: =$D49 -> 0 | ... Q49: =$D49 -> 0 | R49: =SUM(F49:Q49) -> 0 | T49: =R49 -> 0
A50: Vehicle Cameras | C50: =B50*4000 -> 0 | D50: =C50/12 -> 0 | F50: =$D50 -> 0 | G50: =$D50 -> 0 | H50: =$D50 -> 0 | I50: =$D50 -> 0 | J50: =$D50 -> 0 | K50: =$D50 -> 0 | L50: =$D50 -> 0 | M50: =$D50 -> 0 | ... Q50: =$D50 -> 0 | R50: =SUM(F50:Q50) -> 0 | T50: =R50 -> 0
A51: IT Systems | C51: 0 | D51: =C51/12 -> 0 | F51: =$D51 -> 0 | G51: =$D51 -> 0 | H51: =$D51 -> 0 | I51: =$D51 -> 0 | J51: =$D51 -> 0 | K51: =$D51 -> 0 | L51: =$D51 -> 0 | M51: =$D51 -> 0 | ... Q51: =$D51 -> 0 | R51: =SUM(F51:Q51) -> 0 | T51: =R51 -> 0
A52: Phones (LL & Cell) | C52: 0 | D52: =C52/12 -> 0 | F52: =$D52 -> 0 | G52: =$D52 -> 0 | H52: =$D52 -> 0 | I52: =$D52 -> 0 | J52: =$D52 -> 0 | K52: =$D52 -> 0 | L52: =$D52 -> 0 | M52: =$D52 -> 0 | ... Q52: =$D52 -> 0 | R52: =SUM(F52:Q52) -> 0 | T52: =R52 -> 0
A53: 2-Way Radios | C53: 0 | D53: =C53/12 -> 0 | F53: =$D53 -> 0 | G53: =$D53 -> 0 | H53: =$D53 -> 0 | I53: =$D53 -> 0 | J53: =$D53 -> 0 | K53: =$D53 -> 0 | L53: =$D53 -> 0 | M53: =$D53 -> 0 | ... Q53: =$D53 -> 0 | R53: =SUM(F53:Q53) -> 0 | T53: =R53 -> 0
A54: Dispatch Vehicle Hardware | C54: 0 | D54: =C54/12 -> 0 | F54: =+D54 -> 0 | G54: =$D54 -> 0 | H54: =$D54 -> 0 | I54: =$D54 -> 0 | J54: =$D54 -> 0 | K54: =$D54 -> 0 | L54: =$D54 -> 0 | M54: =$D54 -> 0 | N54: =$D54 -> 0 | ... Q54: =$D54 -> 0 | R54: =SUM(F54:Q54) -> 0 | T54: =R54 -> 0 | V54: =+C54 -> 0
A55: Technology Other | C55: 0 | D55: =C55/12 -> 0 | F55: =+D55 -> 0 | G55: =$D55 -> 0 | H55: =$D55 -> 0 | I55: =$D55 -> 0 | J55: =$D55 -> 0 | K55: =$D55 -> 0 | L55: =$D55 -> 0 | M55: =$D55 -> 0 | N55: =$D55 -> 0 | ... Q55: =$D55 -> 0 | R55: =SUM(F55:Q55) -> 0 | T55: =R55 -> 0
A56: Technology Other | C56: 0 | D56: =C56/12 -> 0 | F56: =+D56 -> 0 | G56: =$D56 -> 0 | H56: =$D56 -> 0 | I56: =$D56 -> 0 | J56: =$D56 -> 0 | K56: =$D56 -> 0 | L56: =$D56 -> 0 | M56: =$D56 -> 0 | N56: =$D56 -> 0 | ... Q56: =$D56 -> 0 | R56: =SUM(F56:Q56) -> 0 | T56: =R56 -> 0
A57: Technology Other | C57: 0 | D57: =C57/12 -> 0 | F57: =+D57 -> 0 | G57: =$D57 -> 0 | H57: =$D57 -> 0 | I57: =$D57 -> 0 | J57: =$D57 -> 0 | K57: =$D57 -> 0 | L57: =$D57 -> 0 | M57: =$D57 -> 0 | N57: =$D57 -> 0 | ... Q57: =$D57 -> 0 | R57: =SUM(F57:Q57) -> 0 | T57: =R57 -> 0
A58: Marketing/Ads/Promotion
A59: Vehicle Graphics | C59: 0 | D59: =C59/12 -> 0 | F59: =$D$59 -> 0 | G59: =$D$59 -> 0 | H59: =$D$59 -> 0 | I59: =$D$59 -> 0 | J59: =$D$59 -> 0 | K59: =$D$59 -> 0 | L59: =$D$59 -> 0 | M59: =$D$59 -> 0 | ... Q59: =$D$59 -> 0 | R59: =SUM(F59:Q59) -> 0 | T59: =R59 -> 0
A60: TV and Radio Marketing | C60: 0 | D60: =C60/12 -> 0 | F60: =$D$60 -> 0 | G60: =$D$60 -> 0 | H60: =$D$60 -> 0 | I60: =$D$60 -> 0 | J60: =$D$60 -> 0 | K60: =$D$60 -> 0 | L60: =$D$60 -> 0 | M60: =$D$60 -> 0 | ... Q60: =$D$60 -> 0 | R60: =SUM(F60:Q60) -> 0 | T60: =R60 -> 0
A61: Printing Services | C61: 0 | D61: =C61/12 -> 0 | F61: =$D$60 -> 0 | G61: =$D$60 -> 0 | H61: =$D61 -> 0 | I61: =$D61 -> 0 | J61: =$D61 -> 0 | K61: =$D61 -> 0 | L61: =$D61 -> 0 | M61: =$D61 -> 0 | N61: =$D61 -> 0 | O61: =$D61 -> 0 | P61: =$D61 -> 0 | Q61: =$D$61 -> 0 | R61: =SUM(F61:Q61) -> 0 | T61: =R61 -> 0 | V61: =+C61 -> 0
A62: General Marketing Services | C62: 0 | D62: =C62/12 -> 0 | F62: =$D62 -> 0 | G62: =$D62 -> 0 | H62: =$D62 -> 0 | I62: =$D62 -> 0 | J62: =$D62 -> 0 | K62: =$D62 -> 0 | L62: =$D62 -> 0 | M62: =$D62 -> 0 | ... P62: =$D62 -> 0 | Q62: =$D$62 -> 0 | R62: =SUM(F62:Q62) -> 0 | T62: =R62 -> 0
A63: Website Development & Maintnenance | C63: 0 | D63: =C63/12 -> 0 | F63: =$D$62 -> 0 | G63: =$D$62 -> 0 | H63: =$D63 -> 0 | I63: =$D63 -> 0 | J63: =$D63 -> 0 | K63: =$D63 -> 0 | L63: =$D63 -> 0 | M63: =$D63 -> 0 | N63: =$D63 -> 0 | O63: =$D63 -> 0 | P63: =$D63 -> 0 | Q63: =$D$63 -> 0 | R63: =SUM(F63:Q63) -> 0 | T63: =R63 -> 0
A64: Marketing Other | C64: 0 | D64: =C64/12 -> 0 | F64: =$D$62 -> 0 | G64: =$D$62 -> 0 | H64: =$D64 -> 0 | I64: =$D64 -> 0 | J64: =$D64 -> 0 | K64: =$D64 -> 0 | L64: =$D64 -> 0 | M64: =$D64 -> 0 | N64: =$D64 -> 0 | O64: =$D64 -> 0 | ... Q64: =$D64 -> 0 | R64: =SUM(F64:Q64) -> 0 | T64: =R64 -> 0
A65: Marketing Other | C65: 0 | D65: =C65/12 -> 0 | F65: =$D$62 -> 0 | G65: =$D$62 -> 0 | H65: =$D65 -> 0 | I65: =$D65 -> 0 | J65: =$D65 -> 0 | K65: =$D65 -> 0 | L65: =$D65 -> 0 | M65: =$D65 -> 0 | N65: =$D65 -> 0 | O65: =$D65 -> 0 | ... Q65: =$D65 -> 0 | R65: =SUM(F65:Q65) -> 0 | T65: =R65 -> 0
A66: Marketing Other | C66: 0 | D66: =C66/12 -> 0 | F66: =$D$62 -> 0 | G66: =$D$62 -> 0 | H66: =$D66 -> 0 | I66: =$D66 -> 0 | J66: =$D66 -> 0 | K66: =$D66 -> 0 | L66: =$D66 -> 0 | M66: =$D66 -> 0 | N66: =$D66 -> 0 | O66: =$D66 -> 0 | ... Q66: =$D66 -> 0 | R66: =SUM(F66:Q66) -> 0 | T66: =R66 -> 0
A67: Contracted Services
A68: Accounting Services (Book Keeping and Payroll) | C68: 0 | D68: =C68/12 -> 0 | F68: =$D68 -> 0 | G68: =$D68 -> 0 | H68: =$D68 -> 0 | I68: =$D68 -> 0 | J68: =$D68 -> 0 | K68: =$D68 -> 0 | L68: =$D68 -> 0 | M68: =$D68 -> 0 | ... Q68: =$D68 -> 0 | R68: =SUM(F68:Q68) -> 0 | T68: =R68 -> 0
A69: Attorney Fees | C69: 0 | D69: =C69/12 -> 0 | F69: =$D69 -> 0 | G69: =$D69 -> 0 | H69: =$D69 -> 0 | I69: =$D69 -> 0 | J69: =$D69 -> 0 | K69: =$D69 -> 0 | L69: =$D69 -> 0 | M69: =$D69 -> 0 | ... Q69: =$D69 -> 0 | R69: =SUM(F69:Q69) -> 0 | T69: =R69 -> 0
A70: Misc Other Services | C70: 0 | D70: =C70/12 -> 0 | F70: =$D70 -> 0 | G70: =$D70 -> 0 | H70: =$D70 -> 0 | I70: =$D70 -> 0 | J70: =$D70 -> 0 | K70: =$D70 -> 0 | L70: =$D70 -> 0 | M70: =$D70 -> 0 | ... Q70: =$D70 -> 0 | R70: =SUM(F70:Q70) -> 0 | T70: =R70 -> 0
A71: Audit/Accounting/Bank Fees | C71: 0 | D71: =C71/12 -> 0 | F71: =$D71 -> 0 | G71: =$D71 -> 0 | H71: =$D71 -> 0 | I71: =$D71 -> 0 | J71: =$D71 -> 0 | K71: =$D71 -> 0 | L71: =$D71 -> 0 | M71: =$D71 -> 0 | ... Q71: =$D71 -> 0 | R71: =SUM(F71:Q71) -> 0 | T71: =R71 -> 0
A72: Rental | C72: 0 | D72: =C72/12 -> 0 | F72: =$D72 -> 0 | G72: =$D72 -> 0 | H72: =$D72 -> 0 | I72: =$D72 -> 0 | J72: =$D72 -> 0 | K72: =$D72 -> 0 | L72: =$D72 -> 0 | M72: =$D72 -> 0 | ... Q72: =$D72 -> 0 | R72: =SUM(F72:Q72) -> 0 | T72: =R72 -> 0
A73: Contract Maintenance - Vehicles | C73: 0 | D73: =C73/12 -> 0 | F73: =$D73 -> 0 | G73: =$D73 -> 0 | H73: =$D73 -> 0 | I73: =$D73 -> 0 | J73: =$D73 -> 0 | K73: =$D73 -> 0 | L73: =$D73 -> 0 | M73: =$D73 -> 0 | ... Q73: =$D73 -> 0 | R73: =SUM(F73:Q73) -> 0 | T73: =R73 -> 0
A74: Contract Maintenance - Other | C74: 0 | D74: =C74/12 -> 0 | F74: =$D74 -> 0 | G74: =$D74 -> 0 | H74: =$D74 -> 0 | I74: =$D74 -> 0 | J74: =$D74 -> 0 | K74: =$D74 -> 0 | L74: =$D74 -> 0 | M74: =$D74 -> 0 | ... Q74: =$D74 -> 0 | R74: =SUM(F74:Q74) -> 0 | T74: =R74 -> 0
A75: Contract Maintenance - Other | C75: 0 | D75: =C75/12 -> 0 | F75: =$D75 -> 0 | G75: =$D75 -> 0 | H75: =$D75 -> 0 | I75: =$D75 -> 0 | J75: =$D75 -> 0 | K75: =$D75 -> 0 | L75: =$D75 -> 0 | M75: =$D75 -> 0 | ... Q75: =$D75 -> 0 | R75: =SUM(F75:Q75) -> 0 | T75: =R75 -> 0
A76: Contract Maintenance - Other | C76: 0 | D76: =C76/12 -> 0 | F76: =$D76 -> 0 | G76: =$D76 -> 0 | H76: =$D76 -> 0 | I76: =$D76 -> 0 | J76: =$D76 -> 0 | K76: =$D76 -> 0 | L76: =$D76 -> 0 | M76: =$D76 -> 0 | ... Q76: =$D76 -> 0 | R76: =SUM(F76:Q76) -> 0 | T76: =R76 -> 0
A77: Travel/Conference Fees/Training
A78: Training (Operations and Administration Staff) | C78: 0 | D78: =C78/12 -> 0 | F78: =$D78 -> 0 | G78: =$D78 -> 0 | H78: =$D78 -> 0 | I78: =$D78 -> 0 | J78: =$D78 -> 0 | K78: =$D78 -> 0 | L78: =$D78 -> 0 | M78: =$D78 -> 0 | ... Q78: =$D78 -> 0 | R78: =SUM(F78:Q78) -> 0 | T78: =R78 -> 0
A79: Conference Fees | C79: 0 | D79: =C79/12 -> 0 | F79: =$D79 -> 0 | G79: =$D79 -> 0 | H79: =$D79 -> 0 | I79: =$D79 -> 0 | J79: =$D79 -> 0 | K79: =$D79 -> 0 | L79: =$D79 -> 0 | M79: =$D79 -> 0 | ... Q79: =$D79 -> 0 | R79: =SUM(F79:Q79) -> 0 | T79: =R79 -> 0
A80: Instate Travel | C80: 0 | D80: =C80/12 -> 0 | F80: =$D80 -> 0 | G80: =$D80 -> 0 | H80: =$D80 -> 0 | I80: =$D80 -> 0 | J80: =$D80 -> 0 | K80: =$D80 -> 0 | L80: =$D80 -> 0 | M80: =$D80 -> 0 | ... Q80: =$D80 -> 0 | R80: =SUM(F80:Q80) -> 0 | T80: =R80 -> 0
A81: Out of State Travel/Manager Training | C81: 0 | D81: =C81/12 -> 0 | F81: =$D81 -> 0 | G81: =$D81 -> 0 | H81: =$D81 -> 0 | I81: =$D81 -> 0 | J81: =$D81 -> 0 | K81: =$D81 -> 0 | L81: =$D81 -> 0 | M81: =$D81 -> 0 | ... Q81: =$D81 -> 0 | R81: =SUM(F81:Q81) -> 0 | T81: =R81 -> 0
A82: Other | C82: 0 | D82: =C82/12 -> 0 | F82: =$D82 -> 0 | G82: =$D82 -> 0 | H82: =$D82 -> 0 | I82: =$D82 -> 0 | J82: =$D82 -> 0 | K82: =$D82 -> 0 | L82: =$D82 -> 0 | M82: =$D82 -> 0 | ... Q82: =$D82 -> 0 | R82: =SUM(F82:Q82) -> 0 | T82: =R82 -> 0
A83: Other | C83: 0 | D83: =C83/12 -> 0 | F83: =$D83 -> 0 | G83: =$D83 -> 0 | H83: =$D83 -> 0 | I83: =$D83 -> 0 | J83: =$D83 -> 0 | K83: =$D83 -> 0 | L83: =$D83 -> 0 | M83: =$D83 -> 0 | ... Q83: =$D83 -> 0 | R83: =SUM(F83:Q83) -> 0 | T83: =R83 -> 0
A84: Other | C84: 0 | D84: =C84/12 -> 0 | F84: =$D84 -> 0 | G84: =$D84 -> 0 | H84: =$D84 -> 0 | I84: =$D84 -> 0 | J84: =$D84 -> 0 | K84: =$D84 -> 0 | L84: =$D84 -> 0 | M84: =$D84 -> 0 | ... Q84: =$D84 -> 0 | R84: =SUM(F84:Q84) -> 0 | T84: =R84 -> 0
A85: Miscellaneous Other
A86: Inhouse Vehicle Maintenance | C86: 0 | D86: =C86/12 -> 0 | F86: =$D86 -> 0 | G86: =$D86 -> 0 | H86: =$D86 -> 0 | I86: =$D86 -> 0 | J86: =$D86 -> 0 | K86: =$D86 -> 0 | L86: =$D86 -> 0 | M86: =$D86 -> 0 | ... Q86: =$D86 -> 0 | R86: =SUM(F86:Q86) -> 0 | T86: =R86 -> 0
A87: Administrative Fee | C87: 0 | D87: =C87/12 -> 0 | F87: =$D87 -> 0 | G87: =$D87 -> 0 | H87: =$D87 -> 0 | I87: =$D87 -> 0 | J87: =$D87 -> 0 | K87: =$D87 -> 0 | L87: =$D87 -> 0 | M87: =$D87 -> 0 | ... Q87: =$D87 -> 0 | R87: =SUM(F87:Q87) -> 0 | T87: =R87 -> 0
A88: Public Hearing Notices | C88: 0 | D88: =C88/12 -> 0 | F88: =$D88 -> 0 | G88: =$D88 -> 0 | H88: =$D88 -> 0 | I88: =$D88 -> 0 | J88: =$D88 -> 0 | K88: =$D88 -> 0 | L88: =$D88 -> 0 | M88: =$D88 -> 0 | ... Q88: =$D88 -> 0 | R88: =SUM(F88:Q88) -> 0 | T88: =R88 -> 0 | V88: =+C88 -> 0
A89: Uniforms | C89: 0 | D89: =C89/12 -> 0 | F89: =$D89 -> 0 | G89: =$D89 -> 0 | H89: =$D89 -> 0 | I89: =$D89 -> 0 | J89: =$D89 -> 0 | K89: =$D89 -> 0 | L89: =$D89 -> 0 | M89: =$D89 -> 0 | ... Q89: =$D89 -> 0 | R89: =SUM(F89:Q89) -> 0 | T89: =R89 -> 0 | V89: =+C89 -> 0
A90: Safety Equipment | C90: 0 | D90: =C90/12 -> 0 | F90: =$D90 -> 0 | G90: =$D90 -> 0 | H90: =$D90 -> 0 | I90: =$D90 -> 0 | J90: =$D90 -> 0 | K90: =$D90 -> 0 | L90: =$D90 -> 0 | M90: =$D90 -> 0 | ... Q90: =$D90 -> 0 | R90: =SUM(F90:Q90) -> 0 | T90: =R90 -> 0 | V90: =+C90 -> 0
A91: FareBoxes and Small Equipment | C91: 0 | D91: =C91/12 -> 0 | F91: =$D91 -> 0 | G91: =$D91 -> 0 | H91: =$D91 -> 0 | I91: =$D91 -> 0 | J91: =$D91 -> 0 | K91: =$D91 -> 0 | L91: =$D91 -> 0 | M91: =$D91 -> 0 | ... Q91: =$D91 -> 0 | R91: =SUM(F91:Q91) -> 0 | T91: =R91 -> 0
A92: Inhouse Training/Employee Recognition/Workshops | C92: 0 | D92: =C92/12 -> 0 | F92: =$D92 -> 0 | G92: =$D92 -> 0 | H92: =$D92 -> 0 | I92: =$D92 -> 0 | J92: =$D92 -> 0 | K92: =$D92 -> 0 | L92: =$D92 -> 0 | M92: =$D92 -> 0 | ... Q92: =$D92 -> 0 | R92: =SUM(F92:Q92) -> 0 | T92: =R92 -> 0
A93: Bus Stop Maintenance | C93: 0 | D93: =C93/12 -> 0 | F93: =$D93 -> 0 | G93: =$D93 -> 0 | H93: =$D93 -> 0 | I93: =$D93 -> 0 | J93: =$D93 -> 0 | K93: =$D93 -> 0 | L93: =$D93 -> 0 | M93: =$D93 -> 0 | ... Q93: =$D93 -> 0 | R93: =SUM(F93:Q93) -> 0 | T93: =R93 -> 0
A94: Office Supplies | C94: 0 | D94: =C94/12 -> 0 | F94: =$D94 -> 0 | G94: =$D94 -> 0 | H94: =$D94 -> 0 | I94: =$D94 -> 0 | J94: =$D94 -> 0 | K94: =$D94 -> 0 | L94: =$D94 -> 0 | M94: =$D94 -> 0 | ... Q94: =$D94 -> 0 | R94: =SUM(F94:Q94) -> 0 | T94: =R94 -> 0 | V94: =+C94 -> 0
A95: Memberships | C95: 0 | D95: =C95/12 -> 0 | F95: =$D95 -> 0 | G95: =$D95 -> 0 | H95: =$D95 -> 0 | I95: =$D95 -> 0 | J95: =$D95 -> 0 | K95: =$D95 -> 0 | L95: =$D95 -> 0 | M95: =$D95 -> 0 | ... Q95: =$D95 -> 0 | R95: =SUM(F95:Q95) -> 0 | T95: =R95 -> 0
A96: Drug/Alcohol Testing/Physicals/Backgrond Checks | C96: 0 | D96: =C96/12 -> 0 | F96: =$D96 -> 0 | G96: =$D96 -> 0 | H96: =$D96 -> 0 | I96: =$D96 -> 0 | J96: =$D96 -> 0 | K96: =$D96 -> 0 | L96: =$D96 -> 0 | M96: =$D96 -> 0 | ... Q96: =$D96 -> 0 | R96: =SUM(F96:Q96) -> 0 | T96: =R96 -> 0 | V96: =+C96 -> 0
A97: Other | C97: 0 | D97: =C97/12 -> 0 | F97: =$D97 -> 0 | G97: =$D97 -> 0 | H97: =$D97 -> 0 | I97: =$D97 -> 0 | J97: =$D97 -> 0 | K97: =$D97 -> 0 | L97: =$D97 -> 0 | M97: =$D97 -> 0 | ... Q97: =$D97 -> 0 | R97: =SUM(F97:Q97) -> 0 | T97: =R97 -> 0
A98: Other | C98: 0 | D98: =C98/12 -> 0 | F98: =$D98 -> 0 | G98: =$D98 -> 0 | H98: =$D98 -> 0 | I98: =$D98 -> 0 | J98: =$D98 -> 0 | K98: =$D98 -> 0 | L98: =$D98 -> 0 | M98: =$D98 -> 0 | ... Q98: =$D98 -> 0 | R98: =SUM(F98:Q98) -> 0 | T98: =R98 -> 0
A99: Other | C99: 0 | D99: =C99/12 -> 0 | F99: =$D99 -> 0 | G99: =$D99 -> 0 | H99: =$D99 -> 0 | I99: =$D99 -> 0 | J99: =$D99 -> 0 | K99: =$D99 -> 0 | L99: =$D99 -> 0 | M99: =$D99 -> 0 | ... Q99: =$D99 -> 0 | R99: =SUM(F99:Q99) -> 0 | T99: =R99 -> 0
A100: Other | C100: 0 | D100: =C100/12 -> 0 | F100: =$D100 -> 0 | G100: =$D100 -> 0 | H100: =$D100 -> 0 | I100: =$D100 -> 0 | J100: =$D100 -> 0 | K100: =$D100 -> 0 | L100: =$D100 -> 0 | M100: =$D100 -> 0 | ... Q100: =$D100 -> 0 | R100: =SUM(F100:Q100) -> 0 | T100: =R100 -> 0
A101: Total Administrative Services | C101: =SUM(C6:C100) -> 0 | D101: =SUM(D6:D100) -> 0 | F101: =SUM(F6:F100) -> 0 | G101: =SUM(G6:G100) -> 0 | H101: =SUM(H6:H100) -> 0 | I101: =SUM(I6:I100) -> 0 | J101: =SUM(J6:J100) -> 0 | K101: =SUM(K6:K100) -> 0 | L101: =SUM(L6:L100) -> 0 | M101: =SUM(M6:M100) -> 0 | ... R101: =SUM(R6:R100) -> 0 | T101: =SUM(T6:T100) -> 0 | V101: =SUM(V6:V100) -> 0
...

Sheet Benefits and Salary Taxes
A1: Wage Tax Calulations | N1: 2026 | P1: 2027 | R1: 2028 | T1: 2029 | V1: 2030
C2: As a Percent of Total Wage | L2: Salary | M2: Name | N2: Annual | O2: wage/hr | P2: Annual | Q2: wage/hr | R2: Annual | S2: wage/hr | T2: Annual | U2: wage/hr | V2: Annual | W2: wage/hr
C3: Employee Pays | D3: Employer Pays | K3: 1 | L3: Transit Mgr Wage | P3: {=P3:Q37} -> 0 | R3: {=R3:S37} -> 0 | T3: {=T3:U37} -> 0 | V3: {=V3:W37} -> 0
A4: Social Security | C4: 0.062 | D4: 0.062 | F4: For Budgeting Purposes calculate tax on Gross Income. | K4: 2 | L4: Supervisor Wage
A5: Unemployment | C5: 0 | D5: 0.03 | K5: 3 | L5: Dispatch wage | N5: =+O5*2080 -> 0
A6: Medicare | C6: 0.0145 | D6: 0.0145 | F6: For Budgeting Purposes calculate tax on Gross Income. | K6: 4 | L6: Utility Worker | N6: =+O6*2080 -> 0
A7: Total | C7: =SUM(C4:C6) -> 0.0765 | D7: =SUM(D4:D6) -> 0.1065 | K7: 5 | L7: Driver Wage | N7: =+O7*2080 -> 0
K8: 6 | L8: Janitor | N8: =+O8*2080 -> 0
K9: 7 | L9: employee | N9: =+O9*2080 -> 0
A10: Workmans Compensation Plan | F10: Vehicle Replacement | K10: 8 | L10: employee | N10: =+O10*2080 -> 0
A11: Workmans Comp | D11: 0.065 | F11: Cutaway Buses | H11: 100000 | I11: 110000 | K11: 9 | L11: employee | N11: =+O11*2080 -> 0
F12: Vans | H12: 40000 | I12: 44000 | K12: 10 | L12: employee | N12: =+O12*2080 -> 0
K13: 11 | L13: employee | N13: =+O13*2080 -> 0
K14: 12 | L14: employee | N14: =+O14*2080 -> 0
A15: Fringe Benefits | K15: 13 | L15: employee | N15: =+O15*2080 -> 0
A16: Health Care (Tiered Cash Benefit Plan) | E16: 0 | F16: per month | K16: 14 | L16: employee | N16: =+O16*2080 -> 0
A17: Retirement Plan (Maximum Agency Match) | E17: 0 | K17: 15 | L17: employee | N17: =+O17*2080 -> 0
A18: Other | K18: 16 | L18: employee | N18: =+O18*2080 -> 0
K19: 17 | L19: employee | N19: =+O19*2080 -> 0
K20: 18 | L20: employee | N20: =+O20*2080 -> 0
K21: 19 | L21: employee | N21: =+O21*2080 -> 0
A22: INSTRUCTIONS | K22: 20 | L22: employee | N22: =+O22*2080 -> 0
B23: This tab feeds into the formulas on the 2026 and 2027 budget tabs. | K23: 21 | L23: employee | N23: =+O23*2080 -> 0
B24: The above cells with peach coloring need to updated with your local agency costs. | K24: 22 | L24: employee | N24: =+O24*2080 -> 0
C25: You may need your Human Resources staff to give you this information if you do not do payroll. | K25: 23 | L25: employee | N25: =+O25*2080 -> 0
K26: 24 | L26: employee | N26: =+O26*2080 -> 0
C27: Examples are in the boxes now. | K27: 25 | L27: employee | N27: =+O27*2080 -> 0
K28: 26 | L28: employee | N28: =+O28*2080 -> 0
K29: 27 | L29: employee | N29: =+O29*2080 -> 0
K30: 28 | L30: employee | N30: =+O30*2080 -> 0
K31: 29 | L31: employee | N31: =+O31*2080 -> 0
K32: 30 | L32: employee | N32: =+O32*2080 -> 0
K33: 31 | L33: employee | N33: =+O33*2080 -> 0
K34: 32 | L34: employee | N34: =+O34*2080 -> 0
K35: 33 | L35: employee | N35: =+O35*2080 -> 0
K36: 34 | L36: employee | N36: =+O36*2080 -> 0
K37: 35 | L37: employee | N37: =+O37*2080 -> 0
I38: add names as needed

Sheet fleet list
B1: VIN (last 4) | C1: Vehicle # | D1: Year | E1: Make | F1: Model | G1: Mileage | H1: Mileage Date | I1: Pass Seats | J1: wheelchair ties | K1: Condition | L1: Purchase Cost | M1: Replacement Year | N1: Replacement Cost
A2: 1
A3: 2
A4: 3
A5: 4
A6: 5
A7: 6
A8: 7
A9: 8
A10: 9
A11: 10
A12: 11
A13: 12
... A60: 59
